Workbook

Sheet Смета 12 гр. по ФЕР
A1: =Source!B1 -> Smeta.RU (495) 974-1589 | J1: ПРИЛОЖЕНИЕ 1 к ФОРМЕ 6
B5: =CONCATENATE( "ЛОКАЛЬНАЯ СМЕТА ",IF(Source!F20<>"Новая локальная смета", Source!F20, "")) -> ЛОКАЛЬНАЯ СМЕТА
B7: =IF(Source!G20<>"Новая локальная смета", Source!G20, "")
B9: на капитальный ремонт помещения №8 спортивного корпуса №5, №6, №7, №8 вспомогательных спортивных и хозяйственных помещений Снежинского физико-технического института - филиала НИЯУ МИФИ (СФТИ НИЯУ МИФИ) по адресу: Челябинская обл., г. Снежинск, ул. Комсомольская, д. 8 | AD9: =IF(Source!G12<>"Новый объект", Source!G12, "") -> на капитальный ремонт помещения №8 спортивного корпуса №5, №6, №7, №8 вспомогательных спортивных и хозяйственных помещений Снежинского физико-технического института - филиала НИЯУ МИФИ (СФТИ НИЯУ МИФИ) по адресу: Челябинская область, г. Снежинск, ул. Комсомольская, д. 8
B10: (наименование работ и затрат, наименование объекта)
G12: базовая цена | I12: текущая цена
C13: Сметная стоимость | G13: =SUM(O22:O979)/1000 -> 684.0894 | I13: =(Source!F406/1000) -> 4933.8223 | K13: тыс. руб.
C14: Строительные работы | G14: =SUM(W22:W979)/1000 -> 659.46778 | I14: =(Source!F393)/1000 -> 4030.7674 | K14: тыс. руб.
C15: Монтажные работы | G15: =SUM(X22:X979)/1000 -> 24.62162 | I15: =(Source!F394)/1000 -> 150.43795 | K15: тыс. руб.
C16: Нормативная трудоемкость | G16: =I16 -> 5534.1157 | I16: =(Source!F398+Source!F399) -> 5534.1157 | K16: чел. -ч.
C17: Средства на оплату труда | G17: =SUM(R22:R979)/1000 -> 48.83595 | I17: =(Source!F391+ Source!F390)/1000 -> 298.3878 | K17: тыс. руб.
A19: Составлена в ценах II квартал 2018 года
A20: № п/п | B20: Шифр расценки и коды ресурсов | C20: Наименование работ и затрат | D20: Ед. изм. | E20: Кол-во единиц | F20: Цена на ед. изм. | G20: Попра-вочные коэфф. | H20: Стоимость в ценах 2001г. | I20: Пункт коэфф. пересчета | J20: Коэфф. пересчета | K20: Стоимость в текущих ценах | L20: ЗТР всего чел.-час
A21: 1 | B21: 2 | C21: 3 | D21: 4 | E21: 5 | F21: 6 | G21: 7 | H21: 8 | I21: 9 | J21: 10 | K21: 11 | L21: 12
A23: =CONCATENATE("Раздел: ",IF(Source!G24<>"Новый раздел", Source!G24, "")) -> Раздел: 1 Общестроительные работы
A24: =Source!E28 -> 1 | B24: =Source!F28 -> 08-07-001-02 | C24: =Source!G28 -> Установка и разборка наружных инвентарных лесов высотой до 16 м трубчатых для прочих отделочных работ (Высота =6,7м) | D24: =Source!H28 -> 100 м2 | E24: =Source!I28 -> 2.94 | F24: =Source!AL28+Source!AM28+Source!AO28 -> 500.19 | I24: =Source!BO28 | S24: =ROUND((Source!FX28/100)*((ROUND(Source!AF28*Source!I28, 2)+ROUND(Source!AE28*Source!I28, 2))), 2) -> 1398.52 | T24: =Source!X28 -> 8560.51 | U24: =ROUND((Source!FY28/100)*((ROUND(Source!AF28*Source!I28, 2)+ROUND(Source!AE28*Source!I28, 2))), 2) -> 866.12 | V24: =Source!Y28 -> 5291.95
C25: ="Объем: "&Source!I28&"=294/"&"100" -> Объем: 2,94=294/100
C26: Зарплата | F26: =Source!AO28 -> 375.84 | G26: =Source!DG28 -> )*1,15 | H26: =ROUND(Source!AF28*Source!I28, 2) -> 1270.73 | J26: =IF(Source!BA28<> 0, Source!BA28, 1) -> 6.11 | K26: =Source!S28 -> 7764.14 | R26: =H26 -> 1270.73
C27: Эксплуатация машин | F27: =Source!AM28 -> 4.6 | G27: =Source!DE28 -> )*1,25 | H27: =ROUND(Source!AD28*Source!I28, 2) -> 16.91 | J27: =IF(Source!BB28<> 0, Source!BB28, 1) -> 6.11 | K27: =Source!Q28 -> 103.29
C28: в т.ч. зарплата машинистов | F28: =Source!AN28 -> 0.81 | G28: =Source!DF28 -> )*1,25 | H28: =ROUND(Source!AE28*Source!I28, 2) -> 2.97 | J28: =IF(Source!BS28<> 0, Source!BS28, 1) -> 6.11 | K28: =Source!R28 -> 18.14 | R28: =H28 -> 2.97
C29: Материальные ресурсы | F29: =Source!AL28 -> 119.75 | G29: =Source!DD28 | H29: =ROUND(Source!AC28*Source!I28, 2) -> 352.07 | J29: =IF(Source!BC28<> 0, Source!BC28, 1) -> 6.11 | K29: =Source!P28 -> 2151.12
C30: НР от ФОТ | D30: % | E30: =Source!BZ28 -> 122 | F30: =CONCATENATE(" )", Source!DL28, Source!FT28, "=", Source!FX28) -> )*0,9=109,8 | H30: =SUM(S24:S32) -> 1398.52 | J30: =Source!AT28 -> 110 | K30: =SUM(T24:T32) -> 8560.51
C31: СП от ФОТ | D31: % | E31: =Source!CA28 -> 80 | F31: =CONCATENATE(" )", Source!DM28, Source!FU28, "=", Source!FY28) -> )*0,85=68 | H31: =SUM(U24:U32) -> 866.12 | J31: =Source!AU28 -> 68 | K31: =SUM(V24:V32) -> 5291.95
C32: Затраты труда | D32: чел-ч | E32: =Source!AQ28 -> 43.5 | G32: =Source!DI28 -> )*1,15 | L32: =Source!U28 -> 147.0735
G33: =H26+H27+H29+H30+H31 -> 3904.35 | J33: =K26+K27+K29+K30+K31 -> 23871.01 | L33: =Source!U28 -> 147.0735 | O33: =G33 -> 3904.35 | P33: =J33 -> 23871.01 | Q33: =L33 -> 147.0735 | W33: =IF(Source!BI28<=1,H26+H27+H29+H30+H31, 0) -> 3904.35 | X33: =IF(Source!BI28=2,H26+H27+H29+H30+H31, 0) -> 0 | Y33: =IF(Source!BI28=3,H26+H27+H29+H30+H31, 0) -> 0 | Z33: =IF(Source!BI28=4,H26+H27+H29+H30+H31, 0) -> 0
A34: =Source!E29 -> 2 | B34: =Source!F29 -> 09-06-001-02 | C34: =Source!G29 -> Демонтаж:Монтаж лотков, решеток, затворов из полосовой и тонколистовой стали 1м2=7кг ( с последующем монтажом) | D34: =Source!H29 -> т | E34: =Source!I29 -> 0.3654 | F34: =Source!AL29+Source!AM29+Source!AO29 -> 641 | I34: =Source!BO29 | S34: =ROUND((Source!FX29/100)*((ROUND(Source!AF29*Source!I29, 2)+ROUND(Source!AE29*Source!I29, 2))), 2) -> 90.55 | T34: =Source!X29 -> 553.26 | U34: =ROUND((Source!FY29/100)*((ROUND(Source!AF29*Source!I29, 2)+ROUND(Source!AE29*Source!I29, 2))), 2) -> 80.77 | V34: =Source!Y29 -> 491.79
C35: Зарплата | F35: =Source!AO29 -> 433.24 | G35: =Source!DG29 -> )*0,7 | H35: =ROUND(Source!AF29*Source!I29, 2) -> 110.81 | J35: =IF(Source!BA29<> 0, Source!BA29, 1) -> 6.11 | K35: =Source!S29 -> 677.08 | R35: =H35 -> 110.81
C36: Эксплуатация машин | F36: =Source!AM29 -> 125.8 | G36: =Source!DE29 -> )*0,7 | H36: =ROUND(Source!AD29*Source!I29, 2) -> 32.18 | J36: =IF(Source!BB29<> 0, Source!BB29, 1) -> 6.11 | K36: =Source!Q29 -> 196.6
C37: в т.ч. зарплата машинистов | F37: =Source!AN29 -> 3.82 | G37: =Source!DF29 -> )*0,7 | H37: =ROUND(Source!AE29*Source!I29, 2) -> 0.98 | J37: =IF(Source!BS29<> 0, Source!BS29, 1) -> 6.11 | K37: =Source!R29 -> 5.96 | R37: =H37 -> 0.98
C38: НР от ФОТ | D38: % | E38: =Source!BZ29 -> 90 | F38: =CONCATENATE(" )", Source!DL29, Source!FT29, "=", Source!FX29) -> )*0,9=81 | H38: =SUM(S34:S40) -> 90.55 | J38: =Source!AT29 -> 81 | K38: =SUM(T34:T40) -> 553.26
C39: СП от ФОТ | D39: % | E39: =Source!CA29 -> 85 | F39: =CONCATENATE(" )", Source!DM29, Source!FU29, "=", Source!FY29) -> )*0,85=72,25 | H39: =SUM(U34:U40) -> 80.77 | J39: =Source!AU29 -> 72 | K39: =SUM(V34:V40) -> 491.79
C40: Затраты труда | D40: чел-ч | E40: =Source!AQ29 -> 50.79 | G40: =Source!DI29 -> )*0,7 | L40: =Source!U29 -> 12.991066
G41: =H35+H36+H38+H39 -> 314.31 | J41: =K35+K36+K38+K39 -> 1918.73 | L41: =Source!U29 -> 12.991066 | O41: =G41 -> 314.31 | P41: =J41 -> 1918.73 | Q41: =L41 -> 12.991066 | W41: =IF(Source!BI29<=1,H35+H36+H38+H39, 0) -> 314.31 | X41: =IF(Source!BI29=2,H35+H36+H38+H39, 0) -> 0 | Y41: =IF(Source!BI29=3,H35+H36+H38+H39, 0) -> 0 | Z41: =IF(Source!BI29=4,H35+H36+H38+H39, 0) -> 0
A42: =Source!E30 -> 3 | B42: =Source!F30 -> 57-3-1 | C42: =Source!G30 -> Разборка плинтусов деревянных и из пластмассовых материалов | D42: =Source!H30 -> 100 м | E42: =Source!I30 -> 1.7675 | F42: =Source!AL30+Source!AM30+Source!AO30 -> 29.41 | I42: =Source!BO30 | S42: =ROUND((Source!FX30/100)*((ROUND(Source!AF30*Source!I30, 2)+ROUND(Source!AE30*Source!I30, 2))), 2) -> 41.58 | T42: =Source!X30 -> 254.09 | U42: =ROUND((Source!FY30/100)*((ROUND(Source!AF30*Source!I30, 2)+ROUND(Source!AE30*Source!I30, 2))), 2) -> 35.35 | V42: =Source!Y30 -> 215.97
C43: ="Объем: "&Source!I30&"=176,75/"&"100" -> Объем: 1,7675=176,75/100
C44: Зарплата | F44: =Source!AO30 -> 29.41 | G44: =Source!DG30 | H44: =ROUND(Source!AF30*Source!I30, 2) -> 51.98 | J44: =IF(Source!BA30<> 0, Source!BA30, 1) -> 6.11 | K44: =Source!S30 -> 317.61 | R44: =H44 -> 51.98
C45: НР от ФОТ | D45: % | E45: =Source!BZ30 -> 80 | H45: =SUM(S42:S47) -> 41.58 | J45: =Source!AT30 -> 80 | K45: =SUM(T42:T47) -> 254.09
C46: СП от ФОТ | D46: % | E46: =Source!CA30 -> 68 | H46: =SUM(U42:U47) -> 35.35 | J46: =Source!AU30 -> 68 | K46: =SUM(V42:V47) -> 215.97
C47: Затраты труда | D47: чел-ч | E47: =Source!AQ30 -> 3.77 | G47: =Source!DI30 | L47: =Source!U30 -> 6.663475
G48: =H44+H45+H46 -> 128.91 | J48: =K44+K45+K46 -> 787.67 | L48: =Source!U30 -> 6.663475 | O48: =G48 -> 128.91 | P48: =J48 -> 787.67 | Q48: =L48 -> 6.663475 | W48: =IF(Source!BI30<=1,H44+H45+H46, 0) -> 128.91 | X48: =IF(Source!BI30=2,H44+H45+H46, 0) -> 0 | Y48: =IF(Source!BI30=3,H44+H45+H46, 0) -> 0 | Z48: =IF(Source!BI30=4,H44+H45+H46, 0) -> 0
A49: =Source!E31 -> 4 | B49: =Source!F31 -> 57-1-3 | C49: =Source!G31 -> Разборка оснований покрытия полов простильных полов включая порога со ступенью,порога из досок. | D49: =Source!H31 -> 100 м2 | E49: =Source!I31 -> 2.9709 | F49: =Source!AL31+Source!AM31+Source!AO31 -> 136.03 | I49: =Source!BO31 | S49: =ROUND((Source!FX31/100)*((ROUND(Source!AF31*Source!I31, 2)+ROUND(Source!AE31*Source!I31, 2))), 2) -> 323.3 | T49: =Source!X31 -> 1975.39 | U49: =ROUND((Source!FY31/100)*((ROUND(Source!AF31*Source!I31, 2)+ROUND(Source!AE31*Source!I31, 2))), 2) -> 274.81 | V49: =Source!Y31 -> 1679.08
C50: ="Объем: "&Source!I31&"=(294+"&"0,75+"&"2,34)/"&"100" -> Объем: 2,9709=(294+0,75+2,34)/100
C51: Зарплата | F51: =Source!AO31 -> 136.03 | G51: =Source!DG31 | H51: =ROUND(Source!AF31*Source!I31, 2) -> 404.13 | J51: =IF(Source!BA31<> 0, Source!BA31, 1) -> 6.11 | K51: =Source!S31 -> 2469.24 | R51: =H51 -> 404.13
C52: НР от ФОТ | D52: % | E52: =Source!BZ31 -> 80 | H52: =SUM(S49:S54) -> 323.3 | J52: =Source!AT31 -> 80 | K52: =SUM(T49:T54) -> 1975.39
C53: СП от ФОТ | D53: % | E53: =Source!CA31 -> 68 | H53: =SUM(U49:U54) -> 274.81 | J53: =Source!AU31 -> 68 | K53: =SUM(V49:V54) -> 1679.08
C54: Затраты труда | D54: чел-ч | E54: =Source!AQ31 -> 17.44 | G54: =Source!DI31 | L54: =Source!U31 -> 51.812496
G55: =H51+H52+H53 -> 1002.24 | J55: =K51+K52+K53 -> 6123.71 | L55: =Source!U31 -> 51.812496 | O55: =G55 -> 1002.24 | P55: =J55 -> 6123.71 | Q55: =L55 -> 51.812496 | W55: =IF(Source!BI31<=1,H51+H52+H53, 0) -> 1002.24 | X55: =IF(Source!BI31=2,H51+H52+H53, 0) -> 0 | Y55: =IF(Source!BI31=3,H51+H52+H53, 0) -> 0 | Z55: =IF(Source!BI31=4,H51+H52+H53, 0) -> 0
A56: =Source!E32 -> 5 | B56: =Source!F32 -> 57-1-2 | C56: =Source!G32 -> Разборка оснований покрытия полов лаг из досок и брусков | D56: =Source!H32 -> 100 м2 | E56: =Source!I32 -> 2.94 | F56: =Source!AL32+Source!AM32+Source!AO32 -> 59.83 | I56: =Source!BO32 | S56: =ROUND((Source!FX32/100)*((ROUND(Source!AF32*Source!I32, 2)+ROUND(Source!AE32*Source!I32, 2))), 2) -> 140.72 | T56: =Source!X32 -> 859.8 | U56: =ROUND((Source!FY32/100)*((ROUND(Source!AF32*Source!I32, 2)+ROUND(Source!AE32*Source!I32, 2))), 2) -> 119.61 | V56: =Source!Y32 -> 730.83
C57: Зарплата | F57: =Source!AO32 -> 59.83 | G57: =Source!DG32 | H57: =ROUND(Source!AF32*Source!I32, 2) -> 175.9 | J57: =IF(Source!BA32<> 0, Source!BA32, 1) -> 6.11 | K57: =Source!S32 -> 1074.75 | R57: =H57 -> 175.9
C58: НР от ФОТ | D58: % | E58: =Source!BZ32 -> 80 | H58: =SUM(S56:S60) -> 140.72 | J58: =Source!AT32 -> 80 | K58: =SUM(T56:T60) -> 859.8
C59: СП от ФОТ | D59: % | E59: =Source!CA32 -> 68 | H59: =SUM(U56:U60) -> 119.61 | J59: =Source!AU32 -> 68 | K59: =SUM(V56:V60) -> 730.83
C60: Затраты труда | D60: чел-ч | E60: =Source!AQ32 -> 7.67 | G60: =Source!DI32 | L60: =Source!U32 -> 22.5498
G61: =H57+H58+H59 -> 436.23 | J61: =K57+K58+K59 -> 2665.38 | L61: =Source!U32 -> 22.5498 | O61: =G61 -> 436.23 | P61: =J61 -> 2665.38 | Q61: =L61 -> 22.5498 | W61: =IF(Source!BI32<=1,H57+H58+H59, 0) -> 436.23 | X61: =IF(Source!BI32=2,H57+H58+H59, 0) -> 0 | Y61: =IF(Source!BI32=3,H57+H58+H59, 0) -> 0 | Z61: =IF(Source!BI32=4,H57+H58+H59, 0) -> 0
A62: =Source!E33 -> 6 | B62: =Source!F33 -> 57-1-1 | C62: =Source!G33 -> Разборка оснований покрытия полов кирпичных столбиков под лаги | D62: =Source!H33 -> 100 м2 | E62: =Source!I33 -> 2.94 | F62: =Source!AL33+Source!AM33+Source!AO33 -> 67.94 | I62: =Source!BO33 | S62: =ROUND((Source!FX33/100)*((ROUND(Source!AF33*Source!I33, 2)+ROUND(Source!AE33*Source!I33, 2))), 2) -> 159.79 | T62: =Source!X33 -> 976.34 | U62: =ROUND((Source!FY33/100)*((ROUND(Source!AF33*Source!I33, 2)+ROUND(Source!AE33*Source!I33, 2))), 2) -> 135.82 | V62: =Source!Y33 -> 829.89
C63: Зарплата | F63: =Source!AO33 -> 67.94 | G63: =Source!DG33 | H63: =ROUND(Source!AF33*Source!I33, 2) -> 199.74 | J63: =IF(Source!BA33<> 0, Source!BA33, 1) -> 6.11 | K63: =Source!S33 -> 1220.43 | R63: =H63 -> 199.74
C64: НР от ФОТ | D64: % | E64: =Source!BZ33 -> 80 | H64: =SUM(S62:S66) -> 159.79 | J64: =Source!AT33 -> 80 | K64: =SUM(T62:T66) -> 976.34
C65: СП от ФОТ | D65: % | E65: =Source!CA33 -> 68 | H65: =SUM(U62:U66) -> 135.82 | J65: =Source!AU33 -> 68 | K65: =SUM(V62:V66) -> 829.89
C66: Затраты труда | D66: чел-ч | E66: =Source!AQ33 -> 8.71 | G66: =Source!DI33 | L66: =Source!U33 -> 25.6074
G67: =H63+H64+H65 -> 495.35 | J67: =K63+K64+K65 -> 3026.66 | L67: =Source!U33 -> 25.6074 | O67: =G67 -> 495.35 | P67: =J67 -> 3026.66 | Q67: =L67 -> 25.6074 | W67: =IF(Source!BI33<=1,H63+H64+H65, 0) -> 495.35 | X67: =IF(Source!BI33=2,H63+H64+H65, 0) -> 0 | Y67: =IF(Source!BI33=3,H63+H64+H65, 0) -> 0 | Z67: =IF(Source!BI33=4,H63+H64+H65, 0) -> 0
A68: =Source!E34 -> 7 | B68: =Source!F34 -> 46-04-012-03 | C68: =Source!G34 -> Разборка деревянных заполнений проемов дверных и воротных | D68: =Source!H34 -> 100 м2 | E68: =Source!I34 -> 0.1595 | F68: =Source!AL34+Source!AM34+Source!AO34 -> 1082.58 | I68: =Source!BO34 | S68: =ROUND((Source!FX34/100)*((ROUND(Source!AF34*Source!I34, 2)+ROUND(Source!AE34*Source!I34, 2))), 2) -> 149.24 | T68: =Source!X34 -> 911.85 | U68: =ROUND((Source!FY34/100)*((ROUND(Source!AF34*Source!I34, 2)+ROUND(Source!AE34*Source!I34, 2))), 2) -> 89.7 | V68: =Source!Y34 -> 552.64
C69: ="Объем: "&Source!I34&"=(3,27+"&"2,55+"&"3,31+"&"3,7+"&"3,12)/"&"100" -> Объем: 0,1595=(3,27+2,55+3,31+3,7+3,12)/100
C70: Зарплата | F70: =Source!AO34 -> 840.63 | G70: =Source!DG34 | H70: =ROUND(Source!AF34*Source!I34, 2) -> 134.08 | J70: =IF(Source!BA34<> 0, Source!BA34, 1) -> 6.11 | K70: =Source!S34 -> 819.23 | R70: =H70 -> 134.08
C71: Эксплуатация машин | F71: =Source!AM34 -> 241.95 | G71: =Source!DE34 | H71: =ROUND(Source!AD34*Source!I34, 2) -> 38.59 | J71: =IF(Source!BB34<> 0, Source!BB34, 1) -> 6.11 | K71: =Source!Q34 -> 235.79
C72: в т.ч. зарплата машинистов | F72: =Source!AN34 -> 104.49 | G72: =Source!DF34 | H72: =ROUND(Source!AE34*Source!I34, 2) -> 16.67 | J72: =IF(Source!BS34<> 0, Source!BS34, 1) -> 6.11 | K72: =Source!R34 -> 101.83 | R72: =H72 -> 16.67
C73: НР от ФОТ | D73: % | E73: =Source!BZ34 -> 110 | F73: =CONCATENATE(" )", Source!DL34, Source!FT34, "=", Source!FX34) -> )*0,9=99 | H73: =SUM(S68:S75) -> 149.24 | J73: =Source!AT34 -> 99 | K73: =SUM(T68:T75) -> 911.85
C74: СП от ФОТ | D74: % | E74: =Source!CA34 -> 70 | F74: =CONCATENATE(" )", Source!DM34, Source!FU34, "=", Source!FY34) -> )*0,85=59,5 | H74: =SUM(U68:U75) -> 89.7 | J74: =Source!AU34 -> 60 | K74: =SUM(V68:V75) -> 552.64
C75: Затраты труда | D75: чел-ч | E75: =Source!AQ34 -> 103.91 | G75: =Source!DI34 | L75: =Source!U34 -> 16.573645
G76: =H70+H71+H73+H74 -> 411.61 | J76: =K70+K71+K73+K74 -> 2519.51 | L76: =Source!U34 -> 16.573645 | O76: =G76 -> 411.61 | P76: =J76 -> 2519.51 | Q76: =L76 -> 16.573645 | W76: =IF(Source!BI34<=1,H70+H71+H73+H74, 0) -> 411.61 | X76: =IF(Source!BI34=2,H70+H71+H73+H74, 0) -> 0 | Y76: =IF(Source!BI34=3,H70+H71+H73+H74, 0) -> 0 | Z76: =IF(Source!BI34=4,H70+H71+H73+H74, 0) -> 0
A77: =Source!E35 -> 8 | B77: =Source!F35 -> 09-04-012-01 | C77: =Source!G35 -> Демонтаж: Установка металлических дверных блоков из готовых проемов | D77: =Source!H35 -> м2 | E77: =Source!I35 -> 2.54 | F77: =Source!AL35+Source!AM35+Source!AO35 -> 63.94 | I77: =Source!BO35 | S77: =ROUND((Source!FX35/100)*((ROUND(Source!AF35*Source!I35, 2)+ROUND(Source!AE35*Source!I35, 2))), 2) -> 37.14 | T77: =Source!X35 -> 226.91 | U77: =ROUND((Source!FY35/100)*((ROUND(Source!AF35*Source!I35, 2)+ROUND(Source!AE35*Source!I35, 2))), 2) -> 33.13 | V77: =Source!Y35 -> 201.69
C78: Зарплата | F78: =Source!AO35 -> 23.81 | G78: =Source!DG35 -> )*0,7 | H78: =ROUND(Source!AF35*Source!I35, 2) -> 42.34 | J78: =IF(Source!BA35<> 0, Source!BA35, 1) -> 6.11 | K78: =Source!S35 -> 258.71 | R78: =H78 -> 42.34
C79: Эксплуатация машин | F79: =Source!AM35 -> 14.41 | G79: =Source!DE35 -> )*0,7 | H79: =ROUND(Source!AD35*Source!I35, 2) -> 25.63 | J79: =IF(Source!BB35<> 0, Source!BB35, 1) -> 6.11 | K79: =Source!Q35 -> 156.59
C80: в т.ч. зарплата машинистов | F80: =Source!AN35 -> 1.97 | G80: =Source!DF35 -> )*0,7 | H80: =ROUND(Source!AE35*Source!I35, 2) -> 3.51 | J80: =IF(Source!BS35<> 0, Source!BS35, 1) -> 6.11 | K80: =Source!R35 -> 21.42 | R80: =H80 -> 3.51
C81: НР от ФОТ | D81: % | E81: =Source!BZ35 -> 90 | F81: =CONCATENATE(" )", Source!DL35, Source!FT35, "=", Source!FX35) -> )*0,9=81 | H81: =SUM(S77:S83) -> 37.14 | J81: =Source!AT35 -> 81 | K81: =SUM(T77:T83) -> 226.91
C82: СП от ФОТ | D82: % | E82: =Source!CA35 -> 85 | F82: =CONCATENATE(" )", Source!DM35, Source!FU35, "=", Source!FY35) -> )*0,85=72,25 | H82: =SUM(U77:U83) -> 33.13 | J82: =Source!AU35 -> 72 | K82: =SUM(V77:V83) -> 201.69
C83: Затраты труда | D83: чел-ч | E83: =Source!AQ35 -> 2.4 | G83: =Source!DI35 -> )*0,7 | L83: =Source!U35 -> 4.2672
G84: =H78+H79+H81+H82 -> 138.24 | J84: =K78+K79+K81+K82 -> 843.9 | L84: =Source!U35 -> 4.2672 | O84: =G84 -> 138.24 | P84: =J84 -> 843.9 | Q84: =L84 -> 4.2672 | W84: =IF(Source!BI35<=1,H78+H79+H81+H82, 0) -> 138.24 | X84: =IF(Source!BI35=2,H78+H79+H81+H82, 0) -> 0 | Y84: =IF(Source!BI35=3,H78+H79+H81+H82, 0) -> 0 | Z84: =IF(Source!BI35=4,H78+H79+H81+H82, 0) -> 0
A85: =Source!E36 -> 9 | B85: =Source!F36 -> 10-01-014-04 прим. | C85: =Source!G36 -> Демонтаж: Устройство чистых перегородок каркасных с обшивкой фанерой с одной стороны (Экраны) | D85: =Source!H36 -> 100 м2 | E85: =Source!I36 -> 0.73 | F85: =Source!AL36+Source!AM36+Source!AO36 -> 4094.31 | I85: =Source!BO36 | S85: =ROUND((Source!FX36/100)*((ROUND(Source!AF36*Source!I36, 2)+ROUND(Source!AE36*Source!I36, 2))), 2) -> 579.96 | T85: =Source!X36 -> 3536.86 | U85: =ROUND((Source!FY36/100)*((ROUND(Source!AF36*Source!I36, 2)+ROUND(Source!AE36*Source!I36, 2))), 2) -> 292.44 | V85: =Source!Y36 -> 1801.8
C86: ="Объем: "&Source!I36&"=73/"&"100" -> Объем: 0,73=73/100
C87: Зарплата | F87: =Source!AO36 -> 933.12 | G87: =Source!DG36 -> )*0,8 | H87: =ROUND(Source!AF36*Source!I36, 2) -> 544.95 | J87: =IF(Source!BA36<> 0, Source!BA36, 1) -> 6.11 | K87: =Source!S36 -> 3329.61 | R87: =H87 -> 544.95
C88: Эксплуатация машин | F88: =Source!AM36 -> 11.17 | G88: =Source!DE36 -> )*0,8 | H88: =ROUND(Source!AD36*Source!I36, 2) -> 6.53 | J88: =IF(Source!BB36<> 0, Source!BB36, 1) -> 6.11 | K88: =Source!Q36 -> 39.88
C89: в т.ч. зарплата машинистов | F89: =Source!AN36 -> 1.97 | G89: =Source!DF36 -> )*0,8 | H89: =ROUND(Source!AE36*Source!I36, 2) -> 1.15 | J89: =IF(Source!BS36<> 0, Source!BS36, 1) -> 6.11 | K89: =Source!R36 -> 7.05 | R89: =H89 -> 1.15
C90: НР от ФОТ | D90: % | E90: =Source!BZ36 -> 118 | F90: =CONCATENATE(" )", Source!DL36, Source!FT36, "=", Source!FX36) -> )*0,9=106,2 | H90: =SUM(S85:S92) -> 579.96 | J90: =Source!AT36 -> 106 | K90: =SUM(T85:T92) -> 3536.86
C91: СП от ФОТ | D91: % | E91: =Source!CA36 -> 63 | F91: =CONCATENATE(" )", Source!DM36, Source!FU36, "=", Source!FY36) -> )*0,85=53,55 | H91: =SUM(U85:U92) -> 292.44 | J91: =Source!AU36 -> 54 | K91: =SUM(V85:V92) -> 1801.8
C92: Затраты труда | D92: чел-ч | E92: =Source!AQ36 -> 108 | G92: =Source!DI36 -> )*0,8 | L92: =Source!U36 -> 63.072
G93: =H87+H88+H90+H91 -> 1423.88 | J93: =K87+K88+K90+K91 -> 8708.15 | L93: =Source!U36 -> 63.072 | O93: =G93 -> 1423.88 | P93: =J93 -> 8708.15 | Q93: =L93 -> 63.072 | W93: =IF(Source!BI36<=1,H87+H88+H90+H91, 0) -> 1423.88 | X93: =IF(Source!BI36=2,H87+H88+H90+H91, 0) -> 0 | Y93: =IF(Source!BI36=3,H87+H88+H90+H91, 0) -> 0 | Z93: =IF(Source!BI36=4,H87+H88+H90+H91, 0) -> 0
A94: =Source!E37 -> 10 | B94: =Source!F37 -> 46-05-008-03 прим. | C94: =Source!G37 -> Демонтаж:Монтаж мелких металлоконструкций массой до 10 кг (Демонтаж,с сохранением для последующего монтажа, каркаса защитного экрана из труб диаметром 62 мм) | D94: =Source!H37 -> т | E94: =Source!I37 -> 0.60081 | F94: =Source!AL37+Source!AM37+Source!AO37 -> 981.19 | I94: =Source!BO37 | S94: =ROUND((Source!FX37/100)*((ROUND(Source!AF37*Source!I37, 2)+ROUND(Source!AE37*Source!I37, 2))), 2) -> 326.84 | T94: =Source!X37 -> 1997.01 | U94: =ROUND((Source!FY37/100)*((ROUND(Source!AF37*Source!I37, 2)+ROUND(Source!AE37*Source!I37, 2))), 2) -> 196.43 | V94: =Source!Y37 -> 1210.31
C95: ="Объем: "&Source!I37&"=600,81/"&"1000" -> Объем: 0,60081=600,81/1000
C96: Зарплата | F96: =Source!AO37 -> 777.45 | G96: =Source!DG37 -> )*0,7 | H96: =ROUND(Source!AF37*Source!I37, 2) -> 326.97 | J96: =IF(Source!BA37<> 0, Source!BA37, 1) -> 6.11 | K96: =Source!S37 -> 1997.8 | R96: =H96 -> 326.97
C97: Эксплуатация машин | F97: =Source!AM37 -> 119.74 | G97: =Source!DE37 -> )*0,7 | H97: =ROUND(Source!AD37*Source!I37, 2) -> 50.36 | J97: =IF(Source!BB37<> 0, Source!BB37, 1) -> 6.11 | K97: =Source!Q37 -> 307.7
C98: в т.ч. зарплата машинистов | F98: =Source!AN37 -> 7.54 | G98: =Source!DF37 -> )*0,7 | H98: =ROUND(Source!AE37*Source!I37, 2) -> 3.17 | J98: =IF(Source!BS37<> 0, Source!BS37, 1) -> 6.11 | K98: =Source!R37 -> 19.38 | R98: =H98 -> 3.17
C99: НР от ФОТ | D99: % | E99: =Source!BZ37 -> 110 | F99: =CONCATENATE(" )", Source!DL37, Source!FT37, "=", Source!FX37) -> )*0,9=99 | H99: =SUM(S94:S101) -> 326.84 | J99: =Source!AT37 -> 99 | K99: =SUM(T94:T101) -> 1997.01
C100: СП от ФОТ | D100: % | E100: =Source!CA37 -> 70 | F100: =CONCATENATE(" )", Source!DM37, Source!FU37, "=", Source!FY37) -> )*0,85=59,5 | H100: =SUM(U94:U101) -> 196.43 | J100: =Source!AU37 -> 60 | K100: =SUM(V94:V101) -> 1210.31
C101: Затраты труда | D101: чел-ч | E101: =Source!AQ37 -> 84.69 | G101: =Source!DI37 -> )*0,7 | L101: =Source!U37 -> 35.617819
G102: =H96+H97+H99+H100 -> 900.6 | J102: =K96+K97+K99+K100 -> 5512.82 | L102: =Source!U37 -> 35.617819 | O102: =G102 -> 900.6 | P102: =J102 -> 5512.82 | Q102: =L102 -> 35.617819 | W102: =IF(Source!BI37<=1,H96+H97+H99+H100, 0) -> 900.6 | X102: =IF(Source!BI37=2,H96+H97+H99+H100, 0) -> 0 | Y102: =IF(Source!BI37=3,H96+H97+H99+H100, 0) -> 0 | Z102: =IF(Source!BI37=4,H96+H97+H99+H100, 0) -> 0
A103: =Source!E38 -> 11 | B103: =Source!F38 -> 10-01-014-02 прим | C103: =Source!G38 -> Демонтаж:Устройство чистых перегородок дощатых однослойных (короб деревянный) | D103: =Source!H38 -> 100 м2 | E103: =Source!I38 -> 0.2696 | F103: =Source!AL38+Source!AM38+Source!AO38 -> 8166.64 | I103: =Source!BO38 | S103: =ROUND((Source!FX38/100)*((ROUND(Source!AF38*Source!I38, 2)+ROUND(Source!AE38*Source!I38, 2))), 2) -> 245.06 | T103: =Source!X38 -> 1494.48 | U103: =ROUND((Source!FY38/100)*((ROUND(Source!AF38*Source!I38, 2)+ROUND(Source!AE38*Source!I38, 2))), 2) -> 123.57 | V103: =Source!Y38 -> 761.34
C104: ="Объем: "&Source!I38&"=26,96/"&"100" -> Объем: 0,2696=26,96/100
C105: Зарплата | F105: =Source!AO38 -> 1049.35 | G105: =Source!DG38 -> )*0,8 | H105: =ROUND(Source!AF38*Source!I38, 2) -> 226.32 | J105: =IF(Source!BA38<> 0, Source!BA38, 1) -> 6.11 | K105: =Source!S38 -> 1382.84 | R105: =H105 -> 226.32
C106: Эксплуатация машин | F106: =Source!AM38 -> 150.68 | G106: =Source!DE38 -> )*0,8 | H106: =ROUND(Source!AD38*Source!I38, 2) -> 32.5 | J106: =IF(Source!BB38<> 0, Source!BB38, 1) -> 6.11 | K106: =Source!Q38 -> 198.58
C107: в т.ч. зарплата машинистов | F107: =Source!AN38 -> 20.52 | G107: =Source!DF38 -> )*0,8 | H107: =ROUND(Source!AE38*Source!I38, 2) -> 4.43 | J107: =IF(Source!BS38<> 0, Source!BS38, 1) -> 6.11 | K107: =Source!R38 -> 27.05 | R107: =H107 -> 4.43
C108: НР от ФОТ | D108: % | E108: =Source!BZ38 -> 118 | F108: =CONCATENATE(" )", Source!DL38, Source!FT38, "=", Source!FX38) -> )*0,9=106,2 | H108: =SUM(S103:S110) -> 245.06 | J108: =Source!AT38 -> 106 | K108: =SUM(T103:T110) -> 1494.48
...

Sheet Source
A1: 0 | B1: Smeta.RU (495) 974-1589 | D1: _PS_ | F1: 0 | G1: 0 | H1: 0 | I1: Smeta.RU | J1: НИЯУ МИФИ Доп. раб. место MCCS-0016187 | K1: 0 | L1: 16187 | M1: 10
A12: 1 | B12: 469 | C12: 0 | D12: =ROW(A408) -> 408 | E12: 0 | F12: Новый объект | G12: на капитальный ремонт помещения №8 спортивного корпуса №5, №6, №7, №8 вспомогательных спортивных и хозяйственных помещений Снежинского физико-технического института - филиала НИЯУ МИФИ (СФТИ НИЯУ МИФИ) по адресу: Челябинская область, г. Снежинск, ул. Комсомольская, д. 8 | I12: 0 | K12: 0 | O12: 0 | P12: 0 | Q12: 0 | R12: 0 | V12: 0 | BH12: Сметные нормы списания | BI12: Коды ценников | BJ12: 1 | BK12: 1 | BL12: 0 | BM12: 0 | BN12: 1 | BO12: 0 | BP12: 2 | BQ12: 2 | BR12: 1 | BS12: 1 | BT12: 0 | BU12: 0 | BV12: 0 | BW12: 0 | BX12: 0 | BY12: ФЕР-2017 | BZ12: ТР для Версии 10: Центральные регионы (с учетом п-ма 2536-ИП/12/ГС от 22.03.2017 г | CA12: ФЕР-2017 | CB12: ФЕР-2017 | CC12: ФЕР-2017 | CD12: ФЕР-2017 | CE12: Поправки для ГСН 2017 от 31.03.2017 г | CF12: 0 | CG12: 0 | CH12: 524296 | CK12: 4 | EC12: 0
A15: 15 | B15: 1
A18: 52 | B18: =B408 -> 469 | C18: =C408 -> 1 | D18: =D408 -> 12 | E18: =E408 -> 0 | F18: =F408 -> Новый объект | G18: =G408 -> на капитальный ремонт помещения №8 спортивного корпуса №5, №6, №7, №8 вспомогательных спортивных и хозяйственных помещений Снежинского физико-технического института - филиала НИЯУ МИФИ (СФТИ НИЯУ МИФИ) по адресу: Челябинская область, г. Снежинск, ул. Комсомольская, д. 8 | O18: =O408 -> 3703630.7 | P18: =P408 -> 3355547.4 | Q18: =Q408 -> 60300.26 | R18: =R408 -> 10604.75 | S18: =S408 -> 287783.05 | T18: =T408 -> 0 | U18: =U408 -> 5384.0392 | V18: =V408 -> 150.0765 | ... GX18: =GX408 -> 0
A20: 3 | B20: 1 | D20: =ROW(A376) -> 376 | F20: Новая локальная смета | G20: Новая локальная смета | I20: 0 | K20: 0 | V20: 0 | BX20: 0 | CF20: 0 | CG20: 0
A22: 52 | B22: =B376 -> 1 | C22: =C376 -> 3 | D22: =D376 -> 20 | E22: =E376 -> 0 | F22: =F376 -> Новая локальная смета | G22: =G376 -> Новая локальная смета | O22: =O376 -> 3703630.7 | P22: =P376 -> 3355547.4 | Q22: =Q376 -> 60300.26 | R22: =R376 -> 10604.75 | S22: =S376 -> 287783.05 | T22: =T376 -> 0 | U22: =U376 -> 5384.0392 | V22: =V376 -> 150.0765 | ... GX22: =GX376 -> 0
A24: 4 | B24: 1 | D24: =ROW(A187) -> 187 | F24: Новый раздел | G24: 1 Общестроительные работы | I24: 0 | K24: 0 | V24: 0 | BX24: 0 | CJ24: 0
A26: 52 | B26: =B187 -> 1 | C26: =C187 -> 4 | D26: =D187 -> 24 | E26: =E187 -> 0 | F26: =F187 -> Новый раздел | G26: =G187 -> 1 Общестроительные работы | O26: =O187 -> 3020635.6 | P26: =P187 -> 2737038.6 | Q26: =Q187 -> 40125.69 | R26: =R187 -> 8683.53 | S26: =S187 -> 243471.25 | T26: =T187 -> 0 | U26: =U187 -> 4598.5645 | V26: =V187 -> 125.54034 | ... GX26: =GX187 -> 0
A28: 17 | B28: 1 | C28: =ROW(SmtRes!A4) -> 4 | D28: =ROW(EtalonRes!A6) -> 6 | E28: 1 | F28: 08-07-001-02 | G28: Установка и разборка наружных инвентарных лесов высотой до 16 м трубчатых для прочих отделочных работ (Высота =6,7м) | H28: 100 м2 | I28: =ROUND(294/100,9) -> 2.94 | J28: 0 | O28: =ROUND(CP28,2) -> 10018.55 | P28: =ROUND(CQ28*I28,2) -> 2151.12 | Q28: =ROUND(CR28*I28,2) -> 103.29 | R28: =ROUND(CS28*I28,2) -> 18.14 | S28: =ROUND(CT28*I28,2) -> 7764.14 | T28: =ROUND(CU28*I28,2) -> 0 | U28: =CV28*I28 -> 147.0735 | V28: =CW28*I28 -> 0.25725 | W28: =ROUND(CX28*I28,2) -> 0 | X28: =ROUND(CY28,2) -> 8560.51 | Y28: =ROUND(CZ28,2) -> 5291.95 | AA28: 27906248 | AB28: =ROUND((AC28+AD28+AF28),2) -> 557.72 | AC28: =ROUND((ES28),2) -> 119.75 | AD28: =ROUND(((((ET28*1.25))-((EU28*1.25)))+AE28),2) -> 5.75 | AE28: =ROUND(((EU28*1.25)),2) -> 1.01 | AF28: =ROUND(((EV28*1.15)),2) -> 432.22 | AG28: =ROUND((AP28),2) -> 0 | AH28: =((EW28*1.15)) -> 50.025 | AI28: =((EX28*1.25)) -> 0.0875 | AJ28: =(AS28) -> 0 | AK28: 500.19 | AL28: 119.75 | AM28: 4.6 | AN28: 0.81 | AO28: 375.84 | AP28: 0 | AQ28: 43.5 | AR28: 0.07 | AS28: 0 | AT28: 110 | AU28: 68 | AV28: 1 | AW28: 1 | AZ28: 6.11 | BA28: 6.11 | BB28: 6.11 | BC28: 6.11 | BH28: 0 | BI28: 1 | BJ28: ФЕР-2001, 08-07-001-02, приказ Минстроя России №1039/пр от 30.12.2016г. | BM28: 8001 | BN28: 0 | BP28: 0 | BQ28: 2 | BR28: 0 | BS28: 6.11 | BT28: 1 | BU28: 1 | BV28: 1 | BW28: 1 | BX28: 1 | BZ28: 122 | CA28: 80 | CE28: 0 | CF28: 0 | CG28: 0 | CM28: 0 | CN28: Поправка: МДС 81-35.2004, п.4.7 Наименование: Работы, выполняемые при реконструкции зданий и сооружений работы, аналогичные технологическим процессам в новом строительстве (в том числе возведение новых конструктивных элементов) стоимость которых определена по соответствующим сборникам ФЕР, кроме сборника № 46 «Работы при реконструкции зданий и сооружений» | CO28: 0 | CP28: =(P28+Q28+S28) -> 10018.55 | CQ28: =AC28*BC28 -> 731.6725 | CR28: =AD28*BB28 -> 35.1325 | CS28: =AE28*BS28 -> 6.1711 | CT28: =AF28*BA28 -> 2640.8642 | CU28: =AG28 -> 0 | CV28: =AH28 -> 50.025 | CW28: =AI28 -> 0.0875 | CX28: =AJ28 -> 0 | CY28: =(((S28+R28)*AT28)/100) -> 8560.508 | CZ28: =(((S28+R28)*AU28)/100) -> 5291.9504 | DE28: )*1,25 | DF28: )*1,25 | DG28: )*1,15 | DI28: )*1,15 | DJ28: )*1,25 | DN28: 0 | DO28: 0 | DP28: 1 | DQ28: 1 | DU28: 1005 | DV28: 100 м2 | DW28: 100 м2 | DX28: 100 | EE28: 27029021 | EF28: 2 | EG28: Общестроительные работы | EH28: 0 | EJ28: 1 | EK28: 8001 | EL28: Конструкции из кирпича и блоков | EM28: ФЕР-08 | EO28: Поправка: МДС 81-35.2004, п.4.7 | EQ28: 131072 | ER28: 500.19 | ES28: 119.75 | ET28: 4.6 | EU28: 0.81 | EV28: 375.84 | EW28: 43.5 | EX28: 0.07 | EY28: 0 | FQ28: 0 | FR28: =ROUND(IF(AND(BH28=3,BI28=3),P28,0),2) -> 0 | FS28: 0 | FT28: *0,9 | FU28: *0,85 | FX28: 109.8 | FY28: 68 | GD28: 0 | GF28: 1727254192 | GG28: 1 | GH28: 1 | GI28: 4 | GJ28: 0 | GK28: =ROUND(R28*(R12)/100,2) -> 0 | GL28: =ROUND(IF(AND(BH28=3,BI28=3,FS28<>0),P28,0),2) -> 0 | GM28: =ROUND(O28+X28+Y28+GK28,2)+GX28 -> 23871.01 | GN28: =IF(OR(BI28=0,BI28=1),ROUND(O28+X28+Y28+GK28,2),0) -> 23871.01 | GO28: =IF(BI28=2,ROUND(O28+X28+Y28+GK28,2),0) -> 0 | GP28: =IF(BI28=4,ROUND(O28+X28+Y28+GK28,2)+GX28,0) -> 0 | GR28: 0 | GS28: 3 | GT28: 0 | GV28: =ROUND((GT28),2) -> 0 | GW28: 1 | GX28: =ROUND(HC28*I28,2) -> 0 | HA28: 0 | HB28: 0 | HC28: =GV28*GW28 -> 0 | IK28: 0
A29: 17 | B29: 1 | C29: =ROW(SmtRes!A22) -> 22 | D29: =ROW(EtalonRes!A25) -> 25 | E29: 2 | F29: 09-06-001-02 | G29: Демонтаж:Монтаж лотков, решеток, затворов из полосовой и тонколистовой стали 1м2=7кг ( с последующем монтажом) | H29: т | I29: 0.3654 | J29: 0 | O29: =ROUND(CP29,2) -> 873.68 | P29: =ROUND(CQ29*I29,2) -> 0 | Q29: =ROUND(CR29*I29,2) -> 196.6 | R29: =ROUND(CS29*I29,2) -> 5.96 | S29: =ROUND(CT29*I29,2) -> 677.08 | T29: =ROUND(CU29*I29,2) -> 0 | U29: =CV29*I29 -> 12.991066 | V29: =CW29*I29 -> 0.0792918 | W29: =ROUND(CX29*I29,2) -> 0 | X29: =ROUND(CY29,2) -> 553.26 | Y29: =ROUND(CZ29,2) -> 491.79 | AA29: 27906248 | AB29: =ROUND((AC29+AD29+AF29),2) -> 391.33 | AC29: =ROUND(((ES29*0)),2) -> 0 | AD29: =ROUND(((((ET29*0.7))-((EU29*0.7)))+AE29),2) -> 88.06 | AE29: =ROUND(((EU29*0.7)),2) -> 2.67 | AF29: =ROUND(((EV29*0.7)),2) -> 303.27 | AG29: =ROUND((AP29),2) -> 0 | AH29: =((EW29*0.7)) -> 35.553 | AI29: =((EX29*0.7)) -> 0.217 | AJ29: =(AS29) -> 0 | AK29: 641 | AL29: 81.96 | AM29: 125.8 | AN29: 3.82 | AO29: 433.24 | AP29: 0 | AQ29: 50.79 | AR29: 0.31 | AS29: 0 | AT29: 81 | AU29: 72 | AV29: 1 | AW29: 1 | AZ29: 6.11 | BA29: 6.11 | BB29: 6.11 | BC29: 6.11 | BH29: 0 | BI29: 1 | BJ29: ФЕР-2001, 09-06-001-02, приказ Минстроя России №1039/пр от 30.12.2016г. | BM29: 9001 | BN29: 0 | BP29: 0 | BQ29: 2 | BR29: 0 | BS29: 6.11 | BT29: 1 | BU29: 1 | BV29: 1 | BW29: 1 | BX29: 1 | BZ29: 90 | CA29: 85 | CE29: 0 | CF29: 0 | CG29: 0 | CM29: 0 | CN29: Поправка: МДС 81-36.2004, п.3.3.1.д Наименование: При демонтаже металлических конструкций | CO29: 0 | CP29: =(P29+Q29+S29) -> 873.68 | CQ29: =AC29*BC29 -> 0 | CR29: =AD29*BB29 -> 538.0466 | CS29: =AE29*BS29 -> 16.3137 | CT29: =AF29*BA29 -> 1852.9797 | CU29: =AG29 -> 0 | CV29: =AH29 -> 35.553 | CW29: =AI29 -> 0.217 | CX29: =AJ29 -> 0 | CY29: =(((S29+R29)*AT29)/100) -> 553.2624 | CZ29: =(((S29+R29)*AU29)/100) -> 491.7888 | DD29: )*0 | DE29: )*0,7 | DF29: )*0,7 | DG29: )*0,7 | DI29: )*0,7 | DJ29: )*0,7 | DN29: 0 | DO29: 0 | DP29: 1 | DQ29: 1 | DU29: 1009 | DV29: т | DW29: т | DX29: 1000 | EE29: 27029022 | EF29: 2 | EG29: Общестроительные работы | EH29: 0 | EJ29: 1 | EK29: 9001 | EL29: Металлические конструкции | EM29: ФЕР-09 | EO29: Поправка: МДС 81-36.2004, п.3.3.1.д | EQ29: 131072 | ER29: 641 | ES29: 81.96 | ET29: 125.8 | EU29: 3.82 | EV29: 433.24 | EW29: 50.79 | EX29: 0.31 | EY29: 0 | FQ29: 0 | FR29: =ROUND(IF(AND(BH29=3,BI29=3),P29,0),2) -> 0 | FS29: 0 | FT29: *0,9 | FU29: *0,85 | FX29: 81 | FY29: 72.25 | GD29: 0 | GF29: 1299573921 | GG29: 1 | GH29: 1 | GI29: 4 | GJ29: 0 | GK29: =ROUND(R29*(R12)/100,2) -> 0 | GL29: =ROUND(IF(AND(BH29=3,BI29=3,FS29<>0),P29,0),2) -> 0 | GM29: =ROUND(O29+X29+Y29+GK29,2)+GX29 -> 1918.73 | GN29: =IF(OR(BI29=0,BI29=1),ROUND(O29+X29+Y29+GK29,2),0) -> 1918.73 | GO29: =IF(BI29=2,ROUND(O29+X29+Y29+GK29,2),0) -> 0 | GP29: =IF(BI29=4,ROUND(O29+X29+Y29+GK29,2)+GX29,0) -> 0 | GR29: 0 | GS29: 3 | GT29: 0 | GV29: =ROUND((GT29),2) -> 0 | GW29: 1 | GX29: =ROUND(HC29*I29,2) -> 0 | HA29: 0 | HB29: 0 | HC29: =GV29*GW29 -> 0 | IK29: 0
A30: 17 | B30: 1 | C30: =ROW(SmtRes!A23) -> 23 | D30: =ROW(EtalonRes!A27) -> 27 | E30: 3 | F30: 57-3-1 | G30: Разборка плинтусов деревянных и из пластмассовых материалов | H30: 100 м | I30: =ROUND(176.75/100,9) -> 1.7675 | J30: 0 | O30: =ROUND(CP30,2) -> 317.61 | P30: =ROUND(CQ30*I30,2) -> 0 | Q30: =ROUND(CR30*I30,2) -> 0 | R30: =ROUND(CS30*I30,2) -> 0 | S30: =ROUND(CT30*I30,2) -> 317.61 | T30: =ROUND(CU30*I30,2) -> 0 | U30: =CV30*I30 -> 6.663475 | V30: =CW30*I30 -> 0 | W30: =ROUND(CX30*I30,2) -> 0 | X30: =ROUND(CY30,2) -> 254.09 | Y30: =ROUND(CZ30,2) -> 215.97 | AA30: 27906248 | AB30: =ROUND((AC30+AD30+AF30),2) -> 29.41 | AC30: =ROUND((ES30),2) -> 0 | AD30: =ROUND((((ET30)-(EU30))+AE30),2) -> 0 | AE30: =ROUND((EU30),2) -> 0 | AF30: =ROUND((EV30),2) -> 29.41 | AG30: =ROUND((AP30),2) -> 0 | AH30: =(EW30) -> 3.77 | AI30: =(EX30) -> 0 | AJ30: =(AS30) -> 0 | AK30: 29.41 | AL30: 0 | AM30: 0 | AN30: 0 | AO30: 29.41 | AP30: 0 | AQ30: 3.77 | AR30: 0 | AS30: 0 | AT30: 80 | AU30: 68 | AV30: 1 | AW30: 1 | AZ30: 6.11 | BA30: 6.11 | BB30: 6.11 | BC30: 6.11 | BH30: 0 | BI30: 1 | BJ30: ФЕРр-2001, 57-3-1, приказ Минстроя России №1039/пр от 30.12.2016г. | BM30: 57001 | BN30: 0 | BP30: 0 | BQ30: 6 | BR30: 0 | BS30: 6.11 | BT30: 1 | BU30: 1 | BV30: 1 | BW30: 1 | BX30: 1 | BZ30: 80 | CA30: 68 | CE30: 0 | CF30: 0 | CG30: 0 | CM30: 0 | CO30: 0 | CP30: =(P30+Q30+S30) -> 317.61 | CQ30: =AC30*BC30 -> 0 | CR30: =AD30*BB30 -> 0 | CS30: =AE30*BS30 -> 0 | CT30: =AF30*BA30 -> 179.6951 | CU30: =AG30 -> 0 | CV30: =AH30 -> 3.77 | CW30: =AI30 -> 0 | CX30: =AJ30 -> 0 | CY30: =(((S30+R30)*AT30)/100) -> 254.088 | CZ30: =(((S30+R30)*AU30)/100) -> 215.9748 | DN30: 0 | DO30: 0 | DP30: 1 | DQ30: 1 | DU30: 1003 | DV30: 100 м | DW30: 100 м | DX30: 100 | EE30: 27029102 | EF30: 6 | EG30: Ремонтно-строительные работы | EH30: 0 | EJ30: 1 | EK30: 57001 | EL30: Полы | EM30: рФЕР-57 | EQ30: 131072 | ER30: 29.41 | ES30: 0 | ET30: 0 | EU30: 0 | EV30: 29.41 | EW30: 3.77 | EX30: 0 | EY30: 0 | FQ30: 0 | FR30: =ROUND(IF(AND(BH30=3,BI30=3),P30,0),2) -> 0 | FS30: 0 | FX30: 80 | FY30: 68 | GD30: 0 | GF30: -1389370821 | GG30: 1 | GH30: 1 | GI30: 4 | GJ30: 0 | GK30: =ROUND(R30*(R12)/100,2) -> 0 | GL30: =ROUND(IF(AND(BH30=3,BI30=3,FS30<>0),P30,0),2) -> 0 | GM30: =ROUND(O30+X30+Y30+GK30,2)+GX30 -> 787.67 | GN30: =IF(OR(BI30=0,BI30=1),ROUND(O30+X30+Y30+GK30,2),0) -> 787.67 | GO30: =IF(BI30=2,ROUND(O30+X30+Y30+GK30,2),0) -> 0 | GP30: =IF(BI30=4,ROUND(O30+X30+Y30+GK30,2)+GX30,0) -> 0 | GR30: 0 | GS30: 3 | GT30: 0 | GV30: =ROUND((GT30),2) -> 0 | GW30: 1 | GX30: =ROUND(HC30*I30,2) -> 0 | HA30: 0 | HB30: 0 | HC30: =GV30*GW30 -> 0 | IK30: 0
A31: 17 | B31: 1 | C31: =ROW(SmtRes!A24) -> 24 | D31: =ROW(EtalonRes!A29) -> 29 | E31: 4 | F31: 57-1-3 | G31: Разборка оснований покрытия полов простильных полов включая порога со ступенью,порога из досок. | H31: 100 м2 | I31: =ROUND((294+0.75+2.34)/100,9) -> 2.9709 | J31: 0 | O31: =ROUND(CP31,2) -> 2469.24 | P31: =ROUND(CQ31*I31,2) -> 0 | Q31: =ROUND(CR31*I31,2) -> 0 | R31: =ROUND(CS31*I31,2) -> 0 | S31: =ROUND(CT31*I31,2) -> 2469.24 | T31: =ROUND(CU31*I31,2) -> 0 | U31: =CV31*I31 -> 51.812496 | V31: =CW31*I31 -> 0 | W31: =ROUND(CX31*I31,2) -> 0 | X31: =ROUND(CY31,2) -> 1975.39 | Y31: =ROUND(CZ31,2) -> 1679.08 | AA31: 27906248 | AB31: =ROUND((AC31+AD31+AF31),2) -> 136.03 | AC31: =ROUND((ES31),2) -> 0 | AD31: =ROUND((((ET31)-(EU31))+AE31),2) -> 0 | AE31: =ROUND((EU31),2) -> 0 | AF31: =ROUND((EV31),2) -> 136.03 | AG31: =ROUND((AP31),2) -> 0 | AH31: =(EW31) -> 17.44 | AI31: =(EX31) -> 0 | AJ31: =(AS31) -> 0 | AK31: 136.03 | AL31: 0 | AM31: 0 | AN31: 0 | AO31: 136.03 | AP31: 0 | AQ31: 17.44 | AR31: 0 | AS31: 0 | AT31: 80 | AU31: 68 | AV31: 1 | AW31: 1 | AZ31: 6.11 | BA31: 6.11 | BB31: 6.11 | BC31: 6.11 | BH31: 0 | BI31: 1 | BJ31: ФЕРр-2001, 57-1-3, приказ Минстроя России №1039/пр от 30.12.2016г. | BM31: 57001 | BN31: 0 | BP31: 0 | BQ31: 6 | BR31: 0 | BS31: 6.11 | BT31: 1 | BU31: 1 | BV31: 1 | BW31: 1 | BX31: 1 | BZ31: 80 | CA31: 68 | CE31: 0 | CF31: 0 | CG31: 0 | CM31: 0 | CO31: 0 | CP31: =(P31+Q31+S31) -> 2469.24 | CQ31: =AC31*BC31 -> 0 | CR31: =AD31*BB31 -> 0 | CS31: =AE31*BS31 -> 0 | CT31: =AF31*BA31 -> 831.1433 | CU31: =AG31 -> 0 | CV31: =AH31 -> 17.44 | CW31: =AI31 -> 0 | CX31: =AJ31 -> 0 | CY31: =(((S31+R31)*AT31)/100) -> 1975.392 | CZ31: =(((S31+R31)*AU31)/100) -> 1679.0832 | DN31: 0 | DO31: 0 | DP31: 1 | DQ31: 1 | DU31: 1005 | DV31: 100 м2 | DW31: 100 м2 | DX31: 100 | EE31: 27029102 | EF31: 6 | EG31: Ремонтно-строительные работы | EH31: 0 | EJ31: 1 | EK31: 57001 | EL31: Полы | EM31: рФЕР-57 | EQ31: 131072 | ER31: 136.03 | ES31: 0 | ET31: 0 | EU31: 0 | EV31: 136.03 | EW31: 17.44 | EX31: 0 | EY31: 0 | FQ31: 0 | FR31: =ROUND(IF(AND(BH31=3,BI31=3),P31,0),2) -> 0 | FS31: 0 | FX31: 80 | FY31: 68 | GD31: 0 | GF31: 15229085 | GG31: 1 | GH31: 1 | GI31: 4 | GJ31: 0 | GK31: =ROUND(R31*(R12)/100,2) -> 0 | GL31: =ROUND(IF(AND(BH31=3,BI31=3,FS31<>0),P31,0),2) -> 0 | GM31: =ROUND(O31+X31+Y31+GK31,2)+GX31 -> 6123.71 | GN31: =IF(OR(BI31=0,BI31=1),ROUND(O31+X31+Y31+GK31,2),0) -> 6123.71 | GO31: =IF(BI31=2,ROUND(O31+X31+Y31+GK31,2),0) -> 0 | GP31: =IF(BI31=4,ROUND(O31+X31+Y31+GK31,2)+GX31,0) -> 0 | GR31: 0 | GS31: 3 | GT31: 0 | GV31: =ROUND((GT31),2) -> 0 | GW31: 1 | GX31: =ROUND(HC31*I31,2) -> 0 | HA31: 0 | HB31: 0 | HC31: =GV31*GW31 -> 0 | IK31: 0
A32: 17 | B32: 1 | C32: =ROW(SmtRes!A25) -> 25 | D32: =ROW(EtalonRes!A31) -> 31 | E32: 5 | F32: 57-1-2 | G32: Разборка оснований покрытия полов лаг из досок и брусков | H32: 100 м2 | I32: 2.94 | J32: 0 | O32: =ROUND(CP32,2) -> 1074.75 | P32: =ROUND(CQ32*I32,2) -> 0 | Q32: =ROUND(CR32*I32,2) -> 0 | R32: =ROUND(CS32*I32,2) -> 0 | S32: =ROUND(CT32*I32,2) -> 1074.75 | T32: =ROUND(CU32*I32,2) -> 0 | U32: =CV32*I32 -> 22.5498 | V32: =CW32*I32 -> 0 | W32: =ROUND(CX32*I32,2) -> 0 | X32: =ROUND(CY32,2) -> 859.8 | Y32: =ROUND(CZ32,2) -> 730.83 | AA32: 27906248 | AB32: =ROUND((AC32+AD32+AF32),2) -> 59.83 | AC32: =ROUND((ES32),2) -> 0 | AD32: =ROUND((((ET32)-(EU32))+AE32),2) -> 0 | AE32: =ROUND((EU32),2) -> 0 | AF32: =ROUND((EV32),2) -> 59.83 | AG32: =ROUND((AP32),2) -> 0 | AH32: =(EW32) -> 7.67 | AI32: =(EX32) -> 0 | AJ32: =(AS32) -> 0 | AK32: 59.83 | AL32: 0 | AM32: 0 | AN32: 0 | AO32: 59.83 | AP32: 0 | AQ32: 7.67 | AR32: 0 | AS32: 0 | AT32: 80 | AU32: 68 | AV32: 1 | AW32: 1 | AZ32: 6.11 | BA32: 6.11 | BB32: 6.11 | BC32: 6.11 | BH32: 0 | BI32: 1 | BJ32: ФЕРр-2001, 57-1-2, приказ Минстроя России №1039/пр от 30.12.2016г. | BM32: 57001 | BN32: 0 | BP32: 0 | BQ32: 6 | BR32: 0 | BS32: 6.11 | BT32: 1 | BU32: 1 | BV32: 1 | BW32: 1 | BX32: 1 | BZ32: 80 | CA32: 68 | CE32: 0 | CF32: 0 | CG32: 0 | CM32: 0 | CO32: 0 | CP32: =(P32+Q32+S32) -> 1074.75 | CQ32: =AC32*BC32 -> 0 | CR32: =AD32*BB32 -> 0 | CS32: =AE32*BS32 -> 0 | CT32: =AF32*BA32 -> 365.5613 | CU32: =AG32 -> 0 | CV32: =AH32 -> 7.67 | CW32: =AI32 -> 0 | CX32: =AJ32 -> 0 | CY32: =(((S32+R32)*AT32)/100) -> 859.8 | CZ32: =(((S32+R32)*AU32)/100) -> 730.83 | DN32: 0 | DO32: 0 | DP32: 1 | DQ32: 1 | DU32: 1005 | DV32: 100 м2 | DW32: 100 м2 | DX32: 100 | EE32: 27029102 | EF32: 6 | EG32: Ремонтно-строительные работы | EH32: 0 | EJ32: 1 | EK32: 57001 | EL32: Полы | EM32: рФЕР-57 | EQ32: 131072 | ER32: 59.83 | ES32: 0 | ET32: 0 | EU32: 0 | EV32: 59.83 | EW32: 7.67 | EX32: 0 | EY32: 0 | FQ32: 0 | FR32: =ROUND(IF(AND(BH32=3,BI32=3),P32,0),2) -> 0 | FS32: 0 | FX32: 80 | FY32: 68 | GD32: 0 | GF32: 530355128 | GG32: 1 | GH32: 1 | GI32: 4 | GJ32: 0 | GK32: =ROUND(R32*(R12)/100,2) -> 0 | GL32: =ROUND(IF(AND(BH32=3,BI32=3,FS32<>0),P32,0),2) -> 0 | GM32: =ROUND(O32+X32+Y32+GK32,2)+GX32 -> 2665.38 | GN32: =IF(OR(BI32=0,BI32=1),ROUND(O32+X32+Y32+GK32,2),0) -> 2665.38 | GO32: =IF(BI32=2,ROUND(O32+X32+Y32+GK32,2),0) -> 0 | GP32: =IF(BI32=4,ROUND(O32+X32+Y32+GK32,2)+GX32,0) -> 0 | GR32: 0 | GS32: 3 | GT32: 0 | GV32: =ROUND((GT32),2) -> 0 | GW32: 1 | GX32: =ROUND(HC32*I32,2) -> 0 | HA32: 0 | HB32: 0 | HC32: =GV32*GW32 -> 0 | IK32: 0
A33: 17 | B33: 1 | C33: =ROW(SmtRes!A26) -> 26 | D33: =ROW(EtalonRes!A33) -> 33 | E33: 6 | F33: 57-1-1 | G33: Разборка оснований покрытия полов кирпичных столбиков под лаги | H33: 100 м2 | I33: 2.94 | J33: 0 | O33: =ROUND(CP33,2) -> 1220.43 | P33: =ROUND(CQ33*I33,2) -> 0 | Q33: =ROUND(CR33*I33,2) -> 0 | R33: =ROUND(CS33*I33,2) -> 0 | S33: =ROUND(CT33*I33,2) -> 1220.43 | T33: =ROUND(CU33*I33,2) -> 0 | U33: =CV33*I33 -> 25.6074 | V33: =CW33*I33 -> 0 | W33: =ROUND(CX33*I33,2) -> 0 | X33: =ROUND(CY33,2) -> 976.34 | Y33: =ROUND(CZ33,2) -> 829.89 | AA33: 27906248 | AB33: =ROUND((AC33+AD33+AF33),2) -> 67.94 | AC33: =ROUND((ES33),2) -> 0 | AD33: =ROUND((((ET33)-(EU33))+AE33),2) -> 0 | AE33: =ROUND((EU33),2) -> 0 | AF33: =ROUND((EV33),2) -> 67.94 | AG33: =ROUND((AP33),2) -> 0 | AH33: =(EW33) -> 8.71 | AI33: =(EX33) -> 0 | AJ33: =(AS33) -> 0 | AK33: 67.94 | AL33: 0 | AM33: 0 | AN33: 0 | AO33: 67.94 | AP33: 0 | AQ33: 8.71 | AR33: 0 | AS33: 0 | AT33: 80 | AU33: 68 | AV33: 1 | AW33: 1 | AZ33: 6.11 | BA33: 6.11 | BB33: 6.11 | BC33: 6.11 | BH33: 0 | BI33: 1 | BJ33: ФЕРр-2001, 57-1-1, приказ Минстроя России №1039/пр от 30.12.2016г. | BM33: 57001 | BN33: 0 | BP33: 0 | BQ33: 6 | BR33: 0 | BS33: 6.11 | BT33: 1 | BU33: 1 | BV33: 1 | BW33: 1 | BX33: 1 | BZ33: 80 | CA33: 68 | CE33: 0 | CF33: 0 | CG33: 0 | CM33: 0 | CO33: 0 | CP33: =(P33+Q33+S33) -> 1220.43 | CQ33: =AC33*BC33 -> 0 | CR33: =AD33*BB33 -> 0 | CS33: =AE33*BS33 -> 0 | CT33: =AF33*BA33 -> 415.1134 | CU33: =AG33 -> 0 | CV33: =AH33 -> 8.71 | CW33: =AI33 -> 0 | CX33: =AJ33 -> 0 | CY33: =(((S33+R33)*AT33)/100) -> 976.344 | CZ33: =(((S33+R33)*AU33)/100) -> 829.8924 | DN33: 0 | DO33: 0 | DP33: 1 | DQ33: 1 | DU33: 1005 | DV33: 100 м2 | DW33: 100 м2 | DX33: 100 | EE33: 27029102 | EF33: 6 | EG33: Ремонтно-строительные работы | EH33: 0 | EJ33: 1 | EK33: 57001 | EL33: Полы | EM33: рФЕР-57 | EQ33: 131072 | ER33: 67.94 | ES33: 0 | ET33: 0 | EU33: 0 | EV33: 67.94 | EW33: 8.71 | EX33: 0 | EY33: 0 | FQ33: 0 | FR33: =ROUND(IF(AND(BH33=3,BI33=3),P33,0),2) -> 0 | FS33: 0 | FX33: 80 | FY33: 68 | GD33: 0 | GF33: -1310318022 | GG33: 1 | GH33: 1 | GI33: 4 | GJ33: 0 | GK33: =ROUND(R33*(R12)/100,2) -> 0 | GL33: =ROUND(IF(AND(BH33=3,BI33=3,FS33<>0),P33,0),2) -> 0 | GM33: =ROUND(O33+X33+Y33+GK33,2)+GX33 -> 3026.66 | GN33: =IF(OR(BI33=0,BI33=1),ROUND(O33+X33+Y33+GK33,2),0) -> 3026.66 | GO33: =IF(BI33=2,ROUND(O33+X33+Y33+GK33,2),0) -> 0 | GP33: =IF(BI33=4,ROUND(O33+X33+Y33+GK33,2)+GX33,0) -> 0 | GR33: 0 | GS33: 3 | GT33: 0 | GV33: =ROUND((GT33),2) -> 0 | GW33: 1 | GX33: =ROUND(HC33*I33,2) -> 0 | HA33: 0 | HB33: 0 | HC33: =GV33*GW33 -> 0 | IK33: 0
A34: 17 | B34: 1 | C34: =ROW(SmtRes!A29) -> 29 | D34: =ROW(EtalonRes!A36) -> 36 | E34: 7 | F34: 46-04-012-03 | G34: Разборка деревянных заполнений проемов дверных и воротных | H34: 100 м2 | I34: =ROUND((3.27+2.55+3.31+3.7+3.12)/100,9) -> 0.1595 | J34: 0 | O34: =ROUND(CP34,2) -> 1055.02 | P34: =ROUND(CQ34*I34,2) -> 0 | Q34: =ROUND(CR34*I34,2) -> 235.79 | R34: =ROUND(CS34*I34,2) -> 101.83 | S34: =ROUND(CT34*I34,2) -> 819.23 | T34: =ROUND(CU34*I34,2) -> 0 | U34: =CV34*I34 -> 16.573645 | V34: =CW34*I34 -> 1.23453 | W34: =ROUND(CX34*I34,2) -> 0 | X34: =ROUND(CY34,2) -> 911.85 | Y34: =ROUND(CZ34,2) -> 552.64 | AA34: 27906248 | AB34: =ROUND((AC34+AD34+AF34),2) -> 1082.58 | AC34: =ROUND((ES34),2) -> 0 | AD34: =ROUND((((ET34)-(EU34))+AE34),2) -> 241.95 | AE34: =ROUND((EU34),2) -> 104.49 | AF34: =ROUND((EV34),2) -> 840.63 | AG34: =ROUND((AP34),2) -> 0 | AH34: =(EW34) -> 103.91 | AI34: =(EX34) -> 7.74 | AJ34: =(AS34) -> 0 | AK34: 1082.58 | AL34: 0 | AM34: 241.95 | AN34: 104.49 | AO34: 840.63 | AP34: 0 | AQ34: 103.91 | AR34: 7.74 | AS34: 0 | AT34: 99 | AU34: 60 | AV34: 1 | AW34: 1 | AZ34: 6.11 | BA34: 6.11 | BB34: 6.11 | BC34: 6.11 | BH34: 0 | BI34: 1 | BJ34: ФЕР-2001, 46-04-012-03, приказ Минстроя России №1039/пр от 30.12.2016г. | BM34: 46001 | BN34: 0 | BP34: 0 | BQ34: 2 | BR34: 0 | BS34: 6.11 | BT34: 1 | BU34: 1 | BV34: 1 | BW34: 1 | BX34: 1 | BZ34: 110 | CA34: 70 | CE34: 0 | CF34: 0 | CG34: 0 | CM34: 0 | CO34: 0 | CP34: =(P34+Q34+S34) -> 1055.02 | CQ34: =AC34*BC34 -> 0 | CR34: =AD34*BB34 -> 1478.3145 | CS34: =AE34*BS34 -> 638.4339 | CT34: =AF34*BA34 -> 5136.2493 | CU34: =AG34 -> 0 | CV34: =AH34 -> 103.91 | CW34: =AI34 -> 7.74 | CX34: =AJ34 -> 0 | CY34: =(((S34+R34)*AT34)/100) -> 911.8494 | CZ34: =(((S34+R34)*AU34)/100) -> 552.636 | DN34: 0 | DO34: 0 | DP34: 1 | DQ34: 1 | DU34: 1005 | DV34: 100 м2 | DW34: 100 м2 | DX34: 100 | EE34: 27029091 | EF34: 2 | EG34: Общестроительные работы | EH34: 0 | EJ34: 1 | EK34: 46001 | EL34: Реконструкция зданий и сооружений | EM34: ФЕР-46 | EQ34: 131072 | ER34: 1082.58 | ES34: 0 | ET34: 241.95 | EU34: 104.49 | EV34: 840.63 | EW34: 103.91 | EX34: 7.74 | EY34: 0 | FQ34: 0 | FR34: =ROUND(IF(AND(BH34=3,BI34=3),P34,0),2) -> 0 | FS34: 0 | FT34: *0,9 | FU34: *0,85 | FX34: 99 | FY34: 59.5 | GD34: 0 | GF34: 309229644 | GG34: 1 | GH34: 1 | GI34: 4 | GJ34: 0 | GK34: =ROUND(R34*(R12)/100,2) -> 0 | GL34: =ROUND(IF(AND(BH34=3,BI34=3,FS34<>0),P34,0),2) -> 0 | GM34: =ROUND(O34+X34+Y34+GK34,2)+GX34 -> 2519.51 | GN34: =IF(OR(BI34=0,BI34=1),ROUND(O34+X34+Y34+GK34,2),0) -> 2519.51 | GO34: =IF(BI34=2,ROUND(O34+X34+Y34+GK34,2),0) -> 0 | GP34: =IF(BI34=4,ROUND(O34+X34+Y34+GK34,2)+GX34,0) -> 0 | GR34: 0 | GS34: 3 | GT34: 0 | GV34: =ROUND((GT34),2) -> 0 | GW34: 1 | GX34: =ROUND(HC34*I34,2) -> 0 | HA34: 0 | HB34: 0 | HC34: =GV34*GW34 -> 0 | IK34: 0
A35: 17 | B35: 1 | C35: =ROW(SmtRes!A36) -> 36 | D35: =ROW(EtalonRes!A45) -> 45 | E35: 8 | F35: 09-04-012-01 | G35: Демонтаж: Установка металлических дверных блоков из готовых проемов | H35: м2 | I35: 2.54 | J35: 0 | O35: =ROUND(CP35,2) -> 415.3 | P35: =ROUND(CQ35*I35,2) -> 0 | Q35: =ROUND(CR35*I35,2) -> 156.59 | R35: =ROUND(CS35*I35,2) -> 21.42 | S35: =ROUND(CT35*I35,2) -> 258.71 | T35: =ROUND(CU35*I35,2) -> 0 | U35: =CV35*I35 -> 4.2672 | V35: =CW35*I35 -> 0.30226 | W35: =ROUND(CX35*I35,2) -> 0 | X35: =ROUND(CY35,2) -> 226.91 | Y35: =ROUND(CZ35,2) -> 201.69 | AA35: 27906248 | AB35: =ROUND((AC35+AD35+AF35),2) -> 26.76 | AC35: =ROUND(((ES35*0)),2) -> 0 | AD35: =ROUND(((((ET35*0.7))-((EU35*0.7)))+AE35),2) -> 10.09 | AE35: =ROUND(((EU35*0.7)),2) -> 1.38 | AF35: =ROUND(((EV35*0.7)),2) -> 16.67 | AG35: =ROUND((AP35),2) -> 0 | AH35: =((EW35*0.7)) -> 1.68 | AI35: =((EX35*0.7)) -> 0.119 | AJ35: =(AS35) -> 0 | AK35: 63.94 | AL35: 25.72 | AM35: 14.41 | AN35: 1.97 | AO35: 23.81 | AP35: 0 | AQ35: 2.4 | AR35: 0.17 | AS35: 0 | AT35: 81 | AU35: 72 | AV35: 1 | AW35: 1 | AZ35: 6.11 | BA35: 6.11 | BB35: 6.11 | BC35: 6.11 | BH35: 0 | BI35: 1 | BJ35: ФЕР-2001, 09-04-012-01, приказ Минстроя России №1039/пр от 30.12.2016г. | BM35: 9001 | BN35: 0 | BP35: 0 | BQ35: 2 | BR35: 0 | BS35: 6.11 | BT35: 1 | BU35: 1 | BV35: 1 | BW35: 1 | BX35: 1 | BZ35: 90 | CA35: 85 | CE35: 0 | CF35: 0 | CG35: 0 | CM35: 0 | CN35: Поправка: МДС 81-36.2004, п.3.3.1.д Наименование: При демонтаже металлических конструкций | CO35: 0 | CP35: =(P35+Q35+S35) -> 415.3 | CQ35: =AC35*BC35 -> 0 | CR35: =AD35*BB35 -> 61.6499 | CS35: =AE35*BS35 -> 8.4318 | CT35: =AF35*BA35 -> 101.8537 | CU35: =AG35 -> 0 | CV35: =AH35 -> 1.68 | CW35: =AI35 -> 0.119 | CX35: =AJ35 -> 0 | CY35: =(((S35+R35)*AT35)/100) -> 226.9053 | CZ35: =(((S35+R35)*AU35)/100) -> 201.6936 | DD35: )*0 | DE35: )*0,7 | DF35: )*0,7 | DG35: )*0,7 | DI35: )*0,7 | DJ35: )*0,7 | DN35: 0 | DO35: 0 | DP35: 1 | DQ35: 1 | DU35: 1005 | DV35: м2 | DW35: м2 | DX35: 1 | EE35: 27029022 | EF35: 2 | EG35: Общестроительные работы | EH35: 0 | EJ35: 1 | EK35: 9001 | EL35: Металлические конструкции | EM35: ФЕР-09 | EO35: Поправка: МДС 81-36.2004, п.3.3.1.д | EQ35: 131072 | ER35: 63.94 | ES35: 25.72 | ET35: 14.41 | EU35: 1.97 | EV35: 23.81 | EW35: 2.4 | EX35: 0.17 | EY35: 0 | FQ35: 0 | FR35: =ROUND(IF(AND(BH35=3,BI35=3),P35,0),2) -> 0 | FS35: 0 | FT35: *0,9 | FU35: *0,85 | FX35: 81 | FY35: 72.25 | GD35: 0 | GF35: -1886295131 | GG35: 1 | GH35: 1 | GI35: 4 | GJ35: 0 | GK35: =ROUND(R35*(R12)/100,2) -> 0 | GL35: =ROUND(IF(AND(BH35=3,BI35=3,FS35<>0),P35,0),2) -> 0 | GM35: =ROUND(O35+X35+Y35+GK35,2)+GX35 -> 843.9 | GN35: =IF(OR(BI35=0,BI35=1),ROUND(O35+X35+Y35+GK35,2),0) -> 843.9 | GO35: =IF(BI35=2,ROUND(O35+X35+Y35+GK35,2),0) -> 0 | GP35: =IF(BI35=4,ROUND(O35+X35+Y35+GK35,2)+GX35,0) -> 0 | GR35: 0 | GS35: 3 | GT35: 0 | GV35: =ROUND((GT35),2) -> 0 | GW35: 1 | GX35: =ROUND(HC35*I35,2) -> 0 | HA35: 0 | HB35: 0 | HC35: =GV35*GW35 -> 0 | IK35: 0
A36: 17 | B36: 1 | C36: =ROW(SmtRes!A44) -> 44 | D36: =ROW(EtalonRes!A53) -> 53 | E36: 9 | F36: 10-01-014-04 прим. | G36: Демонтаж: Устройство чистых перегородок каркасных с обшивкой фанерой с одной стороны (Экраны) | H36: 100 м2 | I36: =ROUND(73/100,9) -> 0.73 | J36: 0 | O36: =ROUND(CP36,2) -> 3369.49 | P36: =ROUND(CQ36*I36,2) -> 0 | Q36: =ROUND(CR36*I36,2) -> 39.88 | R36: =ROUND(CS36*I36,2) -> 7.05 | S36: =ROUND(CT36*I36,2) -> 3329.61 | T36: =ROUND(CU36*I36,2) -> 0 | U36: =CV36*I36 -> 63.072 | V36: =CW36*I36 -> 0.09928 | W36: =ROUND(CX36*I36,2) -> 0 | X36: =ROUND(CY36,2) -> 3536.86 | Y36: =ROUND(CZ36,2) -> 1801.8 | AA36: 27906248 | AB36: =ROUND((AC36+AD36+AF36),2) -> 755.44 | AC36: =ROUND(((ES36*0)),2) -> 0 | AD36: =ROUND(((((ET36*0.8))-((EU36*0.8)))+AE36),2) -> 8.94 | AE36: =ROUND(((EU36*0.8)),2) -> 1.58 | AF36: =ROUND(((EV36*0.8)),2) -> 746.5 | AG36: =ROUND((AP36),2) -> 0 | AH36: =((EW36*0.8)) -> 86.4 | AI36: =((EX36*0.8)) -> 0.136 | AJ36: =(AS36) -> 0 | AK36: 4094.31 | AL36: 3150.02 | AM36: 11.17 | AN36: 1.97 | AO36: 933.12 | AP36: 0 | AQ36: 108 | AR36: 0.17 | AS36: 0 | AT36: 106 | AU36: 54 | AV36: 1 | AW36: 1 | AZ36: 6.11 | BA36: 6.11 | BB36: 6.11 | BC36: 6.11 | BH36: 0 | BI36: 1 | BJ36: ФЕР-2001, 10-01-014-04, приказ Минстроя России №1039/пр от 30.12.2016г. | BM36: 10001 | BN36: 0 | BP36: 0 | BQ36: 2 | BR36: 0 | BS36: 6.11 | BT36: 1 | BU36: 1 | BV36: 1 | BW36: 1 | BX36: 1 | BZ36: 118 | CA36: 63 | CE36: 0 | CF36: 0 | CG36: 0 | CM36: 0 | CN36: Поправка: Табл.2, п.2 Наименование: При демонтаже (разборке) сборных деревянных конструкций Поправка: МДС 81-36.2004, п.3.3.1.д Наименование: При демонтаже металлических конструкций Поправка: МДС 81-36.2004, п.3.3.1.а Наименование: При демонтаже (разборке) сборных бетонных и железобетонных конструкций | CO36: 0 | CP36: =(P36+Q36+S36) -> 3369.49 | CQ36: =AC36*BC36 -> 0 | CR36: =AD36*BB36 -> 54.6234 | CS36: =AE36*BS36 -> 9.6538 | CT36: =AF36*BA36 -> 4561.115 | CU36: =AG36 -> 0 | CV36: =AH36 -> 86.4 | CW36: =AI36 -> 0.136 | CX36: =AJ36 -> 0 | CY36: =(((S36+R36)*AT36)/100) -> 3536.8596 | CZ36: =(((S36+R36)*AU36)/100) -> 1801.7964 | DD36: )*0 | DE36: )*0,8 | DF36: )*0,8 | DG36: )*0,8 | DI36: )*0,8 | DJ36: )*0,8 | DN36: 0 | DO36: 0 | DP36: 1 | DQ36: 1 | DU36: 1005 | DV36: 100 м2 | DW36: 100 м2 | DX36: 100 | EE36: 27029023 | EF36: 2 | EG36: Общестроительные работы | EH36: 0 | EJ36: 1 | EK36: 10001 | EL36: Деревянные конструкции | EM36: ФЕР-10 | EO36: Поправка: Табл.2, п.2 Поправка: МДС 81-36.2004, п.3.3.1.д Поправка: МДС 81-36.2004, п.3.3.1.а | EQ36: 131072 | ER36: 4094.31 | ES36: 3150.02 | ET36: 11.17 | EU36: 1.97 | EV36: 933.12 | EW36: 108 | EX36: 0.17 | EY36: 0 | FQ36: 0 | FR36: =ROUND(IF(AND(BH36=3,BI36=3),P36,0),2) -> 0 | FS36: 0 | FT36: *0,9 | FU36: *0,85 | FX36: 106.2 | FY36: 53.55 | GD36: 0 | GF36: 1445814459 | GG36: 1 | GH36: 1 | GI36: 4 | GJ36: 0 | GK36: =ROUND(R36*(R12)/100,2) -> 0 | GL36: =ROUND(IF(AND(BH36=3,BI36=3,FS36<>0),P36,0),2) -> 0 | GM36: =ROUND(O36+X36+Y36+GK36,2)+GX36 -> 8708.15 | GN36: =IF(OR(BI36=0,BI36=1),ROUND(O36+X36+Y36+GK36,2),0) -> 8708.15 | GO36: =IF(BI36=2,ROUND(O36+X36+Y36+GK36,2),0) -> 0 | GP36: =IF(BI36=4,ROUND(O36+X36+Y36+GK36,2)+GX36,0) -> 0 | GR36: 0 | GS36: 3 | GT36: 0 | GV36: =ROUND((GT36),2) -> 0 | GW36: 1 | GX36: =ROUND(HC36*I36,2) -> 0 | HA36: 0 | HB36: 0 | HC36: =GV36*GW36 -> 0 | IK36: 0
A37: 17 | B37: 1 | C37: =ROW(SmtRes!A50) -> 50 | D37: =ROW(EtalonRes!A60) -> 60 | E37: 10 | F37: 46-05-008-03 прим. | G37: Демонтаж:Монтаж мелких металлоконструкций массой до 10 кг (Демонтаж,с сохранением для последующего монтажа, каркаса защитного экрана из труб диаметром 62 мм) | H37: т | I37: =ROUND(600.81/1000,9) -> 0.60081 | J37: 0 | O37: =ROUND(CP37,2) -> 2305.5 | P37: =ROUND(CQ37*I37,2) -> 0 | Q37: =ROUND(CR37*I37,2) -> 307.7 | R37: =ROUND(CS37*I37,2) -> 19.38 | S37: =ROUND(CT37*I37,2) -> 1997.8 | T37: =ROUND(CU37*I37,2) -> 0 | U37: =CV37*I37 -> 35.617819 | V37: =CW37*I37 -> 0.27336855 | W37: =ROUND(CX37*I37,2) -> 0 | X37: =ROUND(CY37,2) -> 1997.01 | Y37: =ROUND(CZ37,2) -> 1210.31 | AA37: 27906248 | AB37: =ROUND((AC37+AD37+AF37),2) -> 628.04 | AC37: =ROUND(((ES37*0)),2) -> 0 | AD37: =ROUND(((((ET37*0.7))-((EU37*0.7)))+AE37),2) -> 83.82 | AE37: =ROUND(((EU37*0.7)),2) -> 5.28 | AF37: =ROUND(((EV37*0.7)),2) -> 544.22 | AG37: =ROUND((AP37),2) -> 0 | AH37: =((EW37*0.7)) -> 59.283 | AI37: =((EX37*0.7)) -> 0.455 | AJ37: =(AS37) -> 0 | AK37: 981.19 | AL37: 84 | AM37: 119.74 | AN37: 7.54 | AO37: 777.45 | AP37: 0 | AQ37: 84.69 | AR37: 0.65 | AS37: 0 | AT37: 99 | AU37: 60 | AV37: 1 | AW37: 1 | AZ37: 6.11 | BA37: 6.11 | BB37: 6.11 | BC37: 6.11 | BH37: 0 | BI37: 1 | BJ37: ФЕР-2001, 46-05-008-03, приказ Минстроя России №1039/пр от 30.12.2016г. | BM37: 46001 | BN37: 0 | BP37: 0 | BQ37: 2 | BR37: 0 | BS37: 6.11 | BT37: 1 | BU37: 1 | BV37: 1 | BW37: 1 | BX37: 1 | BZ37: 110 | CA37: 70 | CE37: 0 | CF37: 0 | CG37: 0 | CM37: 0 | CN37: Поправка: МДС 81-36.2004, п.3.3.1.д Наименование: При демонтаже металлических конструкций | CO37: 0 | CP37: =(P37+Q37+S37) -> 2305.5 | CQ37: =AC37*BC37 -> 0 | CR37: =AD37*BB37 -> 512.1402 | CS37: =AE37*BS37 -> 32.2608 | CT37: =AF37*BA37 -> 3325.1842 | CU37: =AG37 -> 0 | CV37: =AH37 -> 59.283 | CW37: =AI37 -> 0.455 | CX37: =AJ37 -> 0 | CY37: =(((S37+R37)*AT37)/100) -> 1997.0082 | CZ37: =(((S37+R37)*AU37)/100) -> 1210.308 | DD37: )*0 | DE37: )*0,7 | DF37: )*0,7 | DG37: )*0,7 | DI37: )*0,7 | DJ37: )*0,7 | DN37: 0 | DO37: 0 | DP37: 1 | DQ37: 1 | DU37: 1009 | DV37: т | DW37: т | DX37: 1000 | EE37: 27029091 | EF37: 2 | EG37: Общестроительные работы | EH37: 0 | EJ37: 1 | EK37: 46001 | EL37: Реконструкция зданий и сооружений | EM37: ФЕР-46 | EO37: Поправка: МДС 81-36.2004, п.3.3.1.д | EQ37: 131072 | ER37: 981.19 | ES37: 84 | ET37: 119.74 | EU37: 7.54 | EV37: 777.45 | EW37: 84.69 | EX37: 0.65 | EY37: 0 | FQ37: 0 | FR37: =ROUND(IF(AND(BH37=3,BI37=3),P37,0),2) -> 0 | FS37: 0 | FT37: *0,9 | FU37: *0,85 | FX37: 99 | FY37: 59.5 | GD37: 0 | GF37: 649410205 | GG37: 1 | GH37: 1 | GI37: 4 | GJ37: 0 | GK37: =ROUND(R37*(R12)/100,2) -> 0 | GL37: =ROUND(IF(AND(BH37=3,BI37=3,FS37<>0),P37,0),2) -> 0 | GM37: =ROUND(O37+X37+Y37+GK37,2)+GX37 -> 5512.82 | GN37: =IF(OR(BI37=0,BI37=1),ROUND(O37+X37+Y37+GK37,2),0) -> 5512.82 | GO37: =IF(BI37=2,ROUND(O37+X37+Y37+GK37,2),0) -> 0 | GP37: =IF(BI37=4,ROUND(O37+X37+Y37+GK37,2)+GX37,0) -> 0 | GR37: 0 | GS37: 3 | GT37: 0 | GV37: =ROUND((GT37),2) -> 0 | GW37: 1 | GX37: =ROUND(HC37*I37,2) -> 0 | HA37: 0 | HB37: 0 | HC37: =GV37*GW37 -> 0 | IK37: 0
A38: 17 | B38: 1 | C38: =ROW(SmtRes!A58) -> 58 | D38: =ROW(EtalonRes!A68) -> 68 | E38: 11 | F38: 10-01-014-02 прим | G38: Демонтаж:Устройство чистых перегородок дощатых однослойных (короб деревянный) | H38: 100 м2 | I38: =ROUND(26.96/100,9) -> 0.2696 | J38: 0 | O38: =ROUND(CP38,2) -> 1581.42 | P38: =ROUND(CQ38*I38,2) -> 0 | Q38: =ROUND(CR38*I38,2) -> 198.58 | R38: =ROUND(CS38*I38,2) -> 27.05 | S38: =ROUND(CT38*I38,2) -> 1382.84 | T38: =ROUND(CU38*I38,2) -> 0 | U38: =CV38*I38 -> 27.975853 | V38: =CW38*I38 -> 0.3472448 | W38: =ROUND(CX38*I38,2) -> 0 | X38: =ROUND(CY38,2) -> 1494.48 | Y38: =ROUND(CZ38,2) -> 761.34 | AA38: 27906248 | AB38: =ROUND((AC38+AD38+AF38),2) -> 960.03 | AC38: =ROUND(((ES38*0)),2) -> 0 | AD38: =ROUND(((((ET38*0.8))-((EU38*0.8)))+AE38),2) -> 120.55 | AE38: =ROUND(((EU38*0.8)),2) -> 16.42 | AF38: =ROUND(((EV38*0.8)),2) -> 839.48 | AG38: =ROUND((AP38),2) -> 0 | AH38: =((EW38*0.8)) -> 103.768 | AI38: =((EX38*0.8)) -> 1.288 | AJ38: =(AS38) -> 0 | AK38: 8166.64 | AL38: 6966.61 | AM38: 150.68 | AN38: 20.52 | AO38: 1049.35 | AP38: 0 | AQ38: 129.71 | AR38: 1.61 | AS38: 0 | AT38: 106 | AU38: 54 | AV38: 1 | AW38: 1 | AZ38: 6.11 | BA38: 6.11 | BB38: 6.11 | BC38: 6.11 | BH38: 0 | BI38: 1 | BJ38: ФЕР-2001, 10-01-014-02, приказ Минстроя России №1039/пр от 30.12.2016г. | BM38: 10001 | BN38: 0 | BP38: 0 | BQ38: 2 | BR38: 0 | BS38: 6.11 | BT38: 1 | BU38: 1 | BV38: 1 | BW38: 1 | BX38: 1 | BZ38: 118 | CA38: 63 | CE38: 0 | CF38: 0 | CG38: 0 | CM38: 0 | CN38: Поправка: Табл.2, п.2 Наименование: При демонтаже (разборке) сборных деревянных конструкций | CO38: 0 | CP38: =(P38+Q38+S38) -> 1581.42 | CQ38: =AC38*BC38 -> 0 | CR38: =AD38*BB38 -> 736.5605 | CS38: =AE38*BS38 -> 100.3262 | CT38: =AF38*BA38 -> 5129.2228 | CU38: =AG38 -> 0 | CV38: =AH38 -> 103.768 | CW38: =AI38 -> 1.288 | CX38: =AJ38 -> 0 | CY38: =(((S38+R38)*AT38)/100) -> 1494.4834 | CZ38: =(((S38+R38)*AU38)/100) -> 761.3406 | DD38: )*0 | DE38: )*0,8 | DF38: )*0,8 | DG38: )*0,8 | DI38: )*0,8 | DJ38: )*0,8 | DN38: 0 | DO38: 0 | DP38: 1 | DQ38: 1 | DU38: 1005 | DV38: 100 м2 | DW38: 100 м2 | DX38: 100 | EE38: 27029023 | EF38: 2 | EG38: Общестроительные работы | EH38: 0 | EJ38: 1 | EK38: 10001 | EL38: Деревянные конструкции | EM38: ФЕР-10 | EO38: Поправка: Табл.2, п.2 | EQ38: 131072 | ER38: 8166.64 | ES38: 6966.61 | ET38: 150.68 | EU38: 20.52 | EV38: 1049.35 | EW38: 129.71 | EX38: 1.61 | EY38: 0 | FQ38: 0 | FR38: =ROUND(IF(AND(BH38=3,BI38=3),P38,0),2) -> 0 | FS38: 0 | FT38: *0,9 | FU38: *0,85 | FX38: 106.2 | FY38: 53.55 | GD38: 0 | GF38: 1270186788 | GG38: 1 | GH38: 1 | GI38: 4 | GJ38: 0 | GK38: =ROUND(R38*(R12)/100,2) -> 0 | GL38: =ROUND(IF(AND(BH38=3,BI38=3,FS38<>0),P38,0),2) -> 0 | GM38: =ROUND(O38+X38+Y38+GK38,2)+GX38 -> 3837.24 | GN38: =IF(OR(BI38=0,BI38=1),ROUND(O38+X38+Y38+GK38,2),0) -> 3837.24 | GO38: =IF(BI38=2,ROUND(O38+X38+Y38+GK38,2),0) -> 0 | GP38: =IF(BI38=4,ROUND(O38+X38+Y38+GK38,2)+GX38,0) -> 0 | GR38: 0 | GS38: 3 | GT38: 0 | GV38: =ROUND((GT38),2) -> 0 | GW38: 1 | GX38: =ROUND(HC38*I38,2) -> 0 | HA38: 0 | HB38: 0 | HC38: =GV38*GW38 -> 0 | IK38: 0
A39: 17 | B39: 1 | C39: =ROW(SmtRes!A66) -> 66 | D39: =ROW(EtalonRes!A76) -> 76 | E39: 12 | F39: 10-01-052-02 прим. | G39: Разборка: Устройство внутриквартирных лестниц без подшивки (стенка шведская) | H39: м2 | I39: 16.8 | J39: 0 | O39: =ROUND(CP39,2) -> 3546.49 | P39: =ROUND(CQ39*I39,2) -> 0 | Q39: =ROUND(CR39*I39,2) -> 323.34 | R39: =ROUND(CS39*I39,2) -> 57.48 | S39: =ROUND(CT39*I39,2) -> 3223.15 | T39: =ROUND(CU39*I39,2) -> 0 | U39: =CV39*I39 -> 54.8352 | V39: =CW39*I39 -> 0.8064 | W39: =ROUND(CX39*I39,2) -> 0 | X39: =ROUND(CY39,2) -> 3477.47 | Y39: =ROUND(CZ39,2) -> 1771.54 | AA39: 27906248 | AB39: =ROUND((AC39+AD39+AF39),2) -> 34.55 | AC39: =ROUND(((ES39*0)),2) -> 0 | AD39: =ROUND(((((ET39*0.8))-((EU39*0.8)))+AE39),2) -> 3.15 | AE39: =ROUND(((EU39*0.8)),2) -> 0.56 | AF39: =ROUND(((EV39*0.8)),2) -> 31.4 | AG39: =ROUND((AP39),2) -> 0 | AH39: =((EW39*0.8)) -> 3.264 | AI39: =((EX39*0.8)) -> 0.048 | AJ39: =(AS39) -> 0 | AK39: 441.48 | AL39: 398.29 | AM39: 3.94 | AN39: 0.7 | AO39: 39.25 | AP39: 0 | AQ39: 4.08 | AR39: 0.06 | AS39: 0 | AT39: 106 | AU39: 54 | AV39: 1 | AW39: 1 | AZ39: 6.11 | BA39: 6.11 | BB39: 6.11 | BC39: 6.11 | BH39: 0 | BI39: 1 | BJ39: ФЕР-2001, 10-01-052-02, приказ Минстроя России №1039/пр от 30.12.2016г. | BM39: 10001 | BN39: 0 | BP39: 0 | BQ39: 2 | BR39: 0 | BS39: 6.11 | BT39: 1 | BU39: 1 | BV39: 1 | BW39: 1 | BX39: 1 | BZ39: 118 | CA39: 63 | CE39: 0 | CF39: 0 | CG39: 0 | CM39: 0 | CN39: Поправка: Табл.2, п.2 Наименование: При демонтаже (разборке) сборных деревянных конструкций | CO39: 0 | CP39: =(P39+Q39+S39) -> 3546.49 | CQ39: =AC39*BC39 -> 0 | CR39: =AD39*BB39 -> 19.2465 | CS39: =AE39*BS39 -> 3.4216 | CT39: =AF39*BA39 -> 191.854 | CU39: =AG39 -> 0 | CV39: =AH39 -> 3.264 | CW39: =AI39 -> 0.048 | CX39: =AJ39 -> 0 | CY39: =(((S39+R39)*AT39)/100) -> 3477.4678 | CZ39: =(((S39+R39)*AU39)/100) -> 1771.5402 | DD39: )*0 | DE39: )*0,8 | DF39: )*0,8 | DG39: )*0,8 | DI39: )*0,8 | DJ39: )*0,8 | DN39: 0 | DO39: 0 | DP39: 1 | DQ39: 1 | DU39: 1005 | DV39: м2 | DW39: м2 | DX39: 1 | EE39: 27029023 | EF39: 2 | EG39: Общестроительные работы | EH39: 0 | EJ39: 1 | EK39: 10001 | EL39: Деревянные конструкции | EM39: ФЕР-10 | EO39: Поправка: Табл.2, п.2 | EQ39: 131072 | ER39: 441.48 | ES39: 398.29 | ET39: 3.94 | EU39: 0.7 | EV39: 39.25 | EW39: 4.08 | EX39: 0.06 | EY39: 0 | FQ39: 0 | FR39: =ROUND(IF(AND(BH39=3,BI39=3),P39,0),2) -> 0 | FS39: 0 | FT39: *0,9 | FU39: *0,85 | FX39: 106.2 | FY39: 53.55 | GD39: 0 | GF39: -360648514 | GG39: 1 | GH39: 1 | GI39: 4 | GJ39: 0 | GK39: =ROUND(R39*(R12)/100,2) -> 0 | GL39: =ROUND(IF(AND(BH39=3,BI39=3,FS39<>0),P39,0),2) -> 0 | GM39: =ROUND(O39+X39+Y39+GK39,2)+GX39 -> 8795.5 | GN39: =IF(OR(BI39=0,BI39=1),ROUND(O39+X39+Y39+GK39,2),0) -> 8795.5 | GO39: =IF(BI39=2,ROUND(O39+X39+Y39+GK39,2),0) -> 0 | GP39: =IF(BI39=4,ROUND(O39+X39+Y39+GK39,2)+GX39,0) -> 0 | GR39: 0 | GS39: 3 | GT39: 0 | GV39: =ROUND((GT39),2) -> 0 | GW39: 1 | GX39: =ROUND(HC39*I39,2) -> 0 | HA39: 0 | HB39: 0 | HC39: =GV39*GW39 -> 0 | IK39: 0
A40: 17 | B40: 1 | C40: =ROW(SmtRes!A71) -> 71 | D40: =ROW(EtalonRes!A81) -> 81 | E40: 13 | F40: 10-02-031-03 прим. | G40: Разборка:Сборка перегородок дощатых щитовых (короб из ДСП) | H40: 100 м2 | I40: =ROUND(10.2/100,9) -> 0.102 | J40: 0 | O40: =ROUND(CP40,2) -> 256.21 | P40: =ROUND(CQ40*I40,2) -> 0 | Q40: =ROUND(CR40*I40,2) -> 69.28 | R40: =ROUND(CS40*I40,2) -> 10.16 | S40: =ROUND(CT40*I40,2) -> 186.93 | T40: =ROUND(CU40*I40,2) -> 0 | U40: =CV40*I40 -> 3.744624 | V40: =CW40*I40 -> 0.13464 | W40: =ROUND(CX40*I40,2) -> 0 | X40: =ROUND(CY40,2) -> 208.92 | Y40: =ROUND(CZ40,2) -> 106.43 | AA40: 27906248 | AB40: =ROUND((AC40+AD40+AF40),2) -> 411.11 | AC40: =ROUND(((ES40*0)),2) -> 0 | AD40: =ROUND(((((ET40*0.8))-((EU40*0.8)))+AE40),2) -> 111.17 | AE40: =ROUND(((EU40*0.8)),2) -> 16.31 | AF40: =ROUND(((EV40*0.8)),2) -> 299.94 | AG40: =ROUND((AP40),2) -> 0 | AH40: =((EW40*0.8)) -> 36.712 | AI40: =((EX40*0.8)) -> 1.32 | AJ40: =(AS40) -> 0 | AK40: 609.7 | AL40: 95.82 | AM40: 138.96 | AN40: 20.39 | AO40: 374.92 | AP40: 0 | AQ40: 45.89 | AR40: 1.65 | AS40: 0 | AT40: 106 | AU40: 54 | AV40: 1 | AW40: 1 | AZ40: 6.11 | BA40: 6.11 | BB40: 6.11 | BC40: 6.11 | BH40: 0 | BI40: 1 | BJ40: ФЕР-2001, 10-02-031-03, приказ Минстроя России №1039/пр от 30.12.2016г. | BM40: 10001 | BN40: 0 | BP40: 0 | BQ40: 2 | BR40: 0 | BS40: 6.11 | BT40: 1 | BU40: 1 | BV40: 1 | BW40: 1 | BX40: 1 | BZ40: 118 | CA40: 63 | CE40: 0 | CF40: 0 | CG40: 0 | CM40: 0 | CN40: Поправка: Табл.2, п.2 Наименование: При демонтаже (разборке) сборных деревянных конструкций | CO40: 0 | CP40: =(P40+Q40+S40) -> 256.21 | CQ40: =AC40*BC40 -> 0 | CR40: =AD40*BB40 -> 679.2487 | CS40: =AE40*BS40 -> 99.6541 | CT40: =AF40*BA40 -> 1832.6334 | CU40: =AG40 -> 0 | CV40: =AH40 -> 36.712 | CW40: =AI40 -> 1.32 | CX40: =AJ40 -> 0 | CY40: =(((S40+R40)*AT40)/100) -> 208.9154 | CZ40: =(((S40+R40)*AU40)/100) -> 106.4286 | DD40: )*0 | DE40: )*0,8 | DF40: )*0,8 | DG40: )*0,8 | DI40: )*0,8 | DJ40: )*0,8 | DN40: 0 | DO40: 0 | DP40: 1 | DQ40: 1 | DU40: 1005 | DV40: 100 м2 | DW40: 100 м2 | DX40: 100 | EE40: 27029023 | EF40: 2 | EG40: Общестроительные работы | EH40: 0 | EJ40: 1 | EK40: 10001 | EL40: Деревянные конструкции | EM40: ФЕР-10 | EO40: Поправка: Табл.2, п.2 | EQ40: 131072 | ER40: 609.7 | ES40: 95.82 | ET40: 138.96 | EU40: 20.39 | EV40: 374.92 | EW40: 45.89 | EX40: 1.65 | EY40: 0 | FQ40: 0 | FR40: =ROUND(IF(AND(BH40=3,BI40=3),P40,0),2) -> 0 | FS40: 0 | FT40: *0,9 | FU40: *0,85 | FX40: 106.2 | FY40: 53.55 | GD40: 0 | GF40: 286433594 | GG40: 1 | GH40: 1 | GI40: 4 | GJ40: 0 | GK40: =ROUND(R40*(R12)/100,2) -> 0 | GL40: =ROUND(IF(AND(BH40=3,BI40=3,FS40<>0),P40,0),2) -> 0 | GM40: =ROUND(O40+X40+Y40+GK40,2)+GX40 -> 571.56 | GN40: =IF(OR(BI40=0,BI40=1),ROUND(O40+X40+Y40+GK40,2),0) -> 571.56 | GO40: =IF(BI40=2,ROUND(O40+X40+Y40+GK40,2),0) -> 0 | GP40: =IF(BI40=4,ROUND(O40+X40+Y40+GK40,2)+GX40,0) -> 0 | GR40: 0 | GS40: 3 | GT40: 0 | GV40: =ROUND((GT40),2) -> 0 | GW40: 1 | GX40: =ROUND(HC40*I40,2) -> 0 | HA40: 0 | HB40: 0 | HC40: =GV40*GW40 -> 0 | IK40: 0
A41: 17 | B41: 1 | C41: =ROW(SmtRes!A74) -> 74 | D41: =ROW(EtalonRes!A84) -> 84 | E41: 14 | F41: 63-10-1 | G41: Разборка облицовки из гипсокартонных листов стен, откосов и перегородок | H41: 100 м2 | I41: =ROUND((102.4+4.77+3.96)/100,9) -> 1.1113 | J41: 0 | O41: =ROUND(CP41,2) -> 471.3 | P41: =ROUND(CQ41*I41,2) -> 0 | Q41: =ROUND(CR41*I41,2) -> 42.44 | R41: =ROUND(CS41*I41,2) -> 18.33 | S41: =ROUND(CT41*I41,2) -> 428.86 | T41: =ROUND(CU41*I41,2) -> 0 | U41: =CV41*I41 -> 8.123603 | V41: =CW41*I41 -> 0.22226 | W41: =ROUND(CX41*I41,2) -> 0 | X41: =ROUND(CY41,2) -> 344.34 | Y41: =ROUND(CZ41,2) -> 223.6 | AA41: 27906248 | AB41: =ROUND((AC41+AD41+AF41),2) -> 69.41 | AC41: =ROUND((ES41),2) -> 0 | AD41: =ROUND((((ET41)-(EU41))+AE41),2) -> 6.25 | AE41: =ROUND((EU41),2) -> 2.7 | AF41: =ROUND((EV41),2) -> 63.16 | AG41: =ROUND((AP41),2) -> 0 | AH41: =(EW41) -> 7.31 | AI41: =(EX41) -> 0.2 | AJ41: =(AS41) -> 0 | AK41: 69.41 | AL41: 0 | AM41: 6.25 | AN41: 2.7 | AO41: 63.16 | AP41: 0 | AQ41: 7.31 | AR41: 0.2 | AS41: 0 | AT41: 77 | AU41: 50 | AV41: 1 | AW41: 1 | AZ41: 6.11 | BA41: 6.11 | BB41: 6.11 | BC41: 6.11 | BH41: 0 | BI41: 1 | BJ41: ФЕРр-2001, 63-10-1, приказ Минстроя России №1039/пр от 30.12.2016г. | BM41: 63001 | BN41: 0 | BP41: 0 | BQ41: 6 | BR41: 0 | BS41: 6.11 | BT41: 1 | BU41: 1 | BV41: 1 | BW41: 1 | BX41: 1 | BZ41: 77 | CA41: 50 | CE41: 0 | CF41: 0 | CG41: 0 | CM41: 0 | CO41: 0 | CP41: =(P41+Q41+S41) -> 471.3 | CQ41: =AC41*BC41 -> 0 | CR41: =AD41*BB41 -> 38.1875 | CS41: =AE41*BS41 -> 16.497 | CT41: =AF41*BA41 -> 385.9076 | CU41: =AG41 -> 0 | CV41: =AH41 -> 7.31 | CW41: =AI41 -> 0.2 | CX41: =AJ41 -> 0 | CY41: =(((S41+R41)*AT41)/100) -> 344.3363 | CZ41: =(((S41+R41)*AU41)/100) -> 223.595 | DN41: 0 | DO41: 0 | DP41: 1 | DQ41: 1 | DU41: 1005 | DV41: 100 м2 | DW41: 100 м2 | DX41: 100 | EE41: 27029108 | EF41: 6 | EG41: Ремонтно-строительные работы | EH41: 0 | EJ41: 1 | EK41: 63001 | EL41: Стекольные, обойные, облицовочные работы | EM41: рФЕР-63 | EQ41: 0 | ER41: 69.41 | ES41: 0 | ET41: 6.25 | EU41: 2.7 | EV41: 63.16 | EW41: 7.31 | EX41: 0.2 | EY41: 0 | FQ41: 0 | FR41: =ROUND(IF(AND(BH41=3,BI41=3),P41,0),2) -> 0 | FS41: 0 | FX41: 77 | FY41: 50 | GD41: 0 | GF41: -825807588 | GG41: 1 | GH41: 1 | GI41: 4 | GJ41: 0 | GK41: =ROUND(R41*(R12)/100,2) -> 0 | GL41: =ROUND(IF(AND(BH41=3,BI41=3,FS41<>0),P41,0),2) -> 0 | GM41: =ROUND(O41+X41+Y41+GK41,2)+GX41 -> 1039.24 | GN41: =IF(OR(BI41=0,BI41=1),ROUND(O41+X41+Y41+GK41,2),0) -> 1039.24 | GO41: =IF(BI41=2,ROUND(O41+X41+Y41+GK41,2),0) -> 0 | GP41: =IF(BI41=4,ROUND(O41+X41+Y41+GK41,2)+GX41,0) -> 0 | GR41: 0 | GS41: 3 | GT41: 0 | GV41: =ROUND((GT41),2) -> 0 | GW41: 1 | GX41: =ROUND(HC41*I41,2) -> 0 | HA41: 0 | HB41: 0 | HC41: =GV41*GW41 -> 0 | IK41: 0
A42: 17 | B42: 1 | C42: =ROW(SmtRes!A85) -> 85 | D42: =ROW(EtalonRes!A95) -> 95 | E42: 15 | F42: 15-02-041-03 | G42: Разборка :Устройство металлического каркаса из направляющих профилей под облицовку различными материалами стен | H42: 100 м2 | I42: =ROUND(111.13/100,9) -> 1.1113 | J42: 0 | O42: =ROUND(CP42,2) -> 1876.56 | P42: =ROUND(CQ42*I42,2) -> 0 | Q42: =ROUND(CR42*I42,2) -> 7.13 | R42: =ROUND(CS42*I42,2) -> 2.78 | S42: =ROUND(CT42*I42,2) -> 1869.43 | T42: =ROUND(CU42*I42,2) -> 0 | U42: =CV42*I42 -> 35.86943 | V42: =CW42*I42 -> 0.0311164 | W42: =ROUND(CX42*I42,2) -> 0 | X42: =ROUND(CY42,2) -> 1778.6 | Y42: =ROUND(CZ42,2) -> 879.94 | AA42: 27906248 | AB42: =ROUND((AC42+AD42+AF42),2) -> 276.37 | AC42: =ROUND(((ES42*0)),2) -> 0 | AD42: =ROUND(((((ET42*0.7))-((EU42*0.7)))+AE42),2) -> 1.05 | AE42: =ROUND(((EU42*0.7)),2) -> 0.41 | AF42: =ROUND(((EV42*0.7)),2) -> 275.32 | AG42: =ROUND((AP42),2) -> 0 | AH42: =((EW42*0.7)) -> 32.277 | AI42: =((EX42*0.7)) -> 0.028 | AJ42: =(AS42) -> 0 | AK42: 3623.45 | AL42: 3228.62 | AM42: 1.51 | AN42: 0.59 | AO42: 393.32 | AP42: 0 | AQ42: 46.11 | AR42: 0.04 | AS42: 0 | AT42: 95 | AU42: 47 | AV42: 1 | AW42: 1 | AZ42: 6.11 | BA42: 6.11 | BB42: 6.11 | BC42: 6.11 | BH42: 0 | BI42: 1 | BJ42: ФЕР-2001, 15-02-041-03, приказ Минстроя России №886/пр от 15.06.2017 | BM42: 15001 | BN42: 0 | BP42: 0 | BQ42: 2 | BR42: 0 | BS42: 6.11 | BT42: 1 | BU42: 1 | BV42: 1 | BW42: 1 | BX42: 1 | BZ42: 105 | CA42: 55 | CE42: 0 | CF42: 0 | CG42: 0 | CM42: 0 | CN42: Поправка: Табл.2, п.2 Наименование: При демонтаже (разборке) сборных деревянных конструкций Поправка: МДС 81-36.2004, п.3.3.1.д Наименование: При демонтаже металлических конструкций Поправка: МДС 81-36.2004, п.3.3.1.д Наименование: При демонтаже металлических конструкций | CO42: 0 | CP42: =(P42+Q42+S42) -> 1876.56 | CQ42: =AC42*BC42 -> 0 | CR42: =AD42*BB42 -> 6.4155 | CS42: =AE42*BS42 -> 2.5051 | CT42: =AF42*BA42 -> 1682.2052 | CU42: =AG42 -> 0 | CV42: =AH42 -> 32.277 | CW42: =AI42 -> 0.028 | CX42: =AJ42 -> 0 | CY42: =(((S42+R42)*AT42)/100) -> 1778.5995 | CZ42: =(((S42+R42)*AU42)/100) -> 879.9387 | DD42: )*0 | DE42: )*0,7 | DF42: )*0,7 | DG42: )*0,7 | DI42: )*0,7 | DJ42: )*0,7 | DN42: 0 | DO42: 0 | DP42: 1 | DQ42: 1 | DU42: 1005 | DV42: 100 м2 | DW42: 100 м2 | DX42: 100 | EE42: 27029049 | EF42: 2 | EG42: Общестроительные работы | EH42: 0 | EJ42: 1 | EK42: 15001 | EL42: Отделочные работы | EM42: ФЕР-15 | EO42: Поправка: Табл.2, п.2 Поправка: МДС 81-36.2004, п.3.3.1.д Поправка: МДС 81-36.2004, п.3.3.1.д | EQ42: 131072 | ER42: 3623.45 | ES42: 3228.62 | ET42: 1.51 | EU42: 0.59 | EV42: 393.32 | EW42: 46.11 | EX42: 0.04 | EY42: 0 | FQ42: 0 | FR42: =ROUND(IF(AND(BH42=3,BI42=3),P42,0),2) -> 0 | FS42: 0 | FT42: *0,9 | FU42: *0,85 | FX42: 94.5 | FY42: 46.75 | GD42: 0 | GF42: 227955695 | GG42: 1 | GH42: 1 | GI42: 4 | GJ42: 0 | GK42: =ROUND(R42*(R12)/100,2) -> 0 | GL42: =ROUND(IF(AND(BH42=3,BI42=3,FS42<>0),P42,0),2) -> 0 | GM42: =ROUND(O42+X42+Y42+GK42,2)+GX42 -> 4535.1 | GN42: =IF(OR(BI42=0,BI42=1),ROUND(O42+X42+Y42+GK42,2),0) -> 4535.1 | GO42: =IF(BI42=2,ROUND(O42+X42+Y42+GK42,2),0) -> 0 | GP42: =IF(BI42=4,ROUND(O42+X42+Y42+GK42,2)+GX42,0) -> 0 | GR42: 0 | GS42: 3 | GT42: 0 | GV42: =ROUND((GT42),2) -> 0 | GW42: 1 | GX42: =ROUND(HC42*I42,2) -> 0 | HA42: 0 | HB42: 0 | HC42: =GV42*GW42 -> 0 | IK42: 0
A43: 17 | B43: 1 | C43: =ROW(SmtRes!A88) -> 88 | D43: =ROW(EtalonRes!A98) -> 98 | E43: 16 | F43: 63-10-2 | G43: Разборка облицовки из гипсокартонных листов потолков | H43: 100 м2 | I43: =ROUND(29.8/100,9) -> 0.298 | J43: 0 | O43: =ROUND(CP43,2) -> 162.09 | P43: =ROUND(CQ43*I43,2) -> 0 | Q43: =ROUND(CR43*I43,2) -> 11.38 | R43: =ROUND(CS43*I43,2) -> 4.92 | S43: =ROUND(CT43*I43,2) -> 150.71 | T43: =ROUND(CU43*I43,2) -> 0 | U43: =CV43*I43 -> 2.85484 | V43: =CW43*I43 -> 0.0596 | W43: =ROUND(CX43*I43,2) -> 0 | X43: =ROUND(CY43,2) -> 119.84 | Y43: =ROUND(CZ43,2) -> 77.82 | AA43: 27906248 | AB43: =ROUND((AC43+AD43+AF43),2) -> 89.02 | AC43: =ROUND((ES43),2) -> 0 | AD43: =ROUND((((ET43)-(EU43))+AE43),2) -> 6.25 | AE43: =ROUND((EU43),2) -> 2.7 | AF43: =ROUND((EV43),2) -> 82.77 | AG43: =ROUND((AP43),2) -> 0 | AH43: =(EW43) -> 9.58 | AI43: =(EX43) -> 0.2 | AJ43: =(AS43) -> 0 | AK43: 89.02 | AL43: 0 | AM43: 6.25 | AN43: 2.7 | AO43: 82.77 | AP43: 0 | AQ43: 9.58 | AR43: 0.2 | AS43: 0 | AT43: 77 | AU43: 50 | AV43: 1 | AW43: 1 | AZ43: 6.11 | BA43: 6.11 | BB43: 6.11 | BC43: 6.11 | BH43: 0 | BI43: 1 | BJ43: ФЕРр-2001, 63-10-2, приказ Минстроя России №1039/пр от 30.12.2016г. | BM43: 63001 | BN43: 0 | BP43: 0 | BQ43: 6 | BR43: 0 | BS43: 6.11 | BT43: 1 | BU43: 1 | BV43: 1 | BW43: 1 | BX43: 1 | BZ43: 77 | CA43: 50 | CE43: 0 | CF43: 0 | CG43: 0 | CM43: 0 | CO43: 0 | CP43: =(P43+Q43+S43) -> 162.09 | CQ43: =AC43*BC43 -> 0 | CR43: =AD43*BB43 -> 38.1875 | CS43: =AE43*BS43 -> 16.497 | CT43: =AF43*BA43 -> 505.7247 | CU43: =AG43 -> 0 | CV43: =AH43 -> 9.58 | CW43: =AI43 -> 0.2 | CX43: =AJ43 -> 0 | CY43: =(((S43+R43)*AT43)/100) -> 119.8351 | CZ43: =(((S43+R43)*AU43)/100) -> 77.815 | DN43: 0 | DO43: 0 | DP43: 1 | DQ43: 1 | DU43: 1005 | DV43: 100 м2 | DW43: 100 м2 | DX43: 100 | EE43: 27029108 | EF43: 6 | EG43: Ремонтно-строительные работы | EH43: 0 | EJ43: 1 | EK43: 63001 | EL43: Стекольные, обойные, облицовочные работы | EM43: рФЕР-63 | EQ43: 0 | ER43: 89.02 | ES43: 0 | ET43: 6.25 | EU43: 2.7 | EV43: 82.77 | EW43: 9.58 | EX43: 0.2 | EY43: 0 | FQ43: 0 | FR43: =ROUND(IF(AND(BH43=3,BI43=3),P43,0),2) -> 0 | FS43: 0 | FX43: 77 | FY43: 50 | GD43: 0 | GF43: -113759764 | GG43: 1 | GH43: 1 | GI43: 4 | GJ43: 0 | GK43: =ROUND(R43*(R12)/100,2) -> 0 | GL43: =ROUND(IF(AND(BH43=3,BI43=3,FS43<>0),P43,0),2) -> 0 | GM43: =ROUND(O43+X43+Y43+GK43,2)+GX43 -> 359.75 | GN43: =IF(OR(BI43=0,BI43=1),ROUND(O43+X43+Y43+GK43,2),0) -> 359.75 | GO43: =IF(BI43=2,ROUND(O43+X43+Y43+GK43,2),0) -> 0 | GP43: =IF(BI43=4,ROUND(O43+X43+Y43+GK43,2)+GX43,0) -> 0 | GR43: 0 | GS43: 3 | GT43: 0 | GV43: =ROUND((GT43),2) -> 0 | GW43: 1 | GX43: =ROUND(HC43*I43,2) -> 0 | HA43: 0 | HB43: 0 | HC43: =GV43*GW43 -> 0 | IK43: 0
A44: 17 | B44: 1 | C44: =ROW(SmtRes!A99) -> 99 | D44: =ROW(EtalonRes!A109) -> 109 | E44: 17 | F44: 15-02-041-01 | G44: Разборка:Устройство металлического каркаса из направляющих профилей под облицовку различными материалами потолков | H44: 100 м2 | I44: =ROUND(29.8/100,9) -> 0.298 | J44: 0 | O44: =ROUND(CP44,2) -> 530.82 | P44: =ROUND(CQ44*I44,2) -> 0 | Q44: =ROUND(CR44*I44,2) -> 1.46 | R44: =ROUND(CS44*I44,2) -> 0.56 | S44: =ROUND(CT44*I44,2) -> 529.36 | T44: =ROUND(CU44*I44,2) -> 0 | U44: =CV44*I44 -> 10.156734 | V44: =CW44*I44 -> 0.006258 | W44: =ROUND(CX44*I44,2) -> 0 | X44: =ROUND(CY44,2) -> 503.42 | Y44: =ROUND(CZ44,2) -> 249.06 | AA44: 27906248 | AB44: =ROUND((AC44+AD44+AF44),2) -> 291.53 | AC44: =ROUND(((ES44*0)),2) -> 0 | AD44: =ROUND(((((ET44*0.7))-((EU44*0.7)))+AE44),2) -> 0.8 | AE44: =ROUND(((EU44*0.7)),2) -> 0.31 | AF44: =ROUND(((EV44*0.7)),2) -> 290.73 | AG44: =ROUND((AP44),2) -> 0 | AH44: =((EW44*0.7)) -> 34.083 | AI44: =((EX44*0.7)) -> 0.021 | AJ44: =(AS44) -> 0 | AK44: 2919.94 | AL44: 2503.47 | AM44: 1.14 | AN44: 0.44 | AO44: 415.33 | AP44: 0 | AQ44: 48.69 | AR44: 0.03 | AS44: 0 | AT44: 95 | AU44: 47 | AV44: 1 | AW44: 1 | AZ44: 6.11 | BA44: 6.11 | BB44: 6.11 | BC44: 6.11 | BH44: 0 | BI44: 1 | BJ44: ФЕР-2001, 15-02-041-01, приказ Минстроя России №886/пр от 15.06.2017 | BM44: 15001 | BN44: 0 | BP44: 0 | BQ44: 2 | BR44: 0 | BS44: 6.11 | BT44: 1 | BU44: 1 | BV44: 1 | BW44: 1 | BX44: 1 | BZ44: 105 | CA44: 55 | CE44: 0 | CF44: 0 | CG44: 0 | CM44: 0 | CN44: Поправка: МДС 81-36.2004, п.3.3.1.д Наименование: При демонтаже металлических конструкций | CO44: 0 | CP44: =(P44+Q44+S44) -> 530.82 | CQ44: =AC44*BC44 -> 0 | CR44: =AD44*BB44 -> 4.888 | CS44: =AE44*BS44 -> 1.8941 | CT44: =AF44*BA44 -> 1776.3603 | CU44: =AG44 -> 0 | CV44: =AH44 -> 34.083 | CW44: =AI44 -> 0.021 | CX44: =AJ44 -> 0 | CY44: =(((S44+R44)*AT44)/100) -> 503.424 | CZ44: =(((S44+R44)*AU44)/100) -> 249.0624 | DD44: )*0 | DE44: )*0,7 | DF44: )*0,7 | DG44: )*0,7 | DI44: )*0,7 | DJ44: )*0,7 | DN44: 0 | DO44: 0 | DP44: 1 | DQ44: 1 | DU44: 1005 | DV44: 100 м2 | DW44: 100 м2 | DX44: 100 | EE44: 27029049 | EF44: 2 | EG44: Общестроительные работы | EH44: 0 | EJ44: 1 | EK44: 15001 | EL44: Отделочные работы | EM44: ФЕР-15 | EO44: Поправка: МДС 81-36.2004, п.3.3.1.д | EQ44: 131072 | ER44: 2919.94 | ES44: 2503.47 | ET44: 1.14 | EU44: 0.44 | EV44: 415.33 | EW44: 48.69 | EX44: 0.03 | EY44: 0 | FQ44: 0 | FR44: =ROUND(IF(AND(BH44=3,BI44=3),P44,0),2) -> 0 | FS44: 0 | FT44: *0,9 | FU44: *0,85 | FX44: 94.5 | FY44: 46.75 | GD44: 0 | GF44: -1506358326 | GG44: 1 | GH44: 1 | GI44: 4 | GJ44: 0 | GK44: =ROUND(R44*(R12)/100,2) -> 0 | GL44: =ROUND(IF(AND(BH44=3,BI44=3,FS44<>0),P44,0),2) -> 0 | GM44: =ROUND(O44+X44+Y44+GK44,2)+GX44 -> 1283.3 | GN44: =IF(OR(BI44=0,BI44=1),ROUND(O44+X44+Y44+GK44,2),0) -> 1283.3 | GO44: =IF(BI44=2,ROUND(O44+X44+Y44+GK44,2),0) -> 0 | GP44: =IF(BI44=4,ROUND(O44+X44+Y44+GK44,2)+GX44,0) -> 0 | GR44: 0 | GS44: 3 | GT44: 0 | GV44: =ROUND((GT44),2) -> 0 | GW44: 1 | GX44: =ROUND(HC44*I44,2) -> 0 | HA44: 0 | HB44: 0 | HC44: =GV44*GW44 -> 0 | IK44: 0
A45: 17 | B45: 1 | C45: =ROW(SmtRes!A100) -> 100 | D45: =ROW(EtalonRes!A111) -> 111 | E45: 18 | F45: 56-3-4 | G45: Снятие подоконных досок пластиковых | H45: 100 м2 | I45: =ROUND(2.8/100,9) -> 0.028 | J45: 0 | O45: =ROUND(CP45,2) -> 19.47 | P45: =ROUND(CQ45*I45,2) -> 0 | Q45: =ROUND(CR45*I45,2) -> 0 | R45: =ROUND(CS45*I45,2) -> 0 | S45: =ROUND(CT45*I45,2) -> 19.47 | T45: =ROUND(CU45*I45,2) -> 0 | U45: =CV45*I45 -> 0.4116 | V45: =CW45*I45 -> 0 | W45: =ROUND(CX45*I45,2) -> 0 | X45: =ROUND(CY45,2) -> 15.97 | Y45: =ROUND(CZ45,2) -> 12.07 | AA45: 27906248 | AB45: =ROUND((AC45+AD45+AF45),2) -> 113.78 | AC45: =ROUND((ES45),2) -> 0 | AD45: =ROUND((((ET45)-(EU45))+AE45),2) -> 0 | AE45: =ROUND((EU45),2) -> 0 | AF45: =ROUND((EV45),2) -> 113.78 | AG45: =ROUND((AP45),2) -> 0 | AH45: =(EW45) -> 14.7 | AI45: =(EX45) -> 0 | AJ45: =(AS45) -> 0 | AK45: 113.78 | AL45: 0 | AM45: 0 | AN45: 0 | AO45: 113.78 | AP45: 0 | AQ45: 14.7 | AR45: 0 | AS45: 0 | AT45: 82 | AU45: 62 | AV45: 1 | AW45: 1 | AZ45: 6.11 | BA45: 6.11 | BB45: 6.11 | BC45: 6.11 | BH45: 0 | BI45: 1 | BJ45: ФЕРр-2001, 56-3-4, приказ Минстроя России №886/пр от 15.06.2017 | BM45: 56001 | BN45: 0 | BP45: 0 | BQ45: 6 | BR45: 0 | BS45: 6.11 | BT45: 1 | BU45: 1 | BV45: 1 | BW45: 1 | BX45: 1 | BZ45: 82 | CA45: 62 | CE45: 0 | CF45: 0 | CG45: 0 | CM45: 0 | CO45: 0 | CP45: =(P45+Q45+S45) -> 19.47 | CQ45: =AC45*BC45 -> 0 | CR45: =AD45*BB45 -> 0 | CS45: =AE45*BS45 -> 0 | CT45: =AF45*BA45 -> 695.1958 | CU45: =AG45 -> 0 | CV45: =AH45 -> 14.7 | CW45: =AI45 -> 0 | CX45: =AJ45 -> 0 | CY45: =(((S45+R45)*AT45)/100) -> 15.9654 | CZ45: =(((S45+R45)*AU45)/100) -> 12.0714 | DN45: 0 | DO45: 0 | DP45: 1 | DQ45: 1 | DU45: 1005 | DV45: 100 м2 | DW45: 100 м2 | DX45: 100 | EE45: 27029101 | EF45: 6 | EG45: Ремонтно-строительные работы | EH45: 0 | EJ45: 1 | EK45: 56001 | EL45: Проемы | EM45: рФЕР-56 | EQ45: 131072 | ER45: 113.78 | ES45: 0 | ET45: 0 | EU45: 0 | EV45: 113.78 | EW45: 14.7 | EX45: 0 | EY45: 0 | FQ45: 0 | FR45: =ROUND(IF(AND(BH45=3,BI45=3),P45,0),2) -> 0 | FS45: 0 | FX45: 82 | FY45: 62 | GD45: 0 | GF45: 1742949054 | GG45: 1 | GH45: 1 | GI45: 4 | GJ45: 0 | GK45: =ROUND(R45*(R12)/100,2) -> 0 | GL45: =ROUND(IF(AND(BH45=3,BI45=3,FS45<>0),P45,0),2) -> 0 | GM45: =ROUND(O45+X45+Y45+GK45,2)+GX45 -> 47.51 | GN45: =IF(OR(BI45=0,BI45=1),ROUND(O45+X45+Y45+GK45,2),0) -> 47.51 | GO45: =IF(BI45=2,ROUND(O45+X45+Y45+GK45,2),0) -> 0 | GP45: =IF(BI45=4,ROUND(O45+X45+Y45+GK45,2)+GX45,0) -> 0 | GR45: 0 | GS45: 3 | GT45: 0 | GV45: =ROUND((GT45),2) -> 0 | GW45: 1 | GX45: =ROUND(HC45*I45,2) -> 0 | HA45: 0 | HB45: 0 | HC45: =GV45*GW45 -> 0 | IK45: 0
A46: 17 | B46: 1 | C46: =ROW(SmtRes!A101) -> 101 | D46: =ROW(EtalonRes!A112) -> 112 | E46: 19 | F46: 13-06-003-01 | G46: Очистка поверхности щетками | H46: м2 | I46: =ROUND(16.84+24.02,9) -> 40.86 | J46: 0 | O46: =ROUND(CP46,2) -> 2204.45 | P46: =ROUND(CQ46*I46,2) -> 0 | Q46: =ROUND(CR46*I46,2) -> 0 | R46: =ROUND(CS46*I46,2) -> 0 | S46: =ROUND(CT46*I46,2) -> 2204.45 | T46: =ROUND(CU46*I46,2) -> 0 | U46: =CV46*I46 -> 42.2901 | V46: =CW46*I46 -> 0 | W46: =ROUND(CX46*I46,2) -> 0 | X46: =ROUND(CY46,2) -> 1785.6 | Y46: =ROUND(CZ46,2) -> 1322.67 | AA46: 27906248 | AB46: =ROUND((AC46+AD46+AF46),2) -> 8.83 | AC46: =ROUND((ES46),2) -> 0 | AD46: =ROUND(((((ET46*1.25))-((EU46*1.25)))+AE46),2) -> 0 | AE46: =ROUND(((EU46*1.25)),2) -> 0 | AF46: =ROUND(((EV46*1.15)),2) -> 8.83 | AG46: =ROUND((AP46),2) -> 0 | AH46: =((EW46*1.15)) -> 1.035 | AI46: =((EX46*1.25)) -> 0 | AJ46: =(AS46) -> 0 | AK46: 7.68 | AL46: 0 | AM46: 0 | AN46: 0 | AO46: 7.68 | AP46: 0 | AQ46: 0.9 | AR46: 0 | AS46: 0 | AT46: 81 | AU46: 60 | AV46: 1 | AW46: 1 | AZ46: 6.11 | BA46: 6.11 | BB46: 6.11 | BC46: 6.11 | BH46: 0 | BI46: 1 | BJ46: ФЕР-2001, 13-06-003-01, приказ Минстроя России №1039/пр от 30.12.2016г. | BM46: 13001 | BN46: 0 | BP46: 0 | BQ46: 2 | BR46: 0 | BS46: 6.11 | BT46: 1 | BU46: 1 | BV46: 1 | BW46: 1 | BX46: 1 | BZ46: 90 | CA46: 70 | CE46: 0 | CF46: 0 | CG46: 0 | CM46: 0 | CN46: Поправка: МДС 81-35.2004, п.4.7 Наименование: Работы, выполняемые при реконструкции зданий и сооружений работы, аналогичные технологическим процессам в новом строительстве (в том числе возведение новых конструктивных элементов) стоимость которых определена по соответствующим сборникам ФЕР, кроме сборника № 46 «Работы при реконструкции зданий и сооружений» | CO46: 0 | CP46: =(P46+Q46+S46) -> 2204.45 | CQ46: =AC46*BC46 -> 0 | CR46: =AD46*BB46 -> 0 | CS46: =AE46*BS46 -> 0 | CT46: =AF46*BA46 -> 53.9513 | CU46: =AG46 -> 0 | CV46: =AH46 -> 1.035 | CW46: =AI46 -> 0 | CX46: =AJ46 -> 0 | CY46: =(((S46+R46)*AT46)/100) -> 1785.6045 | CZ46: =(((S46+R46)*AU46)/100) -> 1322.67 | DE46: )*1,25 | DF46: )*1,25 | DG46: )*1,15 | DI46: )*1,15 | DJ46: )*1,25 | DN46: 0 | DO46: 0 | DP46: 1 | DQ46: 1 | DU46: 1005 | DV46: м2 | DW46: м2 | DX46: 1 | EE46: 27029026 | EF46: 2 | EG46: Общестроительные работы | EH46: 0 | EJ46: 1 | EK46: 13001 | EL46: Защита строительных конструкций | EM46: ФЕР-13 | EO46: Поправка: МДС 81-35.2004, п.4.7 | EQ46: 0 | ER46: 7.68 | ES46: 0 | ET46: 0 | EU46: 0 | EV46: 7.68 | EW46: 0.9 | EX46: 0 | EY46: 0 | FQ46: 0 | FR46: =ROUND(IF(AND(BH46=3,BI46=3),P46,0),2) -> 0 | FS46: 0 | FT46: *0,9 | FU46: *0,85 | FX46: 81 | FY46: 59.5 | GD46: 0 | GF46: 1256725681 | GG46: 1 | GH46: 1 | GI46: 4 | GJ46: 0 | GK46: =ROUND(R46*(R12)/100,2) -> 0 | GL46: =ROUND(IF(AND(BH46=3,BI46=3,FS46<>0),P46,0),2) -> 0 | GM46: =ROUND(O46+X46+Y46+GK46,2)+GX46 -> 5312.72 | GN46: =IF(OR(BI46=0,BI46=1),ROUND(O46+X46+Y46+GK46,2),0) -> 5312.72 | GO46: =IF(BI46=2,ROUND(O46+X46+Y46+GK46,2),0) -> 0 | GP46: =IF(BI46=4,ROUND(O46+X46+Y46+GK46,2)+GX46,0) -> 0 | GR46: 0 | GS46: 3 | GT46: 0 | GV46: =ROUND((GT46),2) -> 0 | GW46: 1 | GX46: =ROUND(HC46*I46,2) -> 0 | HA46: 0 | HB46: 0 | HC46: =GV46*GW46 -> 0 | IK46: 0
A47: 17 | B47: 1 | C47: =ROW(SmtRes!A102) -> 102 | D47: =ROW(EtalonRes!A113) -> 113 | E47: 20 | F47: 46-02-009-02 | G47: Отбивка штукатурки с поверхностей потолков кирпичных | H47: 100 м2 | I47: =ROUND((294*1.6+192.6)/100,9) -> 6.63 | J47: 0 | O47: =ROUND(CP47,2) -> 7210.66 | P47: =ROUND(CQ47*I47,2) -> 0 | Q47: =ROUND(CR47*I47,2) -> 0 | R47: =ROUND(CS47*I47,2) -> 0 | S47: =ROUND(CT47*I47,2) -> 7210.66 | T47: =ROUND(CU47*I47,2) -> 0 | U47: =CV47*I47 -> 151.2966 | V47: =CW47*I47 -> 0 | W47: =ROUND(CX47*I47,2) -> 0 | X47: =ROUND(CY47,2) -> 7138.55 | Y47: =ROUND(CZ47,2) -> 4326.4 | AA47: 27906248 | AB47: =ROUND((AC47+AD47+AF47),2) -> 178 | AC47: =ROUND((ES47),2) -> 0 | AD47: =ROUND((((ET47)-(EU47))+AE47),2) -> 0 | AE47: =ROUND((EU47),2) -> 0 | AF47: =ROUND((EV47),2) -> 178 | AG47: =ROUND((AP47),2) -> 0 | AH47: =(EW47) -> 22.82 | AI47: =(EX47) -> 0 | AJ47: =(AS47) -> 0 | AK47: 178 | AL47: 0 | AM47: 0 | AN47: 0 | AO47: 178 | AP47: 0 | AQ47: 22.82 | AR47: 0 | AS47: 0 | AT47: 99 | AU47: 60 | AV47: 1 | AW47: 1 | AZ47: 6.11 | BA47: 6.11 | BB47: 6.11 | BC47: 6.11 | BH47: 0 | BI47: 1 | BJ47: ФЕР-2001, 46-02-009-02, приказ Минстроя России №1039/пр от 30.12.2016г. | BM47: 46001 | BN47: 0 | BP47: 0 | BQ47: 2 | BR47: 0 | BS47: 6.11 | BT47: 1 | BU47: 1 | BV47: 1 | BW47: 1 | BX47: 1 | BZ47: 110 | CA47: 70 | CE47: 0 | CF47: 0 | CG47: 0 | CM47: 0 | CO47: 0 | CP47: =(P47+Q47+S47) -> 7210.66 | CQ47: =AC47*BC47 -> 0 | CR47: =AD47*BB47 -> 0 | CS47: =AE47*BS47 -> 0 | CT47: =AF47*BA47 -> 1087.58 | CU47: =AG47 -> 0 | CV47: =AH47 -> 22.82 | CW47: =AI47 -> 0 | CX47: =AJ47 -> 0 | CY47: =(((S47+R47)*AT47)/100) -> 7138.5534 | CZ47: =(((S47+R47)*AU47)/100) -> 4326.396 | DN47: 0 | DO47: 0 | DP47: 1 | DQ47: 1 | DU47: 1005 | DV47: 100 м2 | DW47: 100 м2 | DX47: 100 | EE47: 27029091 | EF47: 2 | EG47: Общестроительные работы | EH47: 0 | EJ47: 1 | EK47: 46001 | EL47: Реконструкция зданий и сооружений | EM47: ФЕР-46 | EQ47: 131072 | ER47: 178 | ES47: 0 | ET47: 0 | EU47: 0 | EV47: 178 | EW47: 22.82 | EX47: 0 | EY47: 0 | FQ47: 0 | FR47: =ROUND(IF(AND(BH47=3,BI47=3),P47,0),2) -> 0 | FS47: 0 | FT47: *0,9 | FU47: *0,85 | FX47: 99 | FY47: 59.5 | GD47: 0 | GF47: 551227410 | GG47: 1 | GH47: 1 | GI47: 4 | GJ47: 0 | GK47: =ROUND(R47*(R12)/100,2) -> 0 | GL47: =ROUND(IF(AND(BH47=3,BI47=3,FS47<>0),P47,0),2) -> 0 | GM47: =ROUND(O47+X47+Y47+GK47,2)+GX47 -> 18675.61 | GN47: =IF(OR(BI47=0,BI47=1),ROUND(O47+X47+Y47+GK47,2),0) -> 18675.61 | GO47: =IF(BI47=2,ROUND(O47+X47+Y47+GK47,2),0) -> 0 | GP47: =IF(BI47=4,ROUND(O47+X47+Y47+GK47,2)+GX47,0) -> 0 | GR47: 0 | GS47: 3 | GT47: 0 | GV47: =ROUND((GT47),2) -> 0 | GW47: 1 | GX47: =ROUND(HC47*I47,2) -> 0 | HA47: 0 | HB47: 0 | HC47: =GV47*GW47 -> 0 | IK47: 0
A48: 17 | B48: 1 | C48: =ROW(SmtRes!A106) -> 106 | D48: =ROW(EtalonRes!A116) -> 116 | E48: 21 | F48: 62-42-1 | G48: Протравка цементной штукатурки нейтрализующим раствором стен и потолков | H48: 100 м2 | I48: =ROUND(60/100,9) -> 0.6 | J48: 0 | O48: =ROUND(CP48,2) -> 136.01 | P48: =ROUND(CQ48*I48,2) -> 28.19 | Q48: =ROUND(CR48*I48,2) -> 0 | R48: =ROUND(CS48*I48,2) -> 0 | S48: =ROUND(CT48*I48,2) -> 107.82 | T48: =ROUND(CU48*I48,2) -> 0 | U48: =CV48*I48 -> 2.262 | V48: =CW48*I48 -> 0 | W48: =ROUND(CX48*I48,2) -> 0 | X48: =ROUND(CY48,2) -> 86.26 | Y48: =ROUND(CZ48,2) -> 53.91 | AA48: 27906248 | AB48: =ROUND((AC48+AD48+AF48),2) -> 37.1 | AC48: =ROUND((ES48),2) -> 7.69 | AD48: =ROUND((((ET48)-(EU48))+AE48),2) -> 0 | AE48: =ROUND((EU48),2) -> 0 | AF48: =ROUND((EV48),2) -> 29.41 | AG48: =ROUND((AP48),2) -> 0 | AH48: =(EW48) -> 3.77 | AI48: =(EX48) -> 0 | AJ48: =(AS48) -> 0 | AK48: 37.1 | AL48: 7.69 | AM48: 0 | AN48: 0 | AO48: 29.41 | AP48: 0 | AQ48: 3.77 | AR48: 0 | AS48: 0 | AT48: 80 | AU48: 50 | AV48: 1 | AW48: 1 | AZ48: 6.11 | BA48: 6.11 | BB48: 6.11 | BC48: 6.11 | BH48: 0 | BI48: 1 | BJ48: ФЕРр-2001, 62-42-1, приказ Минстроя России №1039/пр от 30.12.2016г. | BM48: 62001 | BN48: 0 | BP48: 0 | BQ48: 6 | BR48: 0 | BS48: 6.11 | BT48: 1 | BU48: 1 | BV48: 1 | BW48: 1 | BX48: 1 | BZ48: 80 | CA48: 50 | CE48: 0 | CF48: 0 | CG48: 0 | CM48: 0 | CO48: 0 | CP48: =(P48+Q48+S48) -> 136.01 | CQ48: =AC48*BC48 -> 46.9859 | CR48: =AD48*BB48 -> 0 | CS48: =AE48*BS48 -> 0 | CT48: =AF48*BA48 -> 179.6951 | CU48: =AG48 -> 0 | CV48: =AH48 -> 3.77 | CW48: =AI48 -> 0 | CX48: =AJ48 -> 0 | CY48: =(((S48+R48)*AT48)/100) -> 86.256 | CZ48: =(((S48+R48)*AU48)/100) -> 53.91 | DN48: 0 | DO48: 0 | DP48: 1 | DQ48: 1 | DU48: 1005 | DV48: 100 м2 | DW48: 100 м2 | DX48: 100 | EE48: 27029107 | EF48: 6 | EG48: Ремонтно-строительные работы | EH48: 0 | EJ48: 1 | EK48: 62001 | EL48: Малярные работы | EM48: рФЕР-62 | EQ48: 0 | ER48: 37.1 | ES48: 7.69 | ET48: 0 | EU48: 0 | EV48: 29.41 | EW48: 3.77 | EX48: 0 | EY48: 0 | FQ48: 0 | FR48: =ROUND(IF(AND(BH48=3,BI48=3),P48,0),2) -> 0 | FS48: 0 | FX48: 80 | FY48: 50 | GD48: 0 | GF48: 1861959849 | GG48: 1 | GH48: 1 | GI48: 4 | GJ48: 0 | GK48: =ROUND(R48*(R12)/100,2) -> 0 | GL48: =ROUND(IF(AND(BH48=3,BI48=3,FS48<>0),P48,0),2) -> 0 | GM48: =ROUND(O48+X48+Y48+GK48,2)+GX48 -> 276.18 | GN48: =IF(OR(BI48=0,BI48=1),ROUND(O48+X48+Y48+GK48,2),0) -> 276.18 | GO48: =IF(BI48=2,ROUND(O48+X48+Y48+GK48,2),0) -> 0 | GP48: =IF(BI48=4,ROUND(O48+X48+Y48+GK48,2)+GX48,0) -> 0 | GR48: 0 | GS48: 3 | GT48: 0 | GV48: =ROUND((GT48),2) -> 0 | GW48: 1 | GX48: =ROUND(HC48*I48,2) -> 0 | HA48: 0 | HB48: 0 | HC48: =GV48*GW48 -> 0 | IK48: 0
A49: 18 | B49: 1 | C49: 106 | E49: 21,1 | F49: 14.2.06.03-0201 | G49: Грунтовка-антисептик (против грибков и плесеней) "БИРС Гидрофоб специализированный" | H49: т | I49: =I48*J49 -> 0.0078 | J49: 0.013 | O49: =ROUND(CP49,2) -> 1594.15 | P49: =ROUND(CQ49*I49,2) -> 1594.15 | Q49: =ROUND(CR49*I49,2) -> 0 | R49: =ROUND(CS49*I49,2) -> 0 | S49: =ROUND(CT49*I49,2) -> 0 | T49: =ROUND(CU49*I49,2) -> 0 | U49: =CV49*I49 -> 0 | V49: =CW49*I49 -> 0 | W49: =ROUND(CX49*I49,2) -> 0 | X49: =ROUND(CY49,2) -> 0 | Y49: =ROUND(CZ49,2) -> 0 | AA49: 27906248 | AB49: =ROUND((AC49+AD49+AF49),2) -> 33449.7 | AC49: =ROUND((ES49),2) -> 33449.7 | AD49: =ROUND((((ET49)-(EU49))+AE49),2) -> 0 | AE49: =ROUND((EU49),2) -> 0 | AF49: =ROUND((EV49),2) -> 0 | AG49: =ROUND((AP49),2) -> 0 | AH49: =(EW49) -> 0 | AI49: =(EX49) -> 0 | AJ49: =(AS49) -> 0 | AK49: 33449.7 | AL49: 33449.7 | AM49: 0 | AN49: 0 | AO49: 0 | AP49: 0 | AQ49: 0 | AR49: 0 | AS49: 0 | AT49: 80 | AU49: 50 | AV49: 1 | AW49: 1 | AZ49: 6.11 | BA49: 1 | BB49: 1 | BC49: 6.11 | BH49: 3 | BI49: 1 | BJ49: ФССЦ-2001, 14.2.06.03-0201, приказ Минстроя России №1039/пр от 30.12.2016г. | BM49: 62001 | BN49: 0 | BP49: 0 | BQ49: 6 | BR49: 0 | BS49: 1 | BT49: 1 | BU49: 1 | BV49: 1 | BW49: 1 | BX49: 1 | BZ49: 80 | CA49: 50 | CE49: 0 | CF49: 0 | CG49: 0 | CM49: 0 | CO49: 0 | CP49: =(P49+Q49+S49) -> 1594.15 | CQ49: =AC49*BC49 -> 204377.67 | CR49: =AD49*BB49 -> 0 | CS49: =AE49*BS49 -> 0 | CT49: =AF49*BA49 -> 0 | CU49: =AG49 -> 0 | CV49: =AH49 -> 0 | CW49: =AI49 -> 0 | CX49: =AJ49 -> 0 | CY49: =(((S49+R49)*AT49)/100) -> 0 | CZ49: =(((S49+R49)*AU49)/100) -> 0 | DN49: 0 | DO49: 0 | DP49: 1 | DQ49: 1 | DU49: 1009 | DV49: т | DW49: т | DX49: 1000 | EE49: 27029107 | EF49: 6 | EG49: Ремонтно-строительные работы | EH49: 0 | EJ49: 1 | EK49: 62001 | EL49: Малярные работы | EM49: рФЕР-62 | EQ49: 0 | ER49: 33449.7 | ES49: 33449.7 | ET49: 0 | EU49: 0 | EV49: 0 | EW49: 0 | EX49: 0 | FQ49: 0 | FR49: =ROUND(IF(AND(BH49=3,BI49=3),P49,0),2) -> 0 | FS49: 0 | FX49: 80 | FY49: 50 | GD49: 0 | GF49: 230035090 | GG49: 1 | GH49: 1 | GI49: 4 | GJ49: 0 | GK49: =ROUND(R49*(R12)/100,2) -> 0 | GL49: =ROUND(IF(AND(BH49=3,BI49=3,FS49<>0),P49,0),2) -> 0 | GM49: =ROUND(O49+X49+Y49+GK49,2)+GX49 -> 1594.15 | GN49: =IF(OR(BI49=0,BI49=1),ROUND(O49+X49+Y49+GK49,2),0) -> 1594.15 | GO49: =IF(BI49=2,ROUND(O49+X49+Y49+GK49,2),0) -> 0 | GP49: =IF(BI49=4,ROUND(O49+X49+Y49+GK49,2)+GX49,0) -> 0 | GR49: 0 | GS49: 3 | GT49: 0 | GV49: =ROUND((GT49),2) -> 0 | GW49: 1 | GX49: =ROUND(HC49*I49,2) -> 0 | HA49: 0 | HB49: 0 | HC49: =GV49*GW49 -> 0 | IK49: 0
A50: 18 | B50: 1 | C50: 104 | E50: 21,2 | F50: 01.3.05.19-0011 | G50: Купорос медный марки А | H50: т | I50: =I48*J50 -> -0.0006 | J50: -0.001 | O50: =ROUND(CP50,2) -> -27.76 | P50: =ROUND(CQ50*I50,2) -> -27.76 | Q50: =ROUND(CR50*I50,2) -> 0 | R50: =ROUND(CS50*I50,2) -> 0 | S50: =ROUND(CT50*I50,2) -> 0 | T50: =ROUND(CU50*I50,2) -> 0 | U50: =CV50*I50 -> 0 | V50: =CW50*I50 -> 0 | W50: =ROUND(CX50*I50,2) -> 0 | X50: =ROUND(CY50,2) -> 0 | Y50: =ROUND(CZ50,2) -> 0 | AA50: 27906248 | AB50: =ROUND((AC50+AD50+AF50),2) -> 7571 | AC50: =ROUND((ES50),2) -> 7571 | AD50: =ROUND((((ET50)-(EU50))+AE50),2) -> 0 | AE50: =ROUND((EU50),2) -> 0 | AF50: =ROUND((EV50),2) -> 0 | AG50: =ROUND((AP50),2) -> 0 | AH50: =(EW50) -> 0 | AI50: =(EX50) -> 0 | AJ50: =(AS50) -> 0 | AK50: 7571 | AL50: 7571 | AM50: 0 | AN50: 0 | AO50: 0 | AP50: 0 | AQ50: 0 | AR50: 0 | AS50: 0 | AT50: 80 | AU50: 50 | AV50: 1 | AW50: 1 | AZ50: 6.11 | BA50: 1 | BB50: 1 | BC50: 6.11 | BH50: 3 | BI50: 1 | BJ50: ФССЦ-2001, 01.3.05.19-0011, приказ Минстроя России №1039/пр от 30.12.2016г. | BM50: 62001 | BN50: 0 | BP50: 0 | BQ50: 6 | BR50: 1 | BS50: 1 | BT50: 1 | BU50: 1 | BV50: 1 | BW50: 1 | BX50: 1 | BZ50: 80 | CA50: 50 | CE50: 0 | CF50: 0 | CG50: 0 | CM50: 0 | CO50: 0 | CP50: =(P50+Q50+S50) -> -27.76 | CQ50: =AC50*BC50 -> 46258.81 | CR50: =AD50*BB50 -> 0 | CS50: =AE50*BS50 -> 0 | CT50: =AF50*BA50 -> 0 | CU50: =AG50 -> 0 | CV50: =AH50 -> 0 | CW50: =AI50 -> 0 | CX50: =AJ50 -> 0 | CY50: =(((S50+R50)*AT50)/100) -> 0 | CZ50: =(((S50+R50)*AU50)/100) -> 0 | DN50: 0 | DO50: 0 | DP50: 1 | DQ50: 1 | DU50: 1009 | DV50: т | DW50: т | DX50: 1000 | EE50: 27029107 | EF50: 6 | EG50: Ремонтно-строительные работы | EH50: 0 | EJ50: 1 | EK50: 62001 | EL50: Малярные работы | EM50: рФЕР-62 | EQ50: 0 | ER50: 7571 | ES50: 7571 | ET50: 0 | EU50: 0 | EV50: 0 | EW50: 0 | EX50: 0 | FQ50: 0 | FR50: =ROUND(IF(AND(BH50=3,BI50=3),P50,0),2) -> 0 | FS50: 0 | FX50: 80 | FY50: 50 | GD50: 0 | GF50: -1565347455 | GG50: 1 | GH50: 1 | GI50: 4 | GJ50: 0 | GK50: =ROUND(R50*(R12)/100,2) -> 0 | GL50: =ROUND(IF(AND(BH50=3,BI50=3,FS50<>0),P50,0),2) -> 0 | GM50: =ROUND(O50+X50+Y50+GK50,2)+GX50 -> -27.76 | GN50: =IF(OR(BI50=0,BI50=1),ROUND(O50+X50+Y50+GK50,2),0) -> -27.76 | GO50: =IF(BI50=2,ROUND(O50+X50+Y50+GK50,2),0) -> 0 | GP50: =IF(BI50=4,ROUND(O50+X50+Y50+GK50,2)+GX50,0) -> 0 | GR50: 0 | GS50: 3 | GT50: 0 | GV50: =ROUND((GT50),2) -> 0 | GW50: 1 | GX50: =ROUND(HC50*I50,2) -> 0 | HA50: 0 | HB50: 0 | HC50: =GV50*GW50 -> 0 | IK50: 0
A51: 17 | B51: 1 | C51: =ROW(SmtRes!A115) -> 115 | D51: =ROW(EtalonRes!A124) -> 124 | F51: 61-1-10 тех.ч..разд.II.п.2.61.3 | G51: Сплошное выравнивание внутренних поверхностей (однослойное оштукатуривание) из сухих растворных смесей толщиной до 10 мм для последующей окраски или оклейки обоями потолков ( Расчёт объёма отбивки штукатурки ребристых потолков в помещении №8 спортивного корпуса -294*1.6=470,4м2) | H51: 100 м2 | I51: =ROUND(855.6/100,9) -> 8.556 | J51: 0 | O51: =ROUND(CP51,2) -> 19587.73 | P51: =ROUND(CQ51*I51,2) -> 69.01 | Q51: =ROUND(CR51*I51,2) -> 939.42 | R51: =ROUND(CS51*I51,2) -> 560.41 | S51: =ROUND(CT51*I51,2) -> 18579.3 | T51: =ROUND(CU51*I51,2) -> 0 | U51: =CV51*I51 -> 359.43756 | V51: =CW51*I51 -> 8.47044 | W51: =ROUND(CX51*I51,2) -> 0 | X51: =ROUND(CY51,2) -> 15120.37 | Y51: =ROUND(CZ51,2) -> 9569.86 | AA51: -1 | AB51: =ROUND((AC51+AD51+AF51),2) -> 374.69 | AC51: =ROUND((ES51),2) -> 1.32 | AD51: =ROUND((((ET51)-(EU51))+AE51),2) -> 17.97 | AE51: =ROUND((EU51),2) -> 10.72 | AF51: =ROUND((EV51),2) -> 355.4 | AG51: =ROUND((AP51),2) -> 0 | AH51: =(EW51) -> 42.01 | AI51: =(EX51) -> 0.99 | AJ51: =(AS51) -> 0 | AK51: 374.69 | AL51: 1.32 | AM51: 17.97 | AN51: 10.72 | AO51: 355.4 | AP51: 0 | AQ51: 42.01 | AR51: 0.99 | AS51: 0 | AT51: 79 | AU51: 50 | AV51: 1 | AW51: 1 | AZ51: 6.11 | BA51: 6.11 | BB51: 6.11 | BC51: 6.11 | BH51: 0 | BI51: 1 | BJ51: ФЕРр-2001, 61-1-10, приказ Минстроя России №1039/пр от 30.12.2016г. | BM51: 61001 | BN51: 0 | BP51: 0 | BQ51: 6 | BR51: 0 | BS51: 6.11 | BT51: 1 | BU51: 1 | BV51: 1 | BW51: 1 | BX51: 1 | BZ51: 79 | CA51: 50 | CE51: 0 | CF51: 0 | CG51: 0 | CM51: 0 | CO51: 0 | CP51: =(P51+Q51+S51) -> 19587.73 | CQ51: =AC51*BC51 -> 8.0652 | CR51: =AD51*BB51 -> 109.7967 | CS51: =AE51*BS51 -> 65.4992 | CT51: =AF51*BA51 -> 2171.494 | CU51: =AG51 -> 0 | CV51: =AH51 -> 42.01 | CW51: =AI51 -> 0.99 | CX51: =AJ51 -> 0 | CY51: =(((S51+R51)*AT51)/100) -> 15120.371 | CZ51: =(((S51+R51)*AU51)/100) -> 9569.855 | DN51: 0 | DO51: 0 | DP51: 1 | DQ51: 1 | DU51: 1005 | DV51: 100 м2 | DW51: 100 м2 | DX51: 100 | EE51: 27029106 | EF51: 6 | EG51: Ремонтно-строительные работы | EH51: 0 | EJ51: 1 | EK51: 61001 | EL51: Штукатрурные работы | EM51: рФЕР-61 | EQ51: 132096 | ER51: 374.69 | ES51: 1.32 | ET51: 17.97 | EU51: 10.72 | EV51: 355.4 | EW51: 42.01 | EX51: 0.99 | EY51: 0 | FQ51: 0 | FR51: =ROUND(IF(AND(BH51=3,BI51=3),P51,0),2) -> 0 | FS51: 0 | FX51: 79 | FY51: 50 | GD51: 0 | GF51: 862433680 | GG51: 1 | GH51: 1 | GI51: 4 | GJ51: 0 | GK51: =ROUND(R51*(R12)/100,2) -> 0 | GL51: =ROUND(IF(AND(BH51=3,BI51=3,FS51<>0),P51,0),2) -> 0 | GM51: =ROUND(O51+X51+Y51+GK51,2)+GX51 -> 44277.96 | GN51: =IF(OR(BI51=0,BI51=1),ROUND(O51+X51+Y51+GK51,2),0) -> 44277.96 | GO51: =IF(BI51=2,ROUND(O51+X51+Y51+GK51,2),0) -> 0 | GP51: =IF(BI51=4,ROUND(O51+X51+Y51+GK51,2)+GX51,0) -> 0 | GR51: 0 | GS51: 3 | GT51: 0 | GV51: =ROUND((GT51),2) -> 0 | GW51: 1 | GX51: =ROUND(HC51*I51,2) -> 0 | HA51: 0 | HB51: 0 | HC51: =GV51*GW51 -> 0 | IK51: 0
A52: 18 | B52: 1 | C52: 113 | F52: 04.3.02.05-0002 | G52: Смесь штукатурная «Ротбанд», КНАУФ | H52: кг | I52: =I51*J52 -> 7760.292 | J52: 907 | O52: =ROUND(CP52,2) -> 98149.85 | P52: =ROUND(CQ52*I52,2) -> 98149.85 | Q52: =ROUND(CR52*I52,2) -> 0 | R52: =ROUND(CS52*I52,2) -> 0 | S52: =ROUND(CT52*I52,2) -> 0 | T52: =ROUND(CU52*I52,2) -> 0 | U52: =CV52*I52 -> 0 | V52: =CW52*I52 -> 0 | W52: =ROUND(CX52*I52,2) -> 0 | X52: =ROUND(CY52,2) -> 0 | Y52: =ROUND(CZ52,2) -> 0 | AA52: -1 | AB52: =ROUND((AC52+AD52+AF52),2) -> 2.07 | AC52: =ROUND((ES52),2) -> 2.07 | AD52: =ROUND((((ET52)-(EU52))+AE52),2) -> 0 | AE52: =ROUND((EU52),2) -> 0 | AF52: =ROUND((EV52),2) -> 0 | AG52: =ROUND((AP52),2) -> 0 | AH52: =(EW52) -> 0 | AI52: =(EX52) -> 0 | AJ52: =(AS52) -> 0 | AK52: 2.07 | AL52: 2.07 | AM52: 0 | AN52: 0 | AO52: 0 | AP52: 0 | AQ52: 0 | AR52: 0 | AS52: 0 | AT52: 79 | AU52: 50 | AV52: 1 | AW52: 1 | AZ52: 6.11 | BA52: 1 | BB52: 1 | BC52: 6.11 | BH52: 3 | BI52: 1 | BJ52: ФССЦ-2001, 04.3.02.05-0002, приказ Минстроя России №1039/пр от 30.12.2016г. | BM52: 61001 | BN52: 0 | BP52: 0 | BQ52: 6 | BR52: 0 | BS52: 1 | BT52: 1 | BU52: 1 | BV52: 1 | BW52: 1 | BX52: 1 | BZ52: 79 | CA52: 50 | CE52: 0 | CF52: 0 | CG52: 0 | CM52: 0 | CO52: 0 | CP52: =(P52+Q52+S52) -> 98149.85 | CQ52: =AC52*BC52 -> 12.6477 | CR52: =AD52*BB52 -> 0 | CS52: =AE52*BS52 -> 0 | CT52: =AF52*BA52 -> 0 | CU52: =AG52 -> 0 | CV52: =AH52 -> 0 | CW52: =AI52 -> 0 | CX52: =AJ52 -> 0 | CY52: =(((S52+R52)*AT52)/100) -> 0 | CZ52: =(((S52+R52)*AU52)/100) -> 0 | DN52: 0 | DO52: 0 | DP52: 1 | DQ52: 1 | DU52: 1009 | DV52: кг | DW52: кг | DX52: 1 | EE52: 27029106 | EF52: 6 | EG52: Ремонтно-строительные работы | EH52: 0 | EJ52: 1 | EK52: 61001 | EL52: Штукатрурные работы | EM52: рФЕР-61 | EQ52: 1024 | ER52: 2.07 | ES52: 2.07 | ET52: 0 | EU52: 0 | EV52: 0 | EW52: 0 | EX52: 0 | FQ52: 0 | FR52: =ROUND(IF(AND(BH52=3,BI52=3),P52,0),2) -> 0 | FS52: 0 | FX52: 79 | FY52: 50 | GD52: 0 | GF52: -60067644 | GG52: 1 | GH52: 1 | GI52: 4 | GJ52: 0 | GK52: =ROUND(R52*(R12)/100,2) -> 0 | GL52: =ROUND(IF(AND(BH52=3,BI52=3,FS52<>0),P52,0),2) -> 0 | GM52: =ROUND(O52+X52+Y52+GK52,2)+GX52 -> 98149.85 | GN52: =IF(OR(BI52=0,BI52=1),ROUND(O52+X52+Y52+GK52,2),0) -> 98149.85 | GO52: =IF(BI52=2,ROUND(O52+X52+Y52+GK52,2),0) -> 0 | GP52: =IF(BI52=4,ROUND(O52+X52+Y52+GK52,2)+GX52,0) -> 0 | GR52: 0 | GS52: 3 | GT52: 0 | GV52: =ROUND((GT52),2) -> 0 | GW52: 1 | GX52: =ROUND(HC52*I52,2) -> 0 | HA52: 0 | HB52: 0 | HC52: =GV52*GW52 -> 0 | IK52: 0
A53: 18 | B53: 1 | C53: 115 | F53: 14.3.01.02-0103 | G53: Грунтовка воднодисперсионная CERESIT CT 17 | H53: л | I53: =I51*J53 -> 111.23439 | J53: 13.000747 | O53: =ROUND(CP53,2) -> 6211.93 | P53: =ROUND(CQ53*I53,2) -> 6211.93 | Q53: =ROUND(CR53*I53,2) -> 0 | R53: =ROUND(CS53*I53,2) -> 0 | S53: =ROUND(CT53*I53,2) -> 0 | T53: =ROUND(CU53*I53,2) -> 0 | U53: =CV53*I53 -> 0 | V53: =CW53*I53 -> 0 | W53: =ROUND(CX53*I53,2) -> 0 | X53: =ROUND(CY53,2) -> 0 | Y53: =ROUND(CZ53,2) -> 0 | AA53: -1 | AB53: =ROUND((AC53+AD53+AF53),2) -> 9.14 | AC53: =ROUND((ES53),2) -> 9.14 | AD53: =ROUND((((ET53)-(EU53))+AE53),2) -> 0 | AE53: =ROUND((EU53),2) -> 0 | AF53: =ROUND((EV53),2) -> 0 | AG53: =ROUND((AP53),2) -> 0 | AH53: =(EW53) -> 0 | AI53: =(EX53) -> 0 | AJ53: =(AS53) -> 0 | AK53: 9.14 | AL53: 9.14 | AM53: 0 | AN53: 0 | AO53: 0 | AP53: 0 | AQ53: 0 | AR53: 0 | AS53: 0 | AT53: 79 | AU53: 50 | AV53: 1 | AW53: 1 | AZ53: 6.11 | BA53: 1 | BB53: 1 | BC53: 6.11 | BH53: 3 | BI53: 1 | BJ53: ФССЦ-2001, 14.3.01.02-0103, приказ Минстроя России №1039/пр от 30.12.2016г. | BM53: 61001 | BN53: 0 | BP53: 0 | BQ53: 6 | BR53: 0 | BS53: 1 | BT53: 1 | BU53: 1 | BV53: 1 | BW53: 1 | BX53: 1 | BZ53: 79 | CA53: 50 | CE53: 0 | CF53: 0 | CG53: 0 | CM53: 0 | CO53: 0 | CP53: =(P53+Q53+S53) -> 6211.93 | CQ53: =AC53*BC53 -> 55.8454 | CR53: =AD53*BB53 -> 0 | CS53: =AE53*BS53 -> 0 | CT53: =AF53*BA53 -> 0 | CU53: =AG53 -> 0 | CV53: =AH53 -> 0 | CW53: =AI53 -> 0 | CX53: =AJ53 -> 0 | CY53: =(((S53+R53)*AT53)/100) -> 0 | CZ53: =(((S53+R53)*AU53)/100) -> 0 | DN53: 0 | DO53: 0 | DP53: 1 | DQ53: 1 | DU53: 1002 | DV53: л | DW53: л | DX53: 1 | EE53: 27029106 | EF53: 6 | EG53: Ремонтно-строительные работы | EH53: 0 | EJ53: 1 | EK53: 61001 | EL53: Штукатрурные работы | EM53: рФЕР-61 | EQ53: 1024 | ER53: 9.14 | ES53: 9.14 | ET53: 0 | EU53: 0 | EV53: 0 | EW53: 0 | EX53: 0 | FQ53: 0 | FR53: =ROUND(IF(AND(BH53=3,BI53=3),P53,0),2) -> 0 | FS53: 0 | FX53: 79 | FY53: 50 | GD53: 0 | GF53: -972933126 | GG53: 1 | GH53: 1 | GI53: 4 | GJ53: 0 | GK53: =ROUND(R53*(R12)/100,2) -> 0 | GL53: =ROUND(IF(AND(BH53=3,BI53=3,FS53<>0),P53,0),2) -> 0 | GM53: =ROUND(O53+X53+Y53+GK53,2)+GX53 -> 6211.93 | GN53: =IF(OR(BI53=0,BI53=1),ROUND(O53+X53+Y53+GK53,2),0) -> 6211.93 | GO53: =IF(BI53=2,ROUND(O53+X53+Y53+GK53,2),0) -> 0 | GP53: =IF(BI53=4,ROUND(O53+X53+Y53+GK53,2)+GX53,0) -> 0 | GR53: 0 | GS53: 3 | GT53: 0 | GV53: =ROUND((GT53),2) -> 0 | GW53: 1 | GX53: =ROUND(HC53*I53,2) -> 0 | HA53: 0 | HB53: 0 | HC53: =GV53*GW53 -> 0 | IK53: 0
A54: 18 | B54: 1 | C54: 114 | F54: 04.3.02.09 | G54: Смеси на цементной основе | H54: т | I54: =I51*J54 -> 7.760292 | J54: 0.907 | O54: =ROUND(CP54,2) -> 0 | P54: =ROUND(CQ54*I54,2) -> 0 | Q54: =ROUND(CR54*I54,2) -> 0 | R54: =ROUND(CS54*I54,2) -> 0 | S54: =ROUND(CT54*I54,2) -> 0 | T54: =ROUND(CU54*I54,2) -> 0 | U54: =CV54*I54 -> 0 | V54: =CW54*I54 -> 0 | W54: =ROUND(CX54*I54,2) -> 0 | X54: =ROUND(CY54,2) -> 0 | Y54: =ROUND(CZ54,2) -> 0 | AA54: -1 | AB54: =ROUND((AC54+AD54+AF54),2) -> 0 | AC54: =ROUND((ES54),2) -> 0 | AD54: =ROUND((((ET54)-(EU54))+AE54),2) -> 0 | AE54: =ROUND((EU54),2) -> 0 | AF54: =ROUND((EV54),2) -> 0 | AG54: =ROUND((AP54),2) -> 0 | AH54: =(EW54) -> 0 | AI54: =(EX54) -> 0 | AJ54: =(AS54) -> 0 | AK54: 0 | AL54: 0 | AM54: 0 | AN54: 0 | AO54: 0 | AP54: 0 | AQ54: 0 | AR54: 0 | AS54: 0 | AT54: 79 | AU54: 50 | AV54: 1 | AW54: 1 | AZ54: 6.11 | BA54: 1 | BB54: 1 | BC54: 6.11 | BH54: 3 | BI54: 1 | BM54: 61001 | BN54: 0 | BP54: 0 | BQ54: 6 | BR54: 0 | BS54: 1 | BT54: 1 | BU54: 1 | BV54: 1 | BW54: 1 | BX54: 1 | BZ54: 79 | CA54: 50 | CE54: 0 | CF54: 0 | CG54: 0 | CM54: 0 | CO54: 0 | CP54: =(P54+Q54+S54) -> 0 | CQ54: =AC54*BC54 -> 0 | CR54: =AD54*BB54 -> 0 | CS54: =AE54*BS54 -> 0 | CT54: =AF54*BA54 -> 0 | CU54: =AG54 -> 0 | CV54: =AH54 -> 0 | CW54: =AI54 -> 0 | CX54: =AJ54 -> 0 | CY54: =(((S54+R54)*AT54)/100) -> 0 | CZ54: =(((S54+R54)*AU54)/100) -> 0 | DN54: 0 | DO54: 0 | DP54: 1 | DQ54: 1 | DU54: 1009 | DV54: т | DW54: т | DX54: 1000 | EE54: 27029106 | EF54: 6 | EG54: Ремонтно-строительные работы | EH54: 0 | EJ54: 1 | EK54: 61001 | EL54: Штукатрурные работы | EM54: рФЕР-61 | EQ54: 1024 | ER54: 0 | ES54: 0 | ET54: 0 | EU54: 0 | EV54: 0 | EW54: 0 | EX54: 0 | FQ54: 0 | FR54: =ROUND(IF(AND(BH54=3,BI54=3),P54,0),2) -> 0 | FS54: 0 | FX54: 79 | FY54: 50 | GD54: 0 | GF54: 1880203204 | GG54: 1 | GH54: 1 | GI54: 4 | GJ54: 0 | GK54: =ROUND(R54*(R12)/100,2) -> 0 | GL54: =ROUND(IF(AND(BH54=3,BI54=3,FS54<>0),P54,0),2) -> 0 | GM54: =ROUND(O54+X54+Y54+GK54,2)+GX54 -> 0 | GN54: =IF(OR(BI54=0,BI54=1),ROUND(O54+X54+Y54+GK54,2),0) -> 0 | GO54: =IF(BI54=2,ROUND(O54+X54+Y54+GK54,2),0) -> 0 | GP54: =IF(BI54=4,ROUND(O54+X54+Y54+GK54,2)+GX54,0) -> 0 | GR54: 0 | GS54: 3 | GT54: 0 | GV54: =ROUND((GT54),2) -> 0 | GW54: 1 | GX54: =ROUND(HC54*I54,2) -> 0 | HA54: 0 | HB54: 0 | HC54: =GV54*GW54 -> 0 | IK54: 0
A55: 17 | B55: 1 | C55: =ROW(SmtRes!A123) -> 123 | D55: =ROW(EtalonRes!A132) -> 132 | E55: 22 | F55: 15-02-019-04 | G55: Сплошное выравнивание внутренних поверхностей (однослойное оштукатуривание) из сухих растворных смесей толщиной до 10 мм потолков | H55: 100 м2 | I55: =ROUND((294*1.6+192.6)/100,9) -> 6.63 | J55: 0 | O55: =ROUND(CP55,2) -> 15960.26 | P55: =ROUND(CQ55*I55,2) -> 53.47 | Q55: =ROUND(CR55*I55,2) -> 909.84 | R55: =ROUND(CS55*I55,2) -> 542.82 | S55: =ROUND(CT55*I55,2) -> 14996.95 | T55: =ROUND(CU55*I55,2) -> 0 | U55: =CV55*I55 -> 287.74863 | V55: =CW55*I55 -> 8.204625 | W55: =ROUND(CX55*I55,2) -> 0 | X55: =ROUND(CY55,2) -> 14762.78 | Y55: =ROUND(CZ55,2) -> 7303.69 | AA55: 27906248 | AB55: =ROUND((AC55+AD55+AF55),2) -> 393.99 | AC55: =ROUND((ES55),2) -> 1.32 | AD55: =ROUND(((((ET55*1.25))-((EU55*1.25)))+AE55),2) -> 22.46 | AE55: =ROUND(((EU55*1.25)),2) -> 13.4 | AF55: =ROUND(((EV55*1.15)),2) -> 370.21 | AG55: =ROUND((AP55),2) -> 0 | AH55: =((EW55*1.15)) -> 43.401 | AI55: =((EX55*1.25)) -> 1.2375 | AJ55: =(AS55) -> 0 | AK55: 341.21 | AL55: 1.32 | AM55: 17.97 | AN55: 10.72 | AO55: 321.92 | AP55: 0 | AQ55: 37.74 | AR55: 0.99 | AS55: 0 | AT55: 95 | AU55: 47 | AV55: 1 | AW55: 1 | AZ55: 6.11 | BA55: 6.11 | BB55: 6.11 | BC55: 6.11 | BH55: 0 | BI55: 1 | BJ55: ФЕР-2001, 15-02-019-04, приказ Минстроя России №1039/пр от 30.12.2016г. | BM55: 15001 | BN55: 0 | BP55: 0 | BQ55: 2 | BR55: 0 | BS55: 6.11 | BT55: 1 | BU55: 1 | BV55: 1 | BW55: 1 | BX55: 1 | BZ55: 105 | CA55: 55 | CE55: 0 | CF55: 0 | CG55: 0 | CM55: 0 | CN55: Поправка: МДС 81-35.2004, п.4.7 Наименование: Работы, выполняемые при реконструкции зданий и сооружений работы, аналогичные технологическим процессам в новом строительстве (в том числе возведение новых конструктивных элементов) стоимость которых определена по соответствующим сборникам ФЕР, кроме сборника № 46 «Работы при реконструкции зданий и сооружений» | CO55: 0 | CP55: =(P55+Q55+S55) -> 15960.26 | CQ55: =AC55*BC55 -> 8.0652 | CR55: =AD55*BB55 -> 137.2306 | CS55: =AE55*BS55 -> 81.874 | CT55: =AF55*BA55 -> 2261.9831 | CU55: =AG55 -> 0 | CV55: =AH55 -> 43.401 | CW55: =AI55 -> 1.2375 | CX55: =AJ55 -> 0 | CY55: =(((S55+R55)*AT55)/100) -> 14762.782 | CZ55: =(((S55+R55)*AU55)/100) -> 7303.6919 | DE55: )*1,25 | DF55: )*1,25 | DG55: )*1,15 | DI55: )*1,15 | DJ55: )*1,25 | DN55: 0 | DO55: 0 | DP55: 1 | DQ55: 1 | DU55: 1005 | DV55: 100 м2 | DW55: 100 м2 | DX55: 100 | EE55: 27029049 | EF55: 2 | EG55: Общестроительные работы | EH55: 0 | EJ55: 1 | EK55: 15001 | EL55: Отделочные работы | EM55: ФЕР-15 | EO55: Поправка: МДС 81-35.2004, п.4.7 | EQ55: 0 | ER55: 341.21 | ES55: 1.32 | ET55: 17.97 | EU55: 10.72 | EV55: 321.92 | EW55: 37.74 | EX55: 0.99 | EY55: 0 | FQ55: 0 | FR55: =ROUND(IF(AND(BH55=3,BI55=3),P55,0),2) -> 0 | FS55: 0 | FT55: *0,9 | FU55: *0,85 | FX55: 94.5 | FY55: 46.75 | GD55: 0 | GF55: 194135811 | GG55: 1 | GH55: 1 | GI55: 4 | GJ55: 0 | GK55: =ROUND(R55*(R12)/100,2) -> 0 | GL55: =ROUND(IF(AND(BH55=3,BI55=3,FS55<>0),P55,0),2) -> 0 | GM55: =ROUND(O55+X55+Y55+GK55,2)+GX55 -> 38026.73 | GN55: =IF(OR(BI55=0,BI55=1),ROUND(O55+X55+Y55+GK55,2),0) -> 38026.73 | GO55: =IF(BI55=2,ROUND(O55+X55+Y55+GK55,2),0) -> 0 | GP55: =IF(BI55=4,ROUND(O55+X55+Y55+GK55,2)+GX55,0) -> 0 | GR55: 0 | GS55: 3 | GT55: 0 | GV55: =ROUND((GT55),2) -> 0 | GW55: 1 | GX55: =ROUND(HC55*I55,2) -> 0 | HA55: 0 | HB55: 0 | HC55: =GV55*GW55 -> 0 | IK55: 0
A56: 18 | B56: 1 | C56: 122 | E56: 22,1 | F56: 04.3.02.05-0002 | G56: Смесь штукатурная «Ротбанд», КНАУФ | H56: кг | I56: =I55*J56 -> 5973.63 | J56: 901 | O56: =ROUND(CP56,2) -> 75552.68 | P56: =ROUND(CQ56*I56,2) -> 75552.68 | Q56: =ROUND(CR56*I56,2) -> 0 | R56: =ROUND(CS56*I56,2) -> 0 | S56: =ROUND(CT56*I56,2) -> 0 | T56: =ROUND(CU56*I56,2) -> 0 | U56: =CV56*I56 -> 0 | V56: =CW56*I56 -> 0 | W56: =ROUND(CX56*I56,2) -> 0 | X56: =ROUND(CY56,2) -> 0 | Y56: =ROUND(CZ56,2) -> 0 | AA56: 27906248 | AB56: =ROUND((AC56+AD56+AF56),2) -> 2.07 | AC56: =ROUND((ES56),2) -> 2.07 | AD56: =ROUND((((ET56)-(EU56))+AE56),2) -> 0 | AE56: =ROUND((EU56),2) -> 0 | AF56: =ROUND((EV56),2) -> 0 | AG56: =ROUND((AP56),2) -> 0 | AH56: =(EW56) -> 0 | AI56: =(EX56) -> 0 | AJ56: =(AS56) -> 0 | AK56: 2.07 | AL56: 2.07 | AM56: 0 | AN56: 0 | AO56: 0 | AP56: 0 | AQ56: 0 | AR56: 0 | AS56: 0 | AT56: 79 | AU56: 50 | AV56: 1 | AW56: 1 | AZ56: 6.11 | BA56: 1 | BB56: 1 | BC56: 6.11 | BH56: 3 | BI56: 1 | BJ56: ФССЦ-2001, 04.3.02.05-0002, приказ Минстроя России №1039/пр от 30.12.2016г. | BM56: 61001 | BN56: 0 | BP56: 0 | BQ56: 6 | BR56: 0 | BS56: 1 | BT56: 1 | BU56: 1 | BV56: 1 | BW56: 1 | BX56: 1 | BZ56: 79 | CA56: 50 | CE56: 0 | CF56: 0 | CG56: 0 | CM56: 0 | CO56: 0 | CP56: =(P56+Q56+S56) -> 75552.68 | CQ56: =AC56*BC56 -> 12.6477 | CR56: =AD56*BB56 -> 0 | CS56: =AE56*BS56 -> 0 | CT56: =AF56*BA56 -> 0 | CU56: =AG56 -> 0 | CV56: =AH56 -> 0 | CW56: =AI56 -> 0 | CX56: =AJ56 -> 0 | CY56: =(((S56+R56)*AT56)/100) -> 0 | CZ56: =(((S56+R56)*AU56)/100) -> 0 | DN56: 0 | DO56: 0 | DP56: 1 | DQ56: 1 | DU56: 1009 | DV56: кг | DW56: кг | DX56: 1 | EE56: 27029106 | EF56: 6 | EG56: Ремонтно-строительные работы | EH56: 0 | EJ56: 1 | EK56: 61001 | EL56: Штукатрурные работы | EM56: рФЕР-61 | EQ56: 0 | ER56: 2.07 | ES56: 2.07 | ET56: 0 | EU56: 0 | EV56: 0 | EW56: 0 | EX56: 0 | FQ56: 0 | FR56: =ROUND(IF(AND(BH56=3,BI56=3),P56,0),2) -> 0 | FS56: 0 | FX56: 79 | FY56: 50 | GD56: 0 | GF56: -60067644 | GG56: 1 | GH56: 1 | GI56: 4 | GJ56: 0 | GK56: =ROUND(R56*(R12)/100,2) -> 0 | GL56: =ROUND(IF(AND(BH56=3,BI56=3,FS56<>0),P56,0),2) -> 0 | GM56: =ROUND(O56+X56+Y56+GK56,2)+GX56 -> 75552.68 | GN56: =IF(OR(BI56=0,BI56=1),ROUND(O56+X56+Y56+GK56,2),0) -> 75552.68 | GO56: =IF(BI56=2,ROUND(O56+X56+Y56+GK56,2),0) -> 0 | GP56: =IF(BI56=4,ROUND(O56+X56+Y56+GK56,2)+GX56,0) -> 0 | GR56: 0 | GS56: 3 | GT56: 0 | GV56: =ROUND((GT56),2) -> 0 | GW56: 1 | GX56: =ROUND(HC56*I56,2) -> 0 | HA56: 0 | HB56: 0 | HC56: =GV56*GW56 -> 0 | IK56: 0
A57: 18 | B57: 1 | C57: 123 | E57: 22,2 | F57: 14.3.01.02-0103 | G57: Грунтовка воднодисперсионная CERESIT CT 17 | H57: л | I57: =I55*J57 -> 86.19 | J57: 13 | O57: =ROUND(CP57,2) -> 4813.32 | P57: =ROUND(CQ57*I57,2) -> 4813.32 | Q57: =ROUND(CR57*I57,2) -> 0 | R57: =ROUND(CS57*I57,2) -> 0 | S57: =ROUND(CT57*I57,2) -> 0 | T57: =ROUND(CU57*I57,2) -> 0 | U57: =CV57*I57 -> 0 | V57: =CW57*I57 -> 0 | W57: =ROUND(CX57*I57,2) -> 0 | X57: =ROUND(CY57,2) -> 0 | Y57: =ROUND(CZ57,2) -> 0 | AA57: 27906248 | AB57: =ROUND((AC57+AD57+AF57),2) -> 9.14 | AC57: =ROUND((ES57),2) -> 9.14 | AD57: =ROUND((((ET57)-(EU57))+AE57),2) -> 0 | AE57: =ROUND((EU57),2) -> 0 | AF57: =ROUND((EV57),2) -> 0 | AG57: =ROUND((AP57),2) -> 0 | AH57: =(EW57) -> 0 | AI57: =(EX57) -> 0 | AJ57: =(AS57) -> 0 | AK57: 9.14 | AL57: 9.14 | AM57: 0 | AN57: 0 | AO57: 0 | AP57: 0 | AQ57: 0 | AR57: 0 | AS57: 0 | AT57: 79 | AU57: 50 | AV57: 1 | AW57: 1 | AZ57: 6.11 | BA57: 1 | BB57: 1 | BC57: 6.11 | BH57: 3 | BI57: 1 | BJ57: ФССЦ-2001, 14.3.01.02-0103, приказ Минстроя России №1039/пр от 30.12.2016г. | BM57: 61001 | BN57: 0 | BP57: 0 | BQ57: 6 | BR57: 0 | BS57: 1 | BT57: 1 | BU57: 1 | BV57: 1 | BW57: 1 | BX57: 1 | BZ57: 79 | CA57: 50 | CE57: 0 | CF57: 0 | CG57: 0 | CM57: 0 | CO57: 0 | CP57: =(P57+Q57+S57) -> 4813.32 | CQ57: =AC57*BC57 -> 55.8454 | CR57: =AD57*BB57 -> 0 | CS57: =AE57*BS57 -> 0 | CT57: =AF57*BA57 -> 0 | CU57: =AG57 -> 0 | CV57: =AH57 -> 0 | CW57: =AI57 -> 0 | CX57: =AJ57 -> 0 | CY57: =(((S57+R57)*AT57)/100) -> 0 | CZ57: =(((S57+R57)*AU57)/100) -> 0 | DN57: 0 | DO57: 0 | DP57: 1 | DQ57: 1 | DU57: 1002 | DV57: л | DW57: л | DX57: 1 | EE57: 27029106 | EF57: 6 | EG57: Ремонтно-строительные работы | EH57: 0 | EJ57: 1 | EK57: 61001 | EL57: Штукатрурные работы | EM57: рФЕР-61 | EQ57: 0 | ER57: 9.14 | ES57: 9.14 | ET57: 0 | EU57: 0 | EV57: 0 | EW57: 0 | EX57: 0 | FQ57: 0 | FR57: =ROUND(IF(AND(BH57=3,BI57=3),P57,0),2) -> 0 | FS57: 0 | FX57: 79 | FY57: 50 | GD57: 0 | GF57: -972933126 | GG57: 1 | GH57: 1 | GI57: 4 | GJ57: 0 | GK57: =ROUND(R57*(R12)/100,2) -> 0 | GL57: =ROUND(IF(AND(BH57=3,BI57=3,FS57<>0),P57,0),2) -> 0 | GM57: =ROUND(O57+X57+Y57+GK57,2)+GX57 -> 4813.32 | GN57: =IF(OR(BI57=0,BI57=1),ROUND(O57+X57+Y57+GK57,2),0) -> 4813.32 | GO57: =IF(BI57=2,ROUND(O57+X57+Y57+GK57,2),0) -> 0 | GP57: =IF(BI57=4,ROUND(O57+X57+Y57+GK57,2)+GX57,0) -> 0 | GR57: 0 | GS57: 3 | GT57: 0 | GV57: =ROUND((GT57),2) -> 0 | GW57: 1 | GX57: =ROUND(HC57*I57,2) -> 0 | HA57: 0 | HB57: 0 | HC57: =GV57*GW57 -> 0 | IK57: 0
A58: 17 | B58: 1 | C58: =ROW(SmtRes!A130) -> 130 | D58: =ROW(EtalonRes!A139) -> 139 | E58: 23 | F58: 15-02-019-08 | G58: Сплошное выравнивание внутренних поверхностей (однослойное оштукатуривание) из сухих растворных смесей на каждый 1 мм изменения толщины слоя добавлять или исключать к расценке 15-02-019-04 толщиной 20 мм | H58: 100 м2 | I58: =ROUND((I55),9) -> 6.63 | J58: 0 | O58: =ROUND(CP58,2) -> 30457.32 | P58: =ROUND(CQ58*I58,2) -> 105.32 | Q58: =ROUND(CR58*I58,2) -> 1822.92 | R58: =ROUND(CS58*I58,2) -> 1103.88 | S58: =ROUND(CT58*I58,2) -> 28529.08 | T58: =ROUND(CU58*I58,2) -> 0 | U58: =CV58*I58 -> 547.4391 | V58: =CW58*I58 -> 16.575 | W58: =ROUND(CX58*I58,2) -> 0 | X58: =ROUND(CY58,2) -> 28151.31 | Y58: =ROUND(CZ58,2) -> 13927.49 | AA58: 27906248 | AB58: =ROUND((AC58+AD58+AF58),2) -> 751.86 | AC58: =ROUND(((ES58*20)),2) -> 2.6 | AD58: =ROUND(((((ET58*1.25*20))-((EU58*1.25*20)))+AE58),2) -> 45 | AE58: =ROUND(((EU58*1.25*20)),2) -> 27.25 | AF58: =ROUND(((EV58*1.15*20)),2) -> 704.26 | AG58: =ROUND((AP58),2) -> 0 | AH58: =((EW58*1.15*20)) -> 82.57 | AI58: =((EX58*1.25*20)) -> 2.5 | AJ58: =(AS58) -> 0 | AK58: 32.55 | AL58: 0.13 | AM58: 1.8 | AN58: 1.09 | AO58: 30.62 | AP58: 0 | AQ58: 3.59 | AR58: 0.1 | AS58: 0 | AT58: 95 | AU58: 47 | AV58: 1 | AW58: 1 | AZ58: 6.11 | BA58: 6.11 | BB58: 6.11 | BC58: 6.11 | BH58: 0 | BI58: 1 | BJ58: ФЕР-2001, 15-02-019-08, приказ Минстроя России №886/пр от 15.06.2017 | BM58: 15001 | BN58: 0 | BP58: 0 | BQ58: 2 | BR58: 0 | BS58: 6.11 | BT58: 1 | BU58: 1 | BV58: 1 | BW58: 1 | BX58: 1 | BZ58: 105 | CA58: 55 | CE58: 0 | CF58: 0 | CG58: 0 | CM58: 0 | CN58: Поправка: МДС 81-35.2004, п.4.7 Наименование: Работы, выполняемые при реконструкции зданий и сооружений работы, аналогичные технологическим процессам в новом строительстве (в том числе возведение новых конструктивных элементов) стоимость которых определена по соответствующим сборникам ФЕР, кроме сборника № 46 «Работы при реконструкции зданий и сооружений» | CO58: 0 | CP58: =(P58+Q58+S58) -> 30457.32 | CQ58: =AC58*BC58 -> 15.886 | CR58: =AD58*BB58 -> 274.95 | CS58: =AE58*BS58 -> 166.4975 | CT58: =AF58*BA58 -> 4303.0286 | CU58: =AG58 -> 0 | CV58: =AH58 -> 82.57 | CW58: =AI58 -> 2.5 | CX58: =AJ58 -> 0 | CY58: =(((S58+R58)*AT58)/100) -> 28151.312 | CZ58: =(((S58+R58)*AU58)/100) -> 13927.491 | DD58: *20 | DE58: )*1,25*20 | DF58: )*1,25*20 | DG58: )*1,15*20 | DI58: )*1,15*20 | DJ58: )*1,25*20 | DN58: 0 | DO58: 0 | DP58: 1 | DQ58: 1 | DU58: 1005 | DV58: 100 м2 | DW58: 100 м2 | DX58: 100 | EE58: 27029049 | EF58: 2 | EG58: Общестроительные работы | EH58: 0 | EJ58: 1 | EK58: 15001 | EL58: Отделочные работы | EM58: ФЕР-15 | EO58: Поправка: МДС 81-35.2004, п.4.7 | EQ58: 0 | ER58: 32.55 | ES58: 0.13 | ET58: 1.8 | EU58: 1.09 | EV58: 30.62 | EW58: 3.59 | EX58: 0.1 | EY58: 0 | FQ58: 0 | FR58: =ROUND(IF(AND(BH58=3,BI58=3),P58,0),2) -> 0 | FS58: 0 | FT58: *0,9 | FU58: *0,85 | FX58: 94.5 | FY58: 46.75 | GD58: 0 | GF58: -805786149 | GG58: 1 | GH58: 1 | GI58: 4 | GJ58: 0 | GK58: =ROUND(R58*(R12)/100,2) -> 0 | GL58: =ROUND(IF(AND(BH58=3,BI58=3,FS58<>0),P58,0),2) -> 0 | GM58: =ROUND(O58+X58+Y58+GK58,2)+GX58 -> 72536.12 | GN58: =IF(OR(BI58=0,BI58=1),ROUND(O58+X58+Y58+GK58,2),0) -> 72536.12 | GO58: =IF(BI58=2,ROUND(O58+X58+Y58+GK58,2),0) -> 0 | GP58: =IF(BI58=4,ROUND(O58+X58+Y58+GK58,2)+GX58,0) -> 0 | GR58: 0 | GS58: 3 | GT58: 0 | GV58: =ROUND((GT58),2) -> 0 | GW58: 1 | GX58: =ROUND(HC58*I58,2) -> 0 | HA58: 0 | HB58: 0 | HC58: =GV58*GW58 -> 0 | IK58: 0
A59: 18 | B59: 1 | C59: 130 | E59: 23,1 | F59: 04.3.02.05-0002 | G59: Смесь штукатурная «Ротбанд», КНАУФ | H59: кг | I59: =I58*J59 -> 11.94726 | J59: 1.802 | O59: =ROUND(CP59,2) -> 151.11 | P59: =ROUND(CQ59*I59,2) -> 151.11 | Q59: =ROUND(CR59*I59,2) -> 0 | R59: =ROUND(CS59*I59,2) -> 0 | S59: =ROUND(CT59*I59,2) -> 0 | T59: =ROUND(CU59*I59,2) -> 0 | U59: =CV59*I59 -> 0 | V59: =CW59*I59 -> 0 | W59: =ROUND(CX59*I59,2) -> 0 | X59: =ROUND(CY59,2) -> 0 | Y59: =ROUND(CZ59,2) -> 0 | AA59: 27906248 | AB59: =ROUND((AC59+AD59+AF59),2) -> 2.07 | AC59: =ROUND((ES59),2) -> 2.07 | AD59: =ROUND((((ET59)-(EU59))+AE59),2) -> 0 | AE59: =ROUND((EU59),2) -> 0 | AF59: =ROUND((EV59),2) -> 0 | AG59: =ROUND((AP59),2) -> 0 | AH59: =(EW59) -> 0 | AI59: =(EX59) -> 0 | AJ59: =(AS59) -> 0 | AK59: 2.07 | AL59: 2.07 | AM59: 0 | AN59: 0 | AO59: 0 | AP59: 0 | AQ59: 0 | AR59: 0 | AS59: 0 | AT59: 79 | AU59: 50 | AV59: 1 | AW59: 1 | AZ59: 6.11 | BA59: 1 | BB59: 1 | BC59: 6.11 | BH59: 3 | BI59: 1 | BJ59: ФССЦ-2001, 04.3.02.05-0002, приказ Минстроя России №1039/пр от 30.12.2016г. | BM59: 61001 | BN59: 0 | BP59: 0 | BQ59: 6 | BR59: 0 | BS59: 1 | BT59: 1 | BU59: 1 | BV59: 1 | BW59: 1 | BX59: 1 | BZ59: 79 | CA59: 50 | CE59: 0 | CF59: 0 | CG59: 0 | CM59: 0 | CO59: 0 | CP59: =(P59+Q59+S59) -> 151.11 | CQ59: =AC59*BC59 -> 12.6477 | CR59: =AD59*BB59 -> 0 | CS59: =AE59*BS59 -> 0 | CT59: =AF59*BA59 -> 0 | CU59: =AG59 -> 0 | CV59: =AH59 -> 0 | CW59: =AI59 -> 0 | CX59: =AJ59 -> 0 | CY59: =(((S59+R59)*AT59)/100) -> 0 | CZ59: =(((S59+R59)*AU59)/100) -> 0 | DN59: 0 | DO59: 0 | DP59: 1 | DQ59: 1 | DU59: 1009 | DV59: кг | DW59: кг | DX59: 1 | EE59: 27029106 | EF59: 6 | EG59: Ремонтно-строительные работы | EH59: 0 | EJ59: 1 | EK59: 61001 | EL59: Штукатрурные работы | EM59: рФЕР-61 | EQ59: 0 | ER59: 2.07 | ES59: 2.07 | ET59: 0 | EU59: 0 | EV59: 0 | EW59: 0 | EX59: 0 | FQ59: 0 | FR59: =ROUND(IF(AND(BH59=3,BI59=3),P59,0),2) -> 0 | FS59: 0 | FX59: 79 | FY59: 50 | GD59: 0 | GF59: -60067644 | GG59: 1 | GH59: 1 | GI59: 4 | GJ59: 0 | GK59: =ROUND(R59*(R12)/100,2) -> 0 | GL59: =ROUND(IF(AND(BH59=3,BI59=3,FS59<>0),P59,0),2) -> 0 | GM59: =ROUND(O59+X59+Y59+GK59,2)+GX59 -> 151.11 | GN59: =IF(OR(BI59=0,BI59=1),ROUND(O59+X59+Y59+GK59,2),0) -> 151.11 | GO59: =IF(BI59=2,ROUND(O59+X59+Y59+GK59,2),0) -> 0 | GP59: =IF(BI59=4,ROUND(O59+X59+Y59+GK59,2)+GX59,0) -> 0 | GR59: 0 | GS59: 3 | GT59: 0 | GV59: =ROUND((GT59),2) -> 0 | GW59: 1 | GX59: =ROUND(HC59*I59,2) -> 0 | HA59: 0 | HB59: 0 | HC59: =GV59*GW59 -> 0 | IK59: 0
A60: 17 | B60: 1 | C60: =ROW(SmtRes!A139) -> 139 | D60: =ROW(EtalonRes!A147) -> 147 | F60: 61-1-11 | G60: Сплошное выравнивание внутренних поверхностей (однослойное оштукатуривание) из сухих растворных смесей толщиной до 10 мм для последующей окраски или оклейки обоями оконных и дверных откосов плоских | H60: 100 м2 | I60: =ROUND(0.4134/100,9) -> 0.004134 | J60: 0 | O60: =ROUND(CP60,2) -> 19.24 | P60: =ROUND(CQ60*I60,2) -> 0.05 | Q60: =ROUND(CR60*I60,2) -> 0.6 | R60: =ROUND(CS60*I60,2) -> 0.37 | S60: =ROUND(CT60*I60,2) -> 18.59 | T60: =ROUND(CU60*I60,2) -> 0 | U60: =CV60*I60 -> 0.359658 | V60: =CW60*I60 -> 0.00553956 | W60: =ROUND(CX60*I60,2) -> 0 | X60: =ROUND(CY60,2) -> 14.98 | Y60: =ROUND(CZ60,2) -> 9.48 | AA60: -1 | AB60: =ROUND((AC60+AD60+AF60),2) -> 761.65 | AC60: =ROUND((ES60),2) -> 1.81 | AD60: =ROUND((((ET60)-(EU60))+AE60),2) -> 23.82 | AE60: =ROUND((EU60),2) -> 14.51 | AF60: =ROUND((EV60),2) -> 736.02 | AG60: =ROUND((AP60),2) -> 0 | AH60: =(EW60) -> 87 | AI60: =(EX60) -> 1.34 | AJ60: =(AS60) -> 0 | AK60: 761.65 | AL60: 1.81 | AM60: 23.82 | AN60: 14.51 | AO60: 736.02 | AP60: 0 | AQ60: 87 | AR60: 1.34 | AS60: 0 | AT60: 79 | AU60: 50 | AV60: 1 | AW60: 1 | AZ60: 6.11 | BA60: 6.11 | BB60: 6.11 | BC60: 6.11 | BH60: 0 | BI60: 1 | BJ60: ФЕРр-2001, 61-1-11, приказ Минстроя России №1039/пр от 30.12.2016г. | BM60: 61001 | BN60: 0 | BP60: 0 | BQ60: 6 | BR60: 0 | BS60: 6.11 | BT60: 1 | BU60: 1 | BV60: 1 | BW60: 1 | BX60: 1 | BZ60: 79 | CA60: 50 | CE60: 0 | CF60: 0 | CG60: 0 | CM60: 0 | CO60: 0 | CP60: =(P60+Q60+S60) -> 19.24 | CQ60: =AC60*BC60 -> 11.0591 | CR60: =AD60*BB60 -> 145.5402 | CS60: =AE60*BS60 -> 88.6561 | CT60: =AF60*BA60 -> 4497.0822 | CU60: =AG60 -> 0 | CV60: =AH60 -> 87 | CW60: =AI60 -> 1.34 | CX60: =AJ60 -> 0 | CY60: =(((S60+R60)*AT60)/100) -> 14.9784 | CZ60: =(((S60+R60)*AU60)/100) -> 9.48 | DN60: 0 | DO60: 0 | DP60: 1 | DQ60: 1 | DU60: 1005 | DV60: 100 м2 | DW60: 100 м2 | DX60: 100 | EE60: 27029106 | EF60: 6 | EG60: Ремонтно-строительные работы | EH60: 0 | EJ60: 1 | EK60: 61001 | EL60: Штукатрурные работы | EM60: рФЕР-61 | EQ60: 132096 | ER60: 761.65 | ES60: 1.81 | ET60: 23.82 | EU60: 14.51 | EV60: 736.02 | EW60: 87 | EX60: 1.34 | EY60: 0 | FQ60: 0 | FR60: =ROUND(IF(AND(BH60=3,BI60=3),P60,0),2) -> 0 | FS60: 0 | FX60: 79 | FY60: 50 | GD60: 0 | GF60: 601302876 | GG60: 1 | GH60: 1 | GI60: 4 | GJ60: 0 | GK60: =ROUND(R60*(R12)/100,2) -> 0 | GL60: =ROUND(IF(AND(BH60=3,BI60=3,FS60<>0),P60,0),2) -> 0 | GM60: =ROUND(O60+X60+Y60+GK60,2)+GX60 -> 43.7 | GN60: =IF(OR(BI60=0,BI60=1),ROUND(O60+X60+Y60+GK60,2),0) -> 43.7 | GO60: =IF(BI60=2,ROUND(O60+X60+Y60+GK60,2),0) -> 0 | GP60: =IF(BI60=4,ROUND(O60+X60+Y60+GK60,2)+GX60,0) -> 0 | GR60: 0 | GS60: 3 | GT60: 0 | GV60: =ROUND((GT60),2) -> 0 | GW60: 1 | GX60: =ROUND(HC60*I60,2) -> 0 | HA60: 0 | HB60: 0 | HC60: =GV60*GW60 -> 0 | IK60: 0
A61: 18 | B61: 1 | C61: 139 | F61: 14.3.01.02-0103 | G61: Грунтовка воднодисперсионная CERESIT CT 17 | H61: л | I61: =I60*J61 -> 0.053745 | J61: 13.000726 | O61: =ROUND(CP61,2) -> 3 | P61: =ROUND(CQ61*I61,2) -> 3 | Q61: =ROUND(CR61*I61,2) -> 0 | R61: =ROUND(CS61*I61,2) -> 0 | S61: =ROUND(CT61*I61,2) -> 0 | T61: =ROUND(CU61*I61,2) -> 0 | U61: =CV61*I61 -> 0 | V61: =CW61*I61 -> 0 | W61: =ROUND(CX61*I61,2) -> 0 | X61: =ROUND(CY61,2) -> 0 | Y61: =ROUND(CZ61,2) -> 0 | AA61: -1 | AB61: =ROUND((AC61+AD61+AF61),2) -> 9.14 | AC61: =ROUND((ES61),2) -> 9.14 | AD61: =ROUND((((ET61)-(EU61))+AE61),2) -> 0 | AE61: =ROUND((EU61),2) -> 0 | AF61: =ROUND((EV61),2) -> 0 | AG61: =ROUND((AP61),2) -> 0 | AH61: =(EW61) -> 0 | AI61: =(EX61) -> 0 | AJ61: =(AS61) -> 0 | AK61: 9.14 | AL61: 9.14 | AM61: 0 | AN61: 0 | AO61: 0 | AP61: 0 | AQ61: 0 | AR61: 0 | AS61: 0 | AT61: 79 | AU61: 50 | AV61: 1 | AW61: 1 | AZ61: 6.11 | BA61: 1 | BB61: 1 | BC61: 6.11 | BH61: 3 | BI61: 1 | BJ61: ФССЦ-2001, 14.3.01.02-0103, приказ Минстроя России №1039/пр от 30.12.2016г. | BM61: 61001 | BN61: 0 | BP61: 0 | BQ61: 6 | BR61: 0 | BS61: 1 | BT61: 1 | BU61: 1 | BV61: 1 | BW61: 1 | BX61: 1 | BZ61: 79 | CA61: 50 | CE61: 0 | CF61: 0 | CG61: 0 | CM61: 0 | CO61: 0 | CP61: =(P61+Q61+S61) -> 3 | CQ61: =AC61*BC61 -> 55.8454 | CR61: =AD61*BB61 -> 0 | CS61: =AE61*BS61 -> 0 | CT61: =AF61*BA61 -> 0 | CU61: =AG61 -> 0 | CV61: =AH61 -> 0 | CW61: =AI61 -> 0 | CX61: =AJ61 -> 0 | CY61: =(((S61+R61)*AT61)/100) -> 0 | CZ61: =(((S61+R61)*AU61)/100) -> 0 | DN61: 0 | DO61: 0 | DP61: 1 | DQ61: 1 | DU61: 1002 | DV61: л | DW61: л | DX61: 1 | EE61: 27029106 | EF61: 6 | EG61: Ремонтно-строительные работы | EH61: 0 | EJ61: 1 | EK61: 61001 | EL61: Штукатрурные работы | EM61: рФЕР-61 | EQ61: 1024 | ER61: 9.14 | ES61: 9.14 | ET61: 0 | EU61: 0 | EV61: 0 | EW61: 0 | EX61: 0 | FQ61: 0 | FR61: =ROUND(IF(AND(BH61=3,BI61=3),P61,0),2) -> 0 | FS61: 0 | FX61: 79 | FY61: 50 | GD61: 0 | GF61: -972933126 | GG61: 1 | GH61: 1 | GI61: 4 | GJ61: 0 | GK61: =ROUND(R61*(R12)/100,2) -> 0 | GL61: =ROUND(IF(AND(BH61=3,BI61=3,FS61<>0),P61,0),2) -> 0 | GM61: =ROUND(O61+X61+Y61+GK61,2)+GX61 -> 3 | GN61: =IF(OR(BI61=0,BI61=1),ROUND(O61+X61+Y61+GK61,2),0) -> 3 | GO61: =IF(BI61=2,ROUND(O61+X61+Y61+GK61,2),0) -> 0 | GP61: =IF(BI61=4,ROUND(O61+X61+Y61+GK61,2)+GX61,0) -> 0 | GR61: 0 | GS61: 3 | GT61: 0 | GV61: =ROUND((GT61),2) -> 0 | GW61: 1 | GX61: =ROUND(HC61*I61,2) -> 0 | HA61: 0 | HB61: 0 | HC61: =GV61*GW61 -> 0 | IK61: 0
A62: 18 | B62: 1 | C62: 138 | F62: 04.3.02.12-0006 | G62: Смесь штукатурная "БИРСС 22" (марка М100) | H62: т | I62: =I60*J62 -> 0.005105 | J62: 1.2348815 | O62: =ROUND(CP62,2) -> 34.72 | P62: =ROUND(CQ62*I62,2) -> 34.72 | Q62: =ROUND(CR62*I62,2) -> 0 | R62: =ROUND(CS62*I62,2) -> 0 | S62: =ROUND(CT62*I62,2) -> 0 | T62: =ROUND(CU62*I62,2) -> 0 | U62: =CV62*I62 -> 0 | V62: =CW62*I62 -> 0 | W62: =ROUND(CX62*I62,2) -> 0 | X62: =ROUND(CY62,2) -> 0 | Y62: =ROUND(CZ62,2) -> 0 | AA62: -1 | AB62: =ROUND((AC62+AD62+AF62),2) -> 1113.11 | AC62: =ROUND((ES62),2) -> 1113.11 | AD62: =ROUND((((ET62)-(EU62))+AE62),2) -> 0 | AE62: =ROUND((EU62),2) -> 0 | AF62: =ROUND((EV62),2) -> 0 | AG62: =ROUND((AP62),2) -> 0 | AH62: =(EW62) -> 0 | AI62: =(EX62) -> 0 | AJ62: =(AS62) -> 0 | AK62: 1113.11 | AL62: 1113.11 | AM62: 0 | AN62: 0 | AO62: 0 | AP62: 0 | AQ62: 0 | AR62: 0 | AS62: 0 | AT62: 79 | AU62: 50 | AV62: 1 | AW62: 1 | AZ62: 6.11 | BA62: 1 | BB62: 1 | BC62: 6.11 | BH62: 3 | BI62: 1 | BJ62: ФССЦ-2001, 04.3.02.12-0006, приказ Минстроя России №1039/пр от 30.12.2016г. | BM62: 61001 | BN62: 0 | BP62: 0 | BQ62: 6 | BR62: 0 | BS62: 1 | BT62: 1 | BU62: 1 | BV62: 1 | BW62: 1 | BX62: 1 | BZ62: 79 | CA62: 50 | CE62: 0 | CF62: 0 | CG62: 0 | CM62: 0 | CO62: 0 | CP62: =(P62+Q62+S62) -> 34.72 | CQ62: =AC62*BC62 -> 6801.1021 | CR62: =AD62*BB62 -> 0 | CS62: =AE62*BS62 -> 0 | CT62: =AF62*BA62 -> 0 | CU62: =AG62 -> 0 | CV62: =AH62 -> 0 | CW62: =AI62 -> 0 | CX62: =AJ62 -> 0 | CY62: =(((S62+R62)*AT62)/100) -> 0 | CZ62: =(((S62+R62)*AU62)/100) -> 0 | DN62: 0 | DO62: 0 | DP62: 1 | DQ62: 1 | DU62: 1009 | DV62: т | DW62: т | DX62: 1000 | EE62: 27029106 | EF62: 6 | EG62: Ремонтно-строительные работы | EH62: 0 | EJ62: 1 | EK62: 61001 | EL62: Штукатрурные работы | EM62: рФЕР-61 | EQ62: 1024 | ER62: 1113.11 | ES62: 1113.11 | ET62: 0 | EU62: 0 | EV62: 0 | EW62: 0 | EX62: 0 | FQ62: 0 | FR62: =ROUND(IF(AND(BH62=3,BI62=3),P62,0),2) -> 0 | FS62: 0 | FX62: 79 | FY62: 50 | GD62: 0 | GF62: -2099882780 | GG62: 1 | GH62: 1 | GI62: 4 | GJ62: 0 | GK62: =ROUND(R62*(R12)/100,2) -> 0 | GL62: =ROUND(IF(AND(BH62=3,BI62=3,FS62<>0),P62,0),2) -> 0 | GM62: =ROUND(O62+X62+Y62+GK62,2)+GX62 -> 34.72 | GN62: =IF(OR(BI62=0,BI62=1),ROUND(O62+X62+Y62+GK62,2),0) -> 34.72 | GO62: =IF(BI62=2,ROUND(O62+X62+Y62+GK62,2),0) -> 0 | GP62: =IF(BI62=4,ROUND(O62+X62+Y62+GK62,2)+GX62,0) -> 0 | GR62: 0 | GS62: 3 | GT62: 0 | GV62: =ROUND((GT62),2) -> 0 | GW62: 1 | GX62: =ROUND(HC62*I62,2) -> 0 | HA62: 0 | HB62: 0 | HC62: =GV62*GW62 -> 0 | IK62: 0
A63: 18 | B63: 1 | C63: 137 | F63: 04.3.02.09 | G63: Смеси на цементной основе | H63: т | I63: =I60*J63 -> 0.005105 | J63: 1.2348815 | O63: =ROUND(CP63,2) -> 0 | P63: =ROUND(CQ63*I63,2) -> 0 | Q63: =ROUND(CR63*I63,2) -> 0 | R63: =ROUND(CS63*I63,2) -> 0 | S63: =ROUND(CT63*I63,2) -> 0 | T63: =ROUND(CU63*I63,2) -> 0 | U63: =CV63*I63 -> 0 | V63: =CW63*I63 -> 0 | W63: =ROUND(CX63*I63,2) -> 0 | X63: =ROUND(CY63,2) -> 0 | Y63: =ROUND(CZ63,2) -> 0 | AA63: -1 | AB63: =ROUND((AC63+AD63+AF63),2) -> 0 | AC63: =ROUND((ES63),2) -> 0 | AD63: =ROUND((((ET63)-(EU63))+AE63),2) -> 0 | AE63: =ROUND((EU63),2) -> 0 | AF63: =ROUND((EV63),2) -> 0 | AG63: =ROUND((AP63),2) -> 0 | AH63: =(EW63) -> 0 | AI63: =(EX63) -> 0 | AJ63: =(AS63) -> 0 | AK63: 0 | AL63: 0 | AM63: 0 | AN63: 0 | AO63: 0 | AP63: 0 | AQ63: 0 | AR63: 0 | AS63: 0 | AT63: 79 | AU63: 50 | AV63: 1 | AW63: 1 | AZ63: 6.11 | BA63: 1 | BB63: 1 | BC63: 6.11 | BH63: 3 | BI63: 1 | BM63: 61001 | BN63: 0 | BP63: 0 | BQ63: 6 | BR63: 0 | BS63: 1 | BT63: 1 | BU63: 1 | BV63: 1 | BW63: 1 | BX63: 1 | BZ63: 79 | CA63: 50 | CE63: 0 | CF63: 0 | CG63: 0 | CM63: 0 | CO63: 0 | CP63: =(P63+Q63+S63) -> 0 | CQ63: =AC63*BC63 -> 0 | CR63: =AD63*BB63 -> 0 | CS63: =AE63*BS63 -> 0 | CT63: =AF63*BA63 -> 0 | CU63: =AG63 -> 0 | CV63: =AH63 -> 0 | CW63: =AI63 -> 0 | CX63: =AJ63 -> 0 | CY63: =(((S63+R63)*AT63)/100) -> 0 | CZ63: =(((S63+R63)*AU63)/100) -> 0 | DN63: 0 | DO63: 0 | DP63: 1 | DQ63: 1 | DU63: 1009 | DV63: т | DW63: т | DX63: 1000 | EE63: 27029106 | EF63: 6 | EG63: Ремонтно-строительные работы | EH63: 0 | EJ63: 1 | EK63: 61001 | EL63: Штукатрурные работы | EM63: рФЕР-61 | EQ63: 1024 | ER63: 0 | ES63: 0 | ET63: 0 | EU63: 0 | EV63: 0 | EW63: 0 | EX63: 0 | FQ63: 0 | FR63: =ROUND(IF(AND(BH63=3,BI63=3),P63,0),2) -> 0 | FS63: 0 | FX63: 79 | FY63: 50 | GD63: 0 | GF63: 1880203204 | GG63: 1 | GH63: 1 | GI63: 4 | GJ63: 0 | GK63: =ROUND(R63*(R12)/100,2) -> 0 | GL63: =ROUND(IF(AND(BH63=3,BI63=3,FS63<>0),P63,0),2) -> 0 | GM63: =ROUND(O63+X63+Y63+GK63,2)+GX63 -> 0 | GN63: =IF(OR(BI63=0,BI63=1),ROUND(O63+X63+Y63+GK63,2),0) -> 0 | GO63: =IF(BI63=2,ROUND(O63+X63+Y63+GK63,2),0) -> 0 | GP63: =IF(BI63=4,ROUND(O63+X63+Y63+GK63,2)+GX63,0) -> 0 | GR63: 0 | GS63: 3 | GT63: 0 | GV63: =ROUND((GT63),2) -> 0 | GW63: 1 | GX63: =ROUND(HC63*I63,2) -> 0 | HA63: 0 | HB63: 0 | HC63: =GV63*GW63 -> 0 | IK63: 0
A64: 17 | B64: 1 | C64: =ROW(SmtRes!A147) -> 147 | D64: =ROW(EtalonRes!A155) -> 155 | E64: 24 | F64: 15-02-019-05 | G64: Сплошное выравнивание внутренних поверхностей (однослойное оштукатуривание) из сухих растворных смесей толщиной до 10 мм оконных и дверных откосов плоских | H64: 100 м2 | I64: =ROUND((1.11+2.68+2.2+3.46+2.7+4.77+1.59+12+8.06+1.69+2.27)/100,9) -> 0.4253 | J64: 0 | O64: =ROUND(CP64,2) -> 2214.93 | P64: =ROUND(CQ64*I64,2) -> 4.7 | Q64: =ROUND(CR64*I64,2) -> 77.39 | R64: =ROUND(CS64*I64,2) -> 47.14 | S64: =ROUND(CT64*I64,2) -> 2132.84 | T64: =ROUND(CU64*I64,2) -> 0 | U64: =CV64*I64 -> 40.922579 | V64: =CW64*I64 -> 0.7123775 | W64: =ROUND(CX64*I64,2) -> 0 | X64: =ROUND(CY64,2) -> 2070.98 | Y64: =ROUND(CZ64,2) -> 1024.59 | AA64: 27906248 | AB64: =ROUND((AC64+AD64+AF64),2) -> 852.36 | AC64: =ROUND((ES64),2) -> 1.81 | AD64: =ROUND(((((ET64*1.25))-((EU64*1.25)))+AE64),2) -> 29.78 | AE64: =ROUND(((EU64*1.25)),2) -> 18.14 | AF64: =ROUND(((EV64*1.15)),2) -> 820.77 | AG64: =ROUND((AP64),2) -> 0 | AH64: =((EW64*1.15)) -> 96.2205 | AI64: =((EX64*1.25)) -> 1.675 | AJ64: =(AS64) -> 0 | AK64: 739.34 | AL64: 1.81 | AM64: 23.82 | AN64: 14.51 | AO64: 713.71 | AP64: 0 | AQ64: 83.67 | AR64: 1.34 | AS64: 0 | AT64: 95 | AU64: 47 | AV64: 1 | AW64: 1 | AZ64: 6.11 | BA64: 6.11 | BB64: 6.11 | BC64: 6.11 | BH64: 0 | BI64: 1 | BJ64: ФЕР-2001, 15-02-019-05, приказ Минстроя России №1039/пр от 30.12.2016г. | BM64: 15001 | BN64: 0 | BP64: 0 | BQ64: 2 | BR64: 0 | BS64: 6.11 | BT64: 1 | BU64: 1 | BV64: 1 | BW64: 1 | BX64: 1 | BZ64: 105 | CA64: 55 | CE64: 0 | CF64: 0 | CG64: 0 | CM64: 0 | CN64: Поправка: МДС 81-35.2004, п.4.7 Наименование: Работы, выполняемые при реконструкции зданий и сооружений работы, аналогичные технологическим процессам в новом строительстве (в том числе возведение новых конструктивных элементов) стоимость которых определена по соответствующим сборникам ФЕР, кроме сборника № 46 «Работы при реконструкции зданий и сооружений» | CO64: 0 | CP64: =(P64+Q64+S64) -> 2214.93 | CQ64: =AC64*BC64 -> 11.0591 | CR64: =AD64*BB64 -> 181.9558 | CS64: =AE64*BS64 -> 110.8354 | CT64: =AF64*BA64 -> 5014.9047 | CU64: =AG64 -> 0 | CV64: =AH64 -> 96.2205 | CW64: =AI64 -> 1.675 | CX64: =AJ64 -> 0 | CY64: =(((S64+R64)*AT64)/100) -> 2070.981 | CZ64: =(((S64+R64)*AU64)/100) -> 1024.5906 | DE64: )*1,25 | DF64: )*1,25 | DG64: )*1,15 | DI64: )*1,15 | DJ64: )*1,25 | DN64: 0 | DO64: 0 | DP64: 1 | DQ64: 1 | DU64: 1005 | DV64: 100 м2 | DW64: 100 м2 | DX64: 100 | EE64: 27029049 | EF64: 2 | EG64: Общестроительные работы | EH64: 0 | EJ64: 1 | EK64: 15001 | EL64: Отделочные работы | EM64: ФЕР-15 | EO64: Поправка: МДС 81-35.2004, п.4.7 | EQ64: 0 | ER64: 739.34 | ES64: 1.81 | ET64: 23.82 | EU64: 14.51 | EV64: 713.71 | EW64: 83.67 | EX64: 1.34 | EY64: 0 | FQ64: 0 | FR64: =ROUND(IF(AND(BH64=3,BI64=3),P64,0),2) -> 0 | FS64: 0 | FT64: *0,9 | FU64: *0,85 | FX64: 94.5 | FY64: 46.75 | GD64: 0 | GF64: -195782614 | GG64: 1 | GH64: 1 | GI64: 4 | GJ64: 0 | GK64: =ROUND(R64*(R12)/100,2) -> 0 | GL64: =ROUND(IF(AND(BH64=3,BI64=3,FS64<>0),P64,0),2) -> 0 | GM64: =ROUND(O64+X64+Y64+GK64,2)+GX64 -> 5310.5 | GN64: =IF(OR(BI64=0,BI64=1),ROUND(O64+X64+Y64+GK64,2),0) -> 5310.5 | GO64: =IF(BI64=2,ROUND(O64+X64+Y64+GK64,2),0) -> 0 | GP64: =IF(BI64=4,ROUND(O64+X64+Y64+GK64,2)+GX64,0) -> 0 | GR64: 0 | GS64: 3 | GT64: 0 | GV64: =ROUND((GT64),2) -> 0 | GW64: 1 | GX64: =ROUND(HC64*I64,2) -> 0 | HA64: 0 | HB64: 0 | HC64: =GV64*GW64 -> 0 | IK64: 0
A65: 18 | B65: 1 | C65: 147 | E65: 24,1 | F65: 14.3.01.02-0103 | G65: Грунтовка воднодисперсионная CERESIT CT 17 | H65: л | I65: =I64*J65 -> 5.5289 | J65: 13 | O65: =ROUND(CP65,2) -> 308.76 | P65: =ROUND(CQ65*I65,2) -> 308.76 | Q65: =ROUND(CR65*I65,2) -> 0 | R65: =ROUND(CS65*I65,2) -> 0 | S65: =ROUND(CT65*I65,2) -> 0 | T65: =ROUND(CU65*I65,2) -> 0 | U65: =CV65*I65 -> 0 | V65: =CW65*I65 -> 0 | W65: =ROUND(CX65*I65,2) -> 0 | X65: =ROUND(CY65,2) -> 0 | Y65: =ROUND(CZ65,2) -> 0 | AA65: 27906248 | AB65: =ROUND((AC65+AD65+AF65),2) -> 9.14 | AC65: =ROUND((ES65),2) -> 9.14 | AD65: =ROUND((((ET65)-(EU65))+AE65),2) -> 0 | AE65: =ROUND((EU65),2) -> 0 | AF65: =ROUND((EV65),2) -> 0 | AG65: =ROUND((AP65),2) -> 0 | AH65: =(EW65) -> 0 | AI65: =(EX65) -> 0 | AJ65: =(AS65) -> 0 | AK65: 9.14 | AL65: 9.14 | AM65: 0 | AN65: 0 | AO65: 0 | AP65: 0 | AQ65: 0 | AR65: 0 | AS65: 0 | AT65: 79 | AU65: 50 | AV65: 1 | AW65: 1 | AZ65: 6.11 | BA65: 1 | BB65: 1 | BC65: 6.11 | BH65: 3 | BI65: 1 | BJ65: ФССЦ-2001, 14.3.01.02-0103, приказ Минстроя России №1039/пр от 30.12.2016г. | BM65: 61001 | BN65: 0 | BP65: 0 | BQ65: 6 | BR65: 0 | BS65: 1 | BT65: 1 | BU65: 1 | BV65: 1 | BW65: 1 | BX65: 1 | BZ65: 79 | CA65: 50 | CE65: 0 | CF65: 0 | CG65: 0 | CM65: 0 | CO65: 0 | CP65: =(P65+Q65+S65) -> 308.76 | CQ65: =AC65*BC65 -> 55.8454 | CR65: =AD65*BB65 -> 0 | CS65: =AE65*BS65 -> 0 | CT65: =AF65*BA65 -> 0 | CU65: =AG65 -> 0 | CV65: =AH65 -> 0 | CW65: =AI65 -> 0 | CX65: =AJ65 -> 0 | CY65: =(((S65+R65)*AT65)/100) -> 0 | CZ65: =(((S65+R65)*AU65)/100) -> 0 | DN65: 0 | DO65: 0 | DP65: 1 | DQ65: 1 | DU65: 1002 | DV65: л | DW65: л | DX65: 1 | EE65: 27029106 | EF65: 6 | EG65: Ремонтно-строительные работы | EH65: 0 | EJ65: 1 | EK65: 61001 | EL65: Штукатрурные работы | EM65: рФЕР-61 | EQ65: 0 | ER65: 9.14 | ES65: 9.14 | ET65: 0 | EU65: 0 | EV65: 0 | EW65: 0 | EX65: 0 | FQ65: 0 | FR65: =ROUND(IF(AND(BH65=3,BI65=3),P65,0),2) -> 0 | FS65: 0 | FX65: 79 | FY65: 50 | GD65: 0 | GF65: -972933126 | GG65: 1 | GH65: 1 | GI65: 4 | GJ65: 0 | GK65: =ROUND(R65*(R12)/100,2) -> 0 | GL65: =ROUND(IF(AND(BH65=3,BI65=3,FS65<>0),P65,0),2) -> 0 | GM65: =ROUND(O65+X65+Y65+GK65,2)+GX65 -> 308.76 | GN65: =IF(OR(BI65=0,BI65=1),ROUND(O65+X65+Y65+GK65,2),0) -> 308.76 | GO65: =IF(BI65=2,ROUND(O65+X65+Y65+GK65,2),0) -> 0 | GP65: =IF(BI65=4,ROUND(O65+X65+Y65+GK65,2)+GX65,0) -> 0 | GR65: 0 | GS65: 3 | GT65: 0 | GV65: =ROUND((GT65),2) -> 0 | GW65: 1 | GX65: =ROUND(HC65*I65,2) -> 0 | HA65: 0 | HB65: 0 | HC65: =GV65*GW65 -> 0 | IK65: 0
A66: 18 | B66: 1 | C66: 146 | E66: 24,2 | F66: 04.3.02.12-0006 | G66: Смесь штукатурная "БИРСС 22" (марка М100) | H66: т | I66: =I64*J66 -> 0.523119 | J66: 1.23 | O66: =ROUND(CP66,2) -> 3557.79 | P66: =ROUND(CQ66*I66,2) -> 3557.79 | Q66: =ROUND(CR66*I66,2) -> 0 | R66: =ROUND(CS66*I66,2) -> 0 | S66: =ROUND(CT66*I66,2) -> 0 | T66: =ROUND(CU66*I66,2) -> 0 | U66: =CV66*I66 -> 0 | V66: =CW66*I66 -> 0 | W66: =ROUND(CX66*I66,2) -> 0 | X66: =ROUND(CY66,2) -> 0 | Y66: =ROUND(CZ66,2) -> 0 | AA66: 27906248 | AB66: =ROUND((AC66+AD66+AF66),2) -> 1113.11 | AC66: =ROUND((ES66),2) -> 1113.11 | AD66: =ROUND((((ET66)-(EU66))+AE66),2) -> 0 | AE66: =ROUND((EU66),2) -> 0 | AF66: =ROUND((EV66),2) -> 0 | AG66: =ROUND((AP66),2) -> 0 | AH66: =(EW66) -> 0 | AI66: =(EX66) -> 0 | AJ66: =(AS66) -> 0 | AK66: 1113.11 | AL66: 1113.11 | AM66: 0 | AN66: 0 | AO66: 0 | AP66: 0 | AQ66: 0 | AR66: 0 | AS66: 0 | AT66: 79 | AU66: 50 | AV66: 1 | AW66: 1 | AZ66: 6.11 | BA66: 1 | BB66: 1 | BC66: 6.11 | BH66: 3 | BI66: 1 | BJ66: ФССЦ-2001, 04.3.02.12-0006, приказ Минстроя России №1039/пр от 30.12.2016г. | BM66: 61001 | BN66: 0 | BP66: 0 | BQ66: 6 | BR66: 0 | BS66: 1 | BT66: 1 | BU66: 1 | BV66: 1 | BW66: 1 | BX66: 1 | BZ66: 79 | CA66: 50 | CE66: 0 | CF66: 0 | CG66: 0 | CM66: 0 | CO66: 0 | CP66: =(P66+Q66+S66) -> 3557.79 | CQ66: =AC66*BC66 -> 6801.1021 | CR66: =AD66*BB66 -> 0 | CS66: =AE66*BS66 -> 0 | CT66: =AF66*BA66 -> 0 | CU66: =AG66 -> 0 | CV66: =AH66 -> 0 | CW66: =AI66 -> 0 | CX66: =AJ66 -> 0 | CY66: =(((S66+R66)*AT66)/100) -> 0 | CZ66: =(((S66+R66)*AU66)/100) -> 0 | DN66: 0 | DO66: 0 | DP66: 1 | DQ66: 1 | DU66: 1009 | DV66: т | DW66: т | DX66: 1000 | EE66: 27029106 | EF66: 6 | EG66: Ремонтно-строительные работы | EH66: 0 | EJ66: 1 | EK66: 61001 | EL66: Штукатрурные работы | EM66: рФЕР-61 | EQ66: 0 | ER66: 1113.11 | ES66: 1113.11 | ET66: 0 | EU66: 0 | EV66: 0 | EW66: 0 | EX66: 0 | FQ66: 0 | FR66: =ROUND(IF(AND(BH66=3,BI66=3),P66,0),2) -> 0 | FS66: 0 | FX66: 79 | FY66: 50 | GD66: 0 | GF66: -2099882780 | GG66: 1 | GH66: 1 | GI66: 4 | GJ66: 0 | GK66: =ROUND(R66*(R12)/100,2) -> 0 | GL66: =ROUND(IF(AND(BH66=3,BI66=3,FS66<>0),P66,0),2) -> 0 | GM66: =ROUND(O66+X66+Y66+GK66,2)+GX66 -> 3557.79 | GN66: =IF(OR(BI66=0,BI66=1),ROUND(O66+X66+Y66+GK66,2),0) -> 3557.79 | GO66: =IF(BI66=2,ROUND(O66+X66+Y66+GK66,2),0) -> 0 | GP66: =IF(BI66=4,ROUND(O66+X66+Y66+GK66,2)+GX66,0) -> 0 | GR66: 0 | GS66: 3 | GT66: 0 | GV66: =ROUND((GT66),2) -> 0 | GW66: 1 | GX66: =ROUND(HC66*I66,2) -> 0 | HA66: 0 | HB66: 0 | HC66: =GV66*GW66 -> 0 | IK66: 0
A67: 17 | B67: 1 | C67: =ROW(SmtRes!A154) -> 154 | D67: =ROW(EtalonRes!A162) -> 162 | E67: 25 | F67: 15-02-019-09 | G67: Сплошное выравнивание внутренних поверхностей (однослойное оштукатуривание) из сухих растворных смесей на каждый 1 мм изменения толщины слоя добавлять или исключать к расценке 15-02-019-05 толщиной 20 мм | H67: 100 м2 | I67: =ROUND((I64),9) -> 0.4253 | J67: 0 | O67: =ROUND(CP67,2) -> 4353.56 | P67: =ROUND(CQ67*I67,2) -> 9.35 | Q67: =ROUND(CR67*I67,2) -> 153.32 | R67: =ROUND(CS67*I67,2) -> 93.55 | S67: =ROUND(CT67*I67,2) -> 4190.89 | T67: =ROUND(CU67*I67,2) -> 0 | U67: =CV67*I67 -> 80.407218 | V67: =CW67*I67 -> 1.382225 | W67: =ROUND(CX67*I67,2) -> 0 | X67: =ROUND(CY67,2) -> 4070.22 | Y67: =ROUND(CZ67,2) -> 2013.69 | AA67: 27906248 | AB67: =ROUND((AC67+AD67+AF67),2) -> 1675.36 | AC67: =ROUND(((ES67*20)),2) -> 3.6 | AD67: =ROUND(((((ET67*1.25*20))-((EU67*1.25*20)))+AE67),2) -> 59 | AE67: =ROUND(((EU67*1.25*20)),2) -> 36 | AF67: =ROUND(((EV67*1.15*20)),2) -> 1612.76 | AG67: =ROUND((AP67),2) -> 0 | AH67: =((EW67*1.15*20)) -> 189.06 | AI67: =((EX67*1.25*20)) -> 3.25 | AJ67: =(AS67) -> 0 | AK67: 72.66 | AL67: 0.18 | AM67: 2.36 | AN67: 1.44 | AO67: 70.12 | AP67: 0 | AQ67: 8.22 | AR67: 0.13 | AS67: 0 | AT67: 95 | AU67: 47 | AV67: 1 | AW67: 1 | AZ67: 6.11 | BA67: 6.11 | BB67: 6.11 | BC67: 6.11 | BH67: 0 | BI67: 1 | BJ67: ФЕР-2001, 15-02-019-09, приказ Минстроя России №886/пр от 15.06.2017 | BM67: 15001 | BN67: 0 | BP67: 0 | BQ67: 2 | BR67: 0 | BS67: 6.11 | BT67: 1 | BU67: 1 | BV67: 1 | BW67: 1 | BX67: 1 | BZ67: 105 | CA67: 55 | CE67: 0 | CF67: 0 | CG67: 0 | CM67: 0 | CN67: Поправка: МДС 81-35.2004, п.4.7 Наименование: Работы, выполняемые при реконструкции зданий и сооружений работы, аналогичные технологическим процессам в новом строительстве (в том числе возведение новых конструктивных элементов) стоимость которых определена по соответствующим сборникам ФЕР, кроме сборника № 46 «Работы при реконструкции зданий и сооружений» | CO67: 0 | CP67: =(P67+Q67+S67) -> 4353.56 | CQ67: =AC67*BC67 -> 21.996 | CR67: =AD67*BB67 -> 360.49 | CS67: =AE67*BS67 -> 219.96 | CT67: =AF67*BA67 -> 9853.9636 | CU67: =AG67 -> 0 | CV67: =AH67 -> 189.06 | CW67: =AI67 -> 3.25 | CX67: =AJ67 -> 0 | CY67: =(((S67+R67)*AT67)/100) -> 4070.218 | CZ67: =(((S67+R67)*AU67)/100) -> 2013.6868 | DD67: *20 | DE67: )*1,25*20 | DF67: )*1,25*20 | DG67: )*1,15*20 | DI67: )*1,15*20 | DJ67: )*1,25*20 | DN67: 0 | DO67: 0 | DP67: 1 | DQ67: 1 | DU67: 1005 | DV67: 100 м2 | DW67: 100 м2 | DX67: 100 | EE67: 27029049 | EF67: 2 | EG67: Общестроительные работы | EH67: 0 | EJ67: 1 | EK67: 15001 | EL67: Отделочные работы | EM67: ФЕР-15 | EO67: Поправка: МДС 81-35.2004, п.4.7 | EQ67: 0 | ER67: 72.66 | ES67: 0.18 | ET67: 2.36 | EU67: 1.44 | EV67: 70.12 | EW67: 8.22 | EX67: 0.13 | EY67: 0 | FQ67: 0 | FR67: =ROUND(IF(AND(BH67=3,BI67=3),P67,0),2) -> 0 | FS67: 0 | FT67: *0,9 | FU67: *0,85 | FX67: 94.5 | FY67: 46.75 | GD67: 0 | GF67: -1171862808 | GG67: 1 | GH67: 1 | GI67: 4 | GJ67: 0 | GK67: =ROUND(R67*(R12)/100,2) -> 0 | GL67: =ROUND(IF(AND(BH67=3,BI67=3,FS67<>0),P67,0),2) -> 0 | GM67: =ROUND(O67+X67+Y67+GK67,2)+GX67 -> 10437.47 | GN67: =IF(OR(BI67=0,BI67=1),ROUND(O67+X67+Y67+GK67,2),0) -> 10437.47 | GO67: =IF(BI67=2,ROUND(O67+X67+Y67+GK67,2),0) -> 0 | GP67: =IF(BI67=4,ROUND(O67+X67+Y67+GK67,2)+GX67,0) -> 0 | GR67: 0 | GS67: 3 | GT67: 0 | GV67: =ROUND((GT67),2) -> 0 | GW67: 1 | GX67: =ROUND(HC67*I67,2) -> 0 | HA67: 0 | HB67: 0 | HC67: =GV67*GW67 -> 0 | IK67: 0
A68: 18 | B68: 1 | C68: 154 | E68: 25,1 | F68: 04.3.02.12-0006 | G68: Смесь штукатурная "БИРСС 22" (марка М100) | H68: т | I68: =I67*J68 -> 10.46238 | J68: 24.6 | O68: =ROUND(CP68,2) -> 71155.71 | P68: =ROUND(CQ68*I68,2) -> 71155.71 | Q68: =ROUND(CR68*I68,2) -> 0 | R68: =ROUND(CS68*I68,2) -> 0 | S68: =ROUND(CT68*I68,2) -> 0 | T68: =ROUND(CU68*I68,2) -> 0 | U68: =CV68*I68 -> 0 | V68: =CW68*I68 -> 0 | W68: =ROUND(CX68*I68,2) -> 0 | X68: =ROUND(CY68,2) -> 0 | Y68: =ROUND(CZ68,2) -> 0 | AA68: 27906248 | AB68: =ROUND((AC68+AD68+AF68),2) -> 1113.11 | AC68: =ROUND((ES68),2) -> 1113.11 | AD68: =ROUND((((ET68)-(EU68))+AE68),2) -> 0 | AE68: =ROUND((EU68),2) -> 0 | AF68: =ROUND((EV68),2) -> 0 | AG68: =ROUND((AP68),2) -> 0 | AH68: =(EW68) -> 0 | AI68: =(EX68) -> 0 | AJ68: =(AS68) -> 0 | AK68: 1113.11 | AL68: 1113.11 | AM68: 0 | AN68: 0 | AO68: 0 | AP68: 0 | AQ68: 0 | AR68: 0 | AS68: 0 | AT68: 79 | AU68: 50 | AV68: 1 | AW68: 1 | AZ68: 6.11 | BA68: 1 | BB68: 1 | BC68: 6.11 | BH68: 3 | BI68: 1 | BJ68: ФССЦ-2001, 04.3.02.12-0006, приказ Минстроя России №1039/пр от 30.12.2016г. | BM68: 61001 | BN68: 0 | BP68: 0 | BQ68: 6 | BR68: 0 | BS68: 1 | BT68: 1 | BU68: 1 | BV68: 1 | BW68: 1 | BX68: 1 | BZ68: 79 | CA68: 50 | CE68: 0 | CF68: 0 | CG68: 0 | CM68: 0 | CN68: Поправка: МДС 81-35.2004, п.4.7 Наименование: Работы, выполняемые при реконструкции зданий и сооружений работы, аналогичные технологическим процессам в новом строительстве (в том числе возведение новых конструктивных элементов) стоимость которых определена по соответствующим сборникам ФЕР, кроме сборника № 46 «Работы при реконструкции зданий и сооружений» | CO68: 0 | CP68: =(P68+Q68+S68) -> 71155.71 | CQ68: =AC68*BC68 -> 6801.1021 | CR68: =AD68*BB68 -> 0 | CS68: =AE68*BS68 -> 0 | CT68: =AF68*BA68 -> 0 | CU68: =AG68 -> 0 | CV68: =AH68 -> 0 | CW68: =AI68 -> 0 | CX68: =AJ68 -> 0 | CY68: =(((S68+R68)*AT68)/100) -> 0 | CZ68: =(((S68+R68)*AU68)/100) -> 0 | DN68: 0 | DO68: 0 | DP68: 1 | DQ68: 1 | DU68: 1009 | DV68: т | DW68: т | DX68: 1000 | EE68: 27029106 | EF68: 6 | EG68: Ремонтно-строительные работы | EH68: 0 | EJ68: 1 | EK68: 61001 | EL68: Штукатрурные работы | EM68: рФЕР-61 | EO68: Поправка: МДС 81-35.2004, п.4.7 | EQ68: 0 | ER68: 1113.11 | ES68: 1113.11 | ET68: 0 | EU68: 0 | EV68: 0 | EW68: 0 | EX68: 0 | FQ68: 0 | FR68: =ROUND(IF(AND(BH68=3,BI68=3),P68,0),2) -> 0 | FS68: 0 | FX68: 79 | FY68: 50 | GD68: 0 | GF68: -2099882780 | GG68: 1 | GH68: 1 | GI68: 4 | GJ68: 0 | GK68: =ROUND(R68*(R12)/100,2) -> 0 | GL68: =ROUND(IF(AND(BH68=3,BI68=3,FS68<>0),P68,0),2) -> 0 | GM68: =ROUND(O68+X68+Y68+GK68,2)+GX68 -> 71155.71 | GN68: =IF(OR(BI68=0,BI68=1),ROUND(O68+X68+Y68+GK68,2),0) -> 71155.71 | GO68: =IF(BI68=2,ROUND(O68+X68+Y68+GK68,2),0) -> 0 | GP68: =IF(BI68=4,ROUND(O68+X68+Y68+GK68,2)+GX68,0) -> 0 | GR68: 0 | GS68: 3 | GT68: 0 | GV68: =ROUND((GT68),2) -> 0 | GW68: 1 | GX68: =ROUND(HC68*I68,2) -> 0 | HA68: 0 | HB68: 0 | HC68: =GV68*GW68 -> 0 | IK68: 0
A69: 17 | B69: 1 | C69: =ROW(SmtRes!A160) -> 160 | D69: =ROW(EtalonRes!A168) -> 168 | E69: 26 | F69: 15-04-006-01 | G69: Покрытие поверхностей грунтовкой глубокого проникновения за 1 раз потолков (согласно объёмам по сплошному выравниванию(однослойная штукатурка) потолка) | H69: 100 м2 | I69: =ROUND(I58,9) -> 6.63 | J69: 0 | O69: =ROUND(CP69,2) -> 3686.75 | P69: =ROUND(CQ69*I69,2) -> 7.29 | Q69: =ROUND(CR69*I69,2) -> 49.42 | R69: =ROUND(CS69*I69,2) -> 13.37 | S69: =ROUND(CT69*I69,2) -> 3630.04 | T69: =ROUND(CU69*I69,2) -> 0 | U69: =CV69*I69 -> 61.75845 | V69: =CW69*I69 -> 0.16575 | W69: =ROUND(CX69*I69,2) -> 0 | X69: =ROUND(CY69,2) -> 3461.24 | Y69: =ROUND(CZ69,2) -> 1712.4 | AA69: 27906248 | AB69: =ROUND((AC69+AD69+AF69),2) -> 91.01 | AC69: =ROUND((ES69),2) -> 0.18 | AD69: =ROUND(((((ET69*1.25))-((EU69*1.25)))+AE69),2) -> 1.22 | AE69: =ROUND(((EU69*1.25)),2) -> 0.33 | AF69: =ROUND(((EV69*1.15)),2) -> 89.61 | AG69: =ROUND((AP69),2) -> 0 | AH69: =((EW69*1.15)) -> 9.315 | AI69: =((EX69*1.25)) -> 0.025 | AJ69: =(AS69) -> 0 | AK69: 79.07 | AL69: 0.18 | AM69: 0.97 | AN69: 0.26 | AO69: 77.92 | AP69: 0 | AQ69: 8.1 | AR69: 0.02 | AS69: 0 | AT69: 95 | AU69: 47 | AV69: 1 | AW69: 1 | AZ69: 6.11 | BA69: 6.11 | BB69: 6.11 | BC69: 6.11 | BH69: 0 | BI69: 1 | BJ69: ФЕР-2001, 15-04-006-01, приказ Минстроя России №1039/пр от 30.12.2016г. | BM69: 15001 | BN69: 0 | BP69: 0 | BQ69: 2 | BR69: 0 | BS69: 6.11 | BT69: 1 | BU69: 1 | BV69: 1 | BW69: 1 | BX69: 1 | BZ69: 105 | CA69: 55 | CE69: 0 | CF69: 0 | CG69: 0 | CM69: 0 | CN69: Поправка: МДС 81-35.2004, п.4.7 Наименование: Работы, выполняемые при реконструкции зданий и сооружений работы, аналогичные технологическим процессам в новом строительстве (в том числе возведение новых конструктивных элементов) стоимость которых определена по соответствующим сборникам ФЕР, кроме сборника № 46 «Работы при реконструкции зданий и сооружений» | CO69: 0 | CP69: =(P69+Q69+S69) -> 3686.75 | CQ69: =AC69*BC69 -> 1.0998 | CR69: =AD69*BB69 -> 7.4542 | CS69: =AE69*BS69 -> 2.0163 | CT69: =AF69*BA69 -> 547.5171 | CU69: =AG69 -> 0 | CV69: =AH69 -> 9.315 | CW69: =AI69 -> 0.025 | CX69: =AJ69 -> 0 | CY69: =(((S69+R69)*AT69)/100) -> 3461.2395 | CZ69: =(((S69+R69)*AU69)/100) -> 1712.4027 | DE69: )*1,25 | DF69: )*1,25 | DG69: )*1,15 | DI69: )*1,15 | DJ69: )*1,25 | DN69: 0 | DO69: 0 | DP69: 1 | DQ69: 1 | DU69: 1005 | DV69: 100 м2 | DW69: 100 м2 | DX69: 100 | EE69: 27029049 | EF69: 2 | EG69: Общестроительные работы | EH69: 0 | EJ69: 1 | EK69: 15001 | EL69: Отделочные работы | EM69: ФЕР-15 | EO69: Поправка: МДС 81-35.2004, п.4.7 | EQ69: 131072 | ER69: 79.07 | ES69: 0.18 | ET69: 0.97 | EU69: 0.26 | EV69: 77.92 | EW69: 8.1 | EX69: 0.02 | EY69: 0 | FQ69: 0 | FR69: =ROUND(IF(AND(BH69=3,BI69=3),P69,0),2) -> 0 | FS69: 0 | FT69: *0,9 | FU69: *0,85 | FX69: 94.5 | FY69: 46.75 | GD69: 0 | GF69: -111781109 | GG69: 1 | GH69: 1 | GI69: 4 | GJ69: 0 | GK69: =ROUND(R69*(R12)/100,2) -> 0 | GL69: =ROUND(IF(AND(BH69=3,BI69=3,FS69<>0),P69,0),2) -> 0 | GM69: =ROUND(O69+X69+Y69+GK69,2)+GX69 -> 8860.39 | GN69: =IF(OR(BI69=0,BI69=1),ROUND(O69+X69+Y69+GK69,2),0) -> 8860.39 | GO69: =IF(BI69=2,ROUND(O69+X69+Y69+GK69,2),0) -> 0 | GP69: =IF(BI69=4,ROUND(O69+X69+Y69+GK69,2)+GX69,0) -> 0 | GR69: 0 | GS69: 3 | GT69: 0 | GV69: =ROUND((GT69),2) -> 0 | GW69: 1 | GX69: =ROUND(HC69*I69,2) -> 0 | HA69: 0 | HB69: 0 | HC69: =GV69*GW69 -> 0 | IK69: 0
A70: 18 | B70: 1 | C70: 160 | E70: 26,1 | F70: 14.3.01.02-0103 | G70: Грунтовка воднодисперсионная CERESIT CT 17 | H70: л | I70: =I69*J70 -> 86.19 | J70: 13 | O70: =ROUND(CP70,2) -> 4813.32 | P70: =ROUND(CQ70*I70,2) -> 4813.32 | Q70: =ROUND(CR70*I70,2) -> 0 | R70: =ROUND(CS70*I70,2) -> 0 | S70: =ROUND(CT70*I70,2) -> 0 | T70: =ROUND(CU70*I70,2) -> 0 | U70: =CV70*I70 -> 0 | V70: =CW70*I70 -> 0 | W70: =ROUND(CX70*I70,2) -> 0 | X70: =ROUND(CY70,2) -> 0 | Y70: =ROUND(CZ70,2) -> 0 | AA70: 27906248 | AB70: =ROUND((AC70+AD70+AF70),2) -> 9.14 | AC70: =ROUND((ES70),2) -> 9.14 | AD70: =ROUND((((ET70)-(EU70))+AE70),2) -> 0 | AE70: =ROUND((EU70),2) -> 0 | AF70: =ROUND((EV70),2) -> 0 | AG70: =ROUND((AP70),2) -> 0 | AH70: =(EW70) -> 0 | AI70: =(EX70) -> 0 | AJ70: =(AS70) -> 0 | AK70: 9.14 | AL70: 9.14 | AM70: 0 | AN70: 0 | AO70: 0 | AP70: 0 | AQ70: 0 | AR70: 0 | AS70: 0 | AT70: 79 | AU70: 50 | AV70: 1 | AW70: 1 | AZ70: 6.11 | BA70: 1 | BB70: 1 | BC70: 6.11 | BH70: 3 | BI70: 1 | BJ70: ФССЦ-2001, 14.3.01.02-0103, приказ Минстроя России №1039/пр от 30.12.2016г. | BM70: 61001 | BN70: 0 | BP70: 0 | BQ70: 6 | BR70: 0 | BS70: 1 | BT70: 1 | BU70: 1 | BV70: 1 | BW70: 1 | BX70: 1 | BZ70: 79 | CA70: 50 | CE70: 0 | CF70: 0 | CG70: 0 | CM70: 0 | CO70: 0 | CP70: =(P70+Q70+S70) -> 4813.32 | CQ70: =AC70*BC70 -> 55.8454 | CR70: =AD70*BB70 -> 0 | CS70: =AE70*BS70 -> 0 | CT70: =AF70*BA70 -> 0 | CU70: =AG70 -> 0 | CV70: =AH70 -> 0 | CW70: =AI70 -> 0 | CX70: =AJ70 -> 0 | CY70: =(((S70+R70)*AT70)/100) -> 0 | CZ70: =(((S70+R70)*AU70)/100) -> 0 | DN70: 0 | DO70: 0 | DP70: 1 | DQ70: 1 | DU70: 1002 | DV70: л | DW70: л | DX70: 1 | EE70: 27029106 | EF70: 6 | EG70: Ремонтно-строительные работы | EH70: 0 | EJ70: 1 | EK70: 61001 | EL70: Штукатрурные работы | EM70: рФЕР-61 | EQ70: 0 | ER70: 9.14 | ES70: 9.14 | ET70: 0 | EU70: 0 | EV70: 0 | EW70: 0 | EX70: 0 | FQ70: 0 | FR70: =ROUND(IF(AND(BH70=3,BI70=3),P70,0),2) -> 0 | FS70: 0 | FX70: 79 | FY70: 50 | GD70: 0 | GF70: -972933126 | GG70: 1 | GH70: 1 | GI70: 4 | GJ70: 0 | GK70: =ROUND(R70*(R12)/100,2) -> 0 | GL70: =ROUND(IF(AND(BH70=3,BI70=3,FS70<>0),P70,0),2) -> 0 | GM70: =ROUND(O70+X70+Y70+GK70,2)+GX70 -> 4813.32 | GN70: =IF(OR(BI70=0,BI70=1),ROUND(O70+X70+Y70+GK70,2),0) -> 4813.32 | GO70: =IF(BI70=2,ROUND(O70+X70+Y70+GK70,2),0) -> 0 | GP70: =IF(BI70=4,ROUND(O70+X70+Y70+GK70,2)+GX70,0) -> 0 | GR70: 0 | GS70: 3 | GT70: 0 | GV70: =ROUND((GT70),2) -> 0 | GW70: 1 | GX70: =ROUND(HC70*I70,2) -> 0 | HA70: 0 | HB70: 0 | HC70: =GV70*GW70 -> 0 | IK70: 0
A71: 17 | B71: 1 | C71: =ROW(SmtRes!A168) -> 168 | D71: =ROW(EtalonRes!A176) -> 176 | E71: 27 | F71: 15-04-005-04 | G71: Окраска поливинилацетатными водоэмульсионными составами улучшенная по штукатурке потолков (согласно объёмам по сплошному выравниванию(однослойная штукатурка потолка) | H71: 100 м2 | I71: =ROUND(I69,9) -> 6.63 | J71: 0 | O71: =ROUND(CP71,2) -> 35137.77 | P71: =ROUND(CQ71*I71,2) -> 12050.71 | Q71: =ROUND(CR71*I71,2) -> 563.89 | R71: =ROUND(CS71*I71,2) -> 107.75 | S71: =ROUND(CT71*I71,2) -> 22523.17 | T71: =ROUND(CU71*I71,2) -> 0 | U71: =CV71*I71 -> 410.96055 | V71: =CW71*I71 -> 1.49175 | W71: =ROUND(CX71*I71,2) -> 0 | X71: =ROUND(CY71,2) -> 21499.37 | Y71: =ROUND(CZ71,2) -> 10636.53 | AA71: 27906248 | AB71: =ROUND((AC71+AD71+AF71),2) -> 867.4 | AC71: =ROUND((ES71),2) -> 297.48 | AD71: =ROUND(((((ET71*1.25))-((EU71*1.25)))+AE71),2) -> 13.92 | AE71: =ROUND(((EU71*1.25)),2) -> 2.66 | AF71: =ROUND(((EV71*1.15)),2) -> 556 | AG71: =ROUND((AP71),2) -> 0 | AH71: =((EW71*1.15)) -> 61.985 | AI71: =((EX71*1.25)) -> 0.225 | AJ71: =(AS71) -> 0 | AK71: 792.1 | AL71: 297.48 | AM71: 11.14 | AN71: 2.13 | AO71: 483.48 | AP71: 0 | AQ71: 53.9 | AR71: 0.18 | AS71: 0 | AT71: 95 | AU71: 47 | AV71: 1 | AW71: 1 | AZ71: 6.11 | BA71: 6.11 | BB71: 6.11 | BC71: 6.11 | BH71: 0 | BI71: 1 | BJ71: ФЕР-2001, 15-04-005-04, приказ Минстроя России №1039/пр от 30.12.2016г. | BM71: 15001 | BN71: 0 | BP71: 0 | BQ71: 2 | BR71: 0 | BS71: 6.11 | BT71: 1 | BU71: 1 | BV71: 1 | BW71: 1 | BX71: 1 | BZ71: 105 | CA71: 55 | CE71: 0 | CF71: 0 | CG71: 0 | CM71: 0 | CN71: Поправка: МДС 81-35.2004, п.4.7 Наименование: Работы, выполняемые при реконструкции зданий и сооружений работы, аналогичные технологическим процессам в новом строительстве (в том числе возведение новых конструктивных элементов) стоимость которых определена по соответствующим сборникам ФЕР, кроме сборника № 46 «Работы при реконструкции зданий и сооружений» | CO71: 0 | CP71: =(P71+Q71+S71) -> 35137.77 | CQ71: =AC71*BC71 -> 1817.6028 | CR71: =AD71*BB71 -> 85.0512 | CS71: =AE71*BS71 -> 16.2526 | CT71: =AF71*BA71 -> 3397.16 | CU71: =AG71 -> 0 | CV71: =AH71 -> 61.985 | CW71: =AI71 -> 0.225 | CX71: =AJ71 -> 0 | CY71: =(((S71+R71)*AT71)/100) -> 21499.374 | CZ71: =(((S71+R71)*AU71)/100) -> 10636.532 | DE71: )*1,25 | DF71: )*1,25 | DG71: )*1,15 | DI71: )*1,15 | DJ71: )*1,25 | DN71: 0 | DO71: 0 | DP71: 1 | DQ71: 1 | DU71: 1005 | DV71: 100 м2 | DW71: 100 м2 | DX71: 100 | EE71: 27029049 | EF71: 2 | EG71: Общестроительные работы | EH71: 0 | EJ71: 1 | EK71: 15001 | EL71: Отделочные работы | EM71: ФЕР-15 | EO71: Поправка: МДС 81-35.2004, п.4.7 | EQ71: 131072 | ER71: 792.1 | ES71: 297.48 | ET71: 11.14 | EU71: 2.13 | EV71: 483.48 | EW71: 53.9 | EX71: 0.18 | EY71: 0 | FQ71: 0 | FR71: =ROUND(IF(AND(BH71=3,BI71=3),P71,0),2) -> 0 | FS71: 0 | FT71: *0,9 | FU71: *0,85 | FX71: 94.5 | FY71: 46.75 | GD71: 0 | GF71: -941053178 | GG71: 1 | GH71: 1 | GI71: 4 | GJ71: 0 | GK71: =ROUND(R71*(R12)/100,2) -> 0 | GL71: =ROUND(IF(AND(BH71=3,BI71=3,FS71<>0),P71,0),2) -> 0 | GM71: =ROUND(O71+X71+Y71+GK71,2)+GX71 -> 67273.67 | GN71: =IF(OR(BI71=0,BI71=1),ROUND(O71+X71+Y71+GK71,2),0) -> 67273.67 | GO71: =IF(BI71=2,ROUND(O71+X71+Y71+GK71,2),0) -> 0 | GP71: =IF(BI71=4,ROUND(O71+X71+Y71+GK71,2)+GX71,0) -> 0 | GR71: 0 | GS71: 3 | GT71: 0 | GV71: =ROUND((GT71),2) -> 0 | GW71: 1 | GX71: =ROUND(HC71*I71,2) -> 0 | HA71: 0 | HB71: 0 | HC71: =GV71*GW71 -> 0 | IK71: 0
A72: 18 | B72: 1 | C72: 167 | E72: 27,1 | F72: 14.3.02.01-0224 | G72: Краска водоэмульсионная для внутренних работ ВАК-25 | H72: т | I72: =I71*J72 -> 0.45747 | J72: 0.069 | O72: =ROUND(CP72,2) -> 62847.81 | P72: =ROUND(CQ72*I72,2) -> 62847.81 | Q72: =ROUND(CR72*I72,2) -> 0 | R72: =ROUND(CS72*I72,2) -> 0 | S72: =ROUND(CT72*I72,2) -> 0 | T72: =ROUND(CU72*I72,2) -> 0 | U72: =CV72*I72 -> 0 | V72: =CW72*I72 -> 0 | W72: =ROUND(CX72*I72,2) -> 0 | X72: =ROUND(CY72,2) -> 0 | Y72: =ROUND(CZ72,2) -> 0 | AA72: 27906248 | AB72: =ROUND((AC72+AD72+AF72),2) -> 22484.66 | AC72: =ROUND((ES72),2) -> 22484.66 | AD72: =ROUND((((ET72)-(EU72))+AE72),2) -> 0 | AE72: =ROUND((EU72),2) -> 0 | AF72: =ROUND((EV72),2) -> 0 | AG72: =ROUND((AP72),2) -> 0 | AH72: =(EW72) -> 0 | AI72: =(EX72) -> 0 | AJ72: =(AS72) -> 0 | AK72: 22484.66 | AL72: 22484.66 | AM72: 0 | AN72: 0 | AO72: 0 | AP72: 0 | AQ72: 0 | AR72: 0 | AS72: 0 | AT72: 95 | AU72: 47 | AV72: 1 | AW72: 1 | AZ72: 6.11 | BA72: 1 | BB72: 1 | BC72: 6.11 | BH72: 3 | BI72: 1 | BJ72: ФССЦ-2001, 14.3.02.01-0224, приказ Минстроя России №1039/пр от 30.12.2016г. | BM72: 15001 | BN72: 0 | BP72: 0 | BQ72: 2 | BR72: 0 | BS72: 1 | BT72: 1 | BU72: 1 | BV72: 1 | BW72: 1 | BX72: 1 | BZ72: 105 | CA72: 55 | CE72: 0 | CF72: 0 | CG72: 0 | CM72: 0 | CO72: 0 | CP72: =(P72+Q72+S72) -> 62847.81 | CQ72: =AC72*BC72 -> 137381.27 | CR72: =AD72*BB72 -> 0 | CS72: =AE72*BS72 -> 0 | CT72: =AF72*BA72 -> 0 | CU72: =AG72 -> 0 | CV72: =AH72 -> 0 | CW72: =AI72 -> 0 | CX72: =AJ72 -> 0 | CY72: =(((S72+R72)*AT72)/100) -> 0 | CZ72: =(((S72+R72)*AU72)/100) -> 0 | DN72: 0 | DO72: 0 | DP72: 1 | DQ72: 1 | DU72: 1009 | DV72: т | DW72: т | DX72: 1000 | EE72: 27029049 | EF72: 2 | EG72: Общестроительные работы | EH72: 0 | EJ72: 1 | EK72: 15001 | EL72: Отделочные работы | EM72: ФЕР-15 | EQ72: 0 | ER72: 22484.66 | ES72: 22484.66 | ET72: 0 | EU72: 0 | EV72: 0 | EW72: 0 | EX72: 0 | FQ72: 0 | FR72: =ROUND(IF(AND(BH72=3,BI72=3),P72,0),2) -> 0 | FS72: 0 | FT72: *0,9 | FU72: *0,85 | FX72: 94.5 | FY72: 46.75 | GD72: 0 | GF72: 960802034 | GG72: 1 | GH72: 1 | GI72: 4 | GJ72: 0 | GK72: =ROUND(R72*(R12)/100,2) -> 0 | GL72: =ROUND(IF(AND(BH72=3,BI72=3,FS72<>0),P72,0),2) -> 0 | GM72: =ROUND(O72+X72+Y72+GK72,2)+GX72 -> 62847.81 | GN72: =IF(OR(BI72=0,BI72=1),ROUND(O72+X72+Y72+GK72,2),0) -> 62847.81 | GO72: =IF(BI72=2,ROUND(O72+X72+Y72+GK72,2),0) -> 0 | GP72: =IF(BI72=4,ROUND(O72+X72+Y72+GK72,2)+GX72,0) -> 0 | GR72: 0 | GS72: 3 | GT72: 0 | GV72: =ROUND((GT72),2) -> 0 | GW72: 1 | GX72: =ROUND(HC72*I72,2) -> 0 | HA72: 0 | HB72: 0 | HC72: =GV72*GW72 -> 0 | IK72: 0
A73: 17 | B73: 1 | C73: =ROW(SmtRes!A176) -> 176 | D73: =ROW(EtalonRes!A184) -> 184 | F73: 61-1-9 | G73: Сплошное выравнивание внутренних поверхностей (однослойное оштукатуривание) из сухих растворных смесей толщиной до 10 мм для последующей окраски или для оклейки обоями стен | H73: 100 м2 | I73: =ROUND(646.06/100,9) -> 6.4606 | J73: 0 | O73: =ROUND(CP73,2) -> 12692.16 | P73: =ROUND(CQ73*I73,2) -> 49.34 | Q73: =ROUND(CR73*I73,2) -> 677.38 | R73: =ROUND(CS73*I73,2) -> 401.85 | S73: =ROUND(CT73*I73,2) -> 11965.44 | T73: =ROUND(CU73*I73,2) -> 0 | U73: =CV73*I73 -> 231.4833 | V73: =CW73*I73 -> 6.072964 | W73: =ROUND(CX73*I73,2) -> 0 | X73: =ROUND(CY73,2) -> 9770.16 | Y73: =ROUND(CZ73,2) -> 6183.65 | AA73: -1 | AB73: =ROUND((AC73+AD73+AF73),2) -> 321.53 | AC73: =ROUND((ES73),2) -> 1.25 | AD73: =ROUND((((ET73)-(EU73))+AE73),2) -> 17.16 | AE73: =ROUND((EU73),2) -> 10.18 | AF73: =ROUND((EV73),2) -> 303.12 | AG73: =ROUND((AP73),2) -> 0 | AH73: =(EW73) -> 35.83 | AI73: =(EX73) -> 0.94 | AJ73: =(AS73) -> 0 | AK73: 321.53 | AL73: 1.25 | AM73: 17.16 | AN73: 10.18 | AO73: 303.12 | AP73: 0 | AQ73: 35.83 | AR73: 0.94 | AS73: 0 | AT73: 79 | AU73: 50 | AV73: 1 | AW73: 1 | AZ73: 6.11 | BA73: 6.11 | BB73: 6.11 | BC73: 6.11 | BH73: 0 | BI73: 1 | BJ73: ФЕРр-2001, 61-1-9, приказ Минстроя России №1039/пр от 30.12.2016г. | BM73: 61001 | BN73: 0 | BP73: 0 | BQ73: 6 | BR73: 0 | BS73: 6.11 | BT73: 1 | BU73: 1 | BV73: 1 | BW73: 1 | BX73: 1 | BZ73: 79 | CA73: 50 | CE73: 0 | CF73: 0 | CG73: 0 | CM73: 0 | CO73: 0 | CP73: =(P73+Q73+S73) -> 12692.16 | CQ73: =AC73*BC73 -> 7.6375 | CR73: =AD73*BB73 -> 104.8476 | CS73: =AE73*BS73 -> 62.1998 | CT73: =AF73*BA73 -> 1852.0632 | CU73: =AG73 -> 0 | CV73: =AH73 -> 35.83 | CW73: =AI73 -> 0.94 | CX73: =AJ73 -> 0 | CY73: =(((S73+R73)*AT73)/100) -> 9770.1591 | CZ73: =(((S73+R73)*AU73)/100) -> 6183.645 | DN73: 0 | DO73: 0 | DP73: 1 | DQ73: 1 | DU73: 1005 | DV73: 100 м2 | DW73: 100 м2 | DX73: 100 | EE73: 27029106 | EF73: 6 | EG73: Ремонтно-строительные работы | EH73: 0 | EJ73: 1 | EK73: 61001 | EL73: Штукатрурные работы | EM73: рФЕР-61 | EQ73: 132096 | ER73: 321.53 | ES73: 1.25 | ET73: 17.16 | EU73: 10.18 | EV73: 303.12 | EW73: 35.83 | EX73: 0.94 | EY73: 0 | FQ73: 0 | FR73: =ROUND(IF(AND(BH73=3,BI73=3),P73,0),2) -> 0 | FS73: 0 | FX73: 79 | FY73: 50 | GD73: 0 | GF73: 237699517 | GG73: 1 | GH73: 1 | GI73: 4 | GJ73: 0 | GK73: =ROUND(R73*(R12)/100,2) -> 0 | GL73: =ROUND(IF(AND(BH73=3,BI73=3,FS73<>0),P73,0),2) -> 0 | GM73: =ROUND(O73+X73+Y73+GK73,2)+GX73 -> 28645.97 | GN73: =IF(OR(BI73=0,BI73=1),ROUND(O73+X73+Y73+GK73,2),0) -> 28645.97 | GO73: =IF(BI73=2,ROUND(O73+X73+Y73+GK73,2),0) -> 0 | GP73: =IF(BI73=4,ROUND(O73+X73+Y73+GK73,2)+GX73,0) -> 0 | GR73: 0 | GS73: 3 | GT73: 0 | GV73: =ROUND((GT73),2) -> 0 | GW73: 1 | GX73: =ROUND(HC73*I73,2) -> 0 | HA73: 0 | HB73: 0 | HC73: =GV73*GW73 -> 0 | IK73: 0
A74: 18 | B74: 1 | C74: 175 | F74: 04.3.02.12-0006 | G74: Смесь штукатурная "БИРСС 22" (марка М100) | H74: т | I74: =I73*J74 -> 5.523813 | J74: 0.855 | O74: =ROUND(CP74,2) -> 37568.02 | P74: =ROUND(CQ74*I74,2) -> 37568.02 | Q74: =ROUND(CR74*I74,2) -> 0 | R74: =ROUND(CS74*I74,2) -> 0 | S74: =ROUND(CT74*I74,2) -> 0 | T74: =ROUND(CU74*I74,2) -> 0 | U74: =CV74*I74 -> 0 | V74: =CW74*I74 -> 0 | W74: =ROUND(CX74*I74,2) -> 0 | X74: =ROUND(CY74,2) -> 0 | Y74: =ROUND(CZ74,2) -> 0 | AA74: -1 | AB74: =ROUND((AC74+AD74+AF74),2) -> 1113.11 | AC74: =ROUND((ES74),2) -> 1113.11 | AD74: =ROUND((((ET74)-(EU74))+AE74),2) -> 0 | AE74: =ROUND((EU74),2) -> 0 | AF74: =ROUND((EV74),2) -> 0 | AG74: =ROUND((AP74),2) -> 0 | AH74: =(EW74) -> 0 | AI74: =(EX74) -> 0 | AJ74: =(AS74) -> 0 | AK74: 1113.11 | AL74: 1113.11 | AM74: 0 | AN74: 0 | AO74: 0 | AP74: 0 | AQ74: 0 | AR74: 0 | AS74: 0 | AT74: 79 | AU74: 50 | AV74: 1 | AW74: 1 | AZ74: 6.11 | BA74: 1 | BB74: 1 | BC74: 6.11 | BH74: 3 | BI74: 1 | BJ74: ФССЦ-2001, 04.3.02.12-0006, приказ Минстроя России №1039/пр от 30.12.2016г. | BM74: 61001 | BN74: 0 | BP74: 0 | BQ74: 6 | BR74: 0 | BS74: 1 | BT74: 1 | BU74: 1 | BV74: 1 | BW74: 1 | BX74: 1 | BZ74: 79 | CA74: 50 | CE74: 0 | CF74: 0 | CG74: 0 | CM74: 0 | CO74: 0 | CP74: =(P74+Q74+S74) -> 37568.02 | CQ74: =AC74*BC74 -> 6801.1021 | CR74: =AD74*BB74 -> 0 | CS74: =AE74*BS74 -> 0 | CT74: =AF74*BA74 -> 0 | CU74: =AG74 -> 0 | CV74: =AH74 -> 0 | CW74: =AI74 -> 0 | CX74: =AJ74 -> 0 | CY74: =(((S74+R74)*AT74)/100) -> 0 | CZ74: =(((S74+R74)*AU74)/100) -> 0 | DN74: 0 | DO74: 0 | DP74: 1 | DQ74: 1 | DU74: 1009 | DV74: т | DW74: т | DX74: 1000 | EE74: 27029106 | EF74: 6 | EG74: Ремонтно-строительные работы | EH74: 0 | EJ74: 1 | EK74: 61001 | EL74: Штукатрурные работы | EM74: рФЕР-61 | EQ74: 1024 | ER74: 1113.11 | ES74: 1113.11 | ET74: 0 | EU74: 0 | EV74: 0 | EW74: 0 | EX74: 0 | FQ74: 0 | FR74: =ROUND(IF(AND(BH74=3,BI74=3),P74,0),2) -> 0 | FS74: 0 | FX74: 79 | FY74: 50 | GD74: 0 | GF74: -2099882780 | GG74: 1 | GH74: 1 | GI74: 4 | GJ74: 0 | GK74: =ROUND(R74*(R12)/100,2) -> 0 | GL74: =ROUND(IF(AND(BH74=3,BI74=3,FS74<>0),P74,0),2) -> 0 | GM74: =ROUND(O74+X74+Y74+GK74,2)+GX74 -> 37568.02 | GN74: =IF(OR(BI74=0,BI74=1),ROUND(O74+X74+Y74+GK74,2),0) -> 37568.02 | GO74: =IF(BI74=2,ROUND(O74+X74+Y74+GK74,2),0) -> 0 | GP74: =IF(BI74=4,ROUND(O74+X74+Y74+GK74,2)+GX74,0) -> 0 | GR74: 0 | GS74: 3 | GT74: 0 | GV74: =ROUND((GT74),2) -> 0 | GW74: 1 | GX74: =ROUND(HC74*I74,2) -> 0 | HA74: 0 | HB74: 0 | HC74: =GV74*GW74 -> 0 | IK74: 0
A75: 18 | B75: 1 | C75: 176 | F75: 14.3.01.02-0103 | G75: Грунтовка воднодисперсионная CERESIT CT 17 | H75: л | I75: =I73*J75 -> 89.365003 | J75: 13.832307 | O75: =ROUND(CP75,2) -> 4990.62 | P75: =ROUND(CQ75*I75,2) -> 4990.62 | Q75: =ROUND(CR75*I75,2) -> 0 | R75: =ROUND(CS75*I75,2) -> 0 | S75: =ROUND(CT75*I75,2) -> 0 | T75: =ROUND(CU75*I75,2) -> 0 | U75: =CV75*I75 -> 0 | V75: =CW75*I75 -> 0 | W75: =ROUND(CX75*I75,2) -> 0 | X75: =ROUND(CY75,2) -> 0 | Y75: =ROUND(CZ75,2) -> 0 | AA75: -1 | AB75: =ROUND((AC75+AD75+AF75),2) -> 9.14 | AC75: =ROUND((ES75),2) -> 9.14 | AD75: =ROUND((((ET75)-(EU75))+AE75),2) -> 0 | AE75: =ROUND((EU75),2) -> 0 | AF75: =ROUND((EV75),2) -> 0 | AG75: =ROUND((AP75),2) -> 0 | AH75: =(EW75) -> 0 | AI75: =(EX75) -> 0 | AJ75: =(AS75) -> 0 | AK75: 9.14 | AL75: 9.14 | AM75: 0 | AN75: 0 | AO75: 0 | AP75: 0 | AQ75: 0 | AR75: 0 | AS75: 0 | AT75: 79 | AU75: 50 | AV75: 1 | AW75: 1 | AZ75: 6.11 | BA75: 1 | BB75: 1 | BC75: 6.11 | BH75: 3 | BI75: 1 | BJ75: ФССЦ-2001, 14.3.01.02-0103, приказ Минстроя России №1039/пр от 30.12.2016г. | BM75: 61001 | BN75: 0 | BP75: 0 | BQ75: 6 | BR75: 0 | BS75: 1 | BT75: 1 | BU75: 1 | BV75: 1 | BW75: 1 | BX75: 1 | BZ75: 79 | CA75: 50 | CE75: 0 | CF75: 0 | CG75: 0 | CM75: 0 | CO75: 0 | CP75: =(P75+Q75+S75) -> 4990.62 | CQ75: =AC75*BC75 -> 55.8454 | CR75: =AD75*BB75 -> 0 | CS75: =AE75*BS75 -> 0 | CT75: =AF75*BA75 -> 0 | CU75: =AG75 -> 0 | CV75: =AH75 -> 0 | CW75: =AI75 -> 0 | CX75: =AJ75 -> 0 | CY75: =(((S75+R75)*AT75)/100) -> 0 | CZ75: =(((S75+R75)*AU75)/100) -> 0 | DN75: 0 | DO75: 0 | DP75: 1 | DQ75: 1 | DU75: 1002 | DV75: л | DW75: л | DX75: 1 | EE75: 27029106 | EF75: 6 | EG75: Ремонтно-строительные работы | EH75: 0 | EJ75: 1 | EK75: 61001 | EL75: Штукатрурные работы | EM75: рФЕР-61 | EQ75: 1024 | ER75: 9.14 | ES75: 9.14 | ET75: 0 | EU75: 0 | EV75: 0 | EW75: 0 | EX75: 0 | FQ75: 0 | FR75: =ROUND(IF(AND(BH75=3,BI75=3),P75,0),2) -> 0 | FS75: 0 | FX75: 79 | FY75: 50 | GD75: 0 | GF75: -972933126 | GG75: 1 | GH75: 1 | GI75: 4 | GJ75: 0 | GK75: =ROUND(R75*(R12)/100,2) -> 0 | GL75: =ROUND(IF(AND(BH75=3,BI75=3,FS75<>0),P75,0),2) -> 0 | GM75: =ROUND(O75+X75+Y75+GK75,2)+GX75 -> 4990.62 | GN75: =IF(OR(BI75=0,BI75=1),ROUND(O75+X75+Y75+GK75,2),0) -> 4990.62 | GO75: =IF(BI75=2,ROUND(O75+X75+Y75+GK75,2),0) -> 0 | GP75: =IF(BI75=4,ROUND(O75+X75+Y75+GK75,2)+GX75,0) -> 0 | GR75: 0 | GS75: 3 | GT75: 0 | GV75: =ROUND((GT75),2) -> 0 | GW75: 1 | GX75: =ROUND(HC75*I75,2) -> 0 | HA75: 0 | HB75: 0 | HC75: =GV75*GW75 -> 0 | IK75: 0
A76: 17 | B76: 1 | C76: =ROW(SmtRes!A184) -> 184 | D76: =ROW(EtalonRes!A192) -> 192 | E76: 28 | F76: 15-02-019-03 | G76: Сплошное выравнивание внутренних поверхностей (однослойное оштукатуривание) из сухих растворных смесей толщиной до 10 мм стен | H76: 100 м2 | I76: =ROUND((326.46+319.6)/100,9) -> 6.4606 | J76: 0 | O76: =ROUND(CP76,2) -> 13470.2 | P76: =ROUND(CQ76*I76,2) -> 48.95 | Q76: =ROUND(CR76*I76,2) -> 840.41 | R76: =ROUND(CS76*I76,2) -> 497.38 | S76: =ROUND(CT76*I76,2) -> 12580.84 | T76: =ROUND(CU76*I76,2) -> 0 | U76: =CV76*I76 -> 241.39063 | V76: =CW76*I76 -> 7.5104475 | W76: =ROUND(CX76*I76,2) -> 0 | X76: =ROUND(CY76,2) -> 12424.31 | Y76: =ROUND(CZ76,2) -> 6146.76 | AA76: 27906248 | AB76: =ROUND((AC76+AD76+AF76),2) -> 341.24 | AC76: =ROUND((ES76),2) -> 1.24 | AD76: =ROUND(((((ET76*1.25))-((EU76*1.25)))+AE76),2) -> 21.29 | AE76: =ROUND(((EU76*1.25)),2) -> 12.6 | AF76: =ROUND(((EV76*1.15)),2) -> 318.71 | AG76: =ROUND((AP76),2) -> 0 | AH76: =((EW76*1.15)) -> 37.3635 | AI76: =((EX76*1.25)) -> 1.1625 | AJ76: =(AS76) -> 0 | AK76: 295.41 | AL76: 1.24 | AM76: 17.03 | AN76: 10.08 | AO76: 277.14 | AP76: 0 | AQ76: 32.49 | AR76: 0.93 | AS76: 0 | AT76: 95 | AU76: 47 | AV76: 1 | AW76: 1 | AZ76: 6.11 | BA76: 6.11 | BB76: 6.11 | BC76: 6.11 | BH76: 0 | BI76: 1 | BJ76: ФЕР-2001, 15-02-019-03, приказ Минстроя России №1039/пр от 30.12.2016г. | BM76: 15001 | BN76: 0 | BP76: 0 | BQ76: 2 | BR76: 0 | BS76: 6.11 | BT76: 1 | BU76: 1 | BV76: 1 | BW76: 1 | BX76: 1 | BZ76: 105 | CA76: 55 | CE76: 0 | CF76: 0 | CG76: 0 | CM76: 0 | CN76: Поправка: МДС 81-35.2004, п.4.7 Наименование: Работы, выполняемые при реконструкции зданий и сооружений работы, аналогичные технологическим процессам в новом строительстве (в том числе возведение новых конструктивных элементов) стоимость которых определена по соответствующим сборникам ФЕР, кроме сборника № 46 «Работы при реконструкции зданий и сооружений» | CO76: 0 | CP76: =(P76+Q76+S76) -> 13470.2 | CQ76: =AC76*BC76 -> 7.5764 | CR76: =AD76*BB76 -> 130.0819 | CS76: =AE76*BS76 -> 76.986 | CT76: =AF76*BA76 -> 1947.3181 | CU76: =AG76 -> 0 | CV76: =AH76 -> 37.3635 | CW76: =AI76 -> 1.1625 | CX76: =AJ76 -> 0 | CY76: =(((S76+R76)*AT76)/100) -> 12424.309 | CZ76: =(((S76+R76)*AU76)/100) -> 6146.7634 | DE76: )*1,25 | DF76: )*1,25 | DG76: )*1,15 | DI76: )*1,15 | DJ76: )*1,25 | DN76: 0 | DO76: 0 | DP76: 1 | DQ76: 1 | DU76: 1005 | DV76: 100 м2 | DW76: 100 м2 | DX76: 100 | EE76: 27029049 | EF76: 2 | EG76: Общестроительные работы | EH76: 0 | EJ76: 1 | EK76: 15001 | EL76: Отделочные работы | EM76: ФЕР-15 | EO76: Поправка: МДС 81-35.2004, п.4.7 | EQ76: 0 | ER76: 295.41 | ES76: 1.24 | ET76: 17.03 | EU76: 10.08 | EV76: 277.14 | EW76: 32.49 | EX76: 0.93 | EY76: 0 | FQ76: 0 | FR76: =ROUND(IF(AND(BH76=3,BI76=3),P76,0),2) -> 0 | FS76: 0 | FT76: *0,9 | FU76: *0,85 | FX76: 94.5 | FY76: 46.75 | GD76: 0 | GF76: -357803777 | GG76: 1 | GH76: 1 | GI76: 4 | GJ76: 0 | GK76: =ROUND(R76*(R12)/100,2) -> 0 | GL76: =ROUND(IF(AND(BH76=3,BI76=3,FS76<>0),P76,0),2) -> 0 | GM76: =ROUND(O76+X76+Y76+GK76,2)+GX76 -> 32041.27 | GN76: =IF(OR(BI76=0,BI76=1),ROUND(O76+X76+Y76+GK76,2),0) -> 32041.27 | GO76: =IF(BI76=2,ROUND(O76+X76+Y76+GK76,2),0) -> 0 | GP76: =IF(BI76=4,ROUND(O76+X76+Y76+GK76,2)+GX76,0) -> 0 | GR76: 0 | GS76: 3 | GT76: 0 | GV76: =ROUND((GT76),2) -> 0 | GW76: 1 | GX76: =ROUND(HC76*I76,2) -> 0 | HA76: 0 | HB76: 0 | HC76: =GV76*GW76 -> 0 | IK76: 0
A77: 18 | B77: 1 | C77: 183 | E77: 28,1 | F77: 04.3.02.12-0006 | G77: Смесь штукатурная "БИРСС 22" (марка М100) | H77: т | I77: =I76*J77 -> 5.49151 | J77: 0.85 | O77: =ROUND(CP77,2) -> 37348.32 | P77: =ROUND(CQ77*I77,2) -> 37348.32 | Q77: =ROUND(CR77*I77,2) -> 0 | R77: =ROUND(CS77*I77,2) -> 0 | S77: =ROUND(CT77*I77,2) -> 0 | T77: =ROUND(CU77*I77,2) -> 0 | U77: =CV77*I77 -> 0 | V77: =CW77*I77 -> 0 | W77: =ROUND(CX77*I77,2) -> 0 | X77: =ROUND(CY77,2) -> 0 | Y77: =ROUND(CZ77,2) -> 0 | AA77: 27906248 | AB77: =ROUND((AC77+AD77+AF77),2) -> 1113.11 | AC77: =ROUND((ES77),2) -> 1113.11 | AD77: =ROUND((((ET77)-(EU77))+AE77),2) -> 0 | AE77: =ROUND((EU77),2) -> 0 | AF77: =ROUND((EV77),2) -> 0 | AG77: =ROUND((AP77),2) -> 0 | AH77: =(EW77) -> 0 | AI77: =(EX77) -> 0 | AJ77: =(AS77) -> 0 | AK77: 1113.11 | AL77: 1113.11 | AM77: 0 | AN77: 0 | AO77: 0 | AP77: 0 | AQ77: 0 | AR77: 0 | AS77: 0 | AT77: 79 | AU77: 50 | AV77: 1 | AW77: 1 | AZ77: 6.11 | BA77: 1 | BB77: 1 | BC77: 6.11 | BH77: 3 | BI77: 1 | BJ77: ФССЦ-2001, 04.3.02.12-0006, приказ Минстроя России №1039/пр от 30.12.2016г. | BM77: 61001 | BN77: 0 | BP77: 0 | BQ77: 6 | BR77: 0 | BS77: 1 | BT77: 1 | BU77: 1 | BV77: 1 | BW77: 1 | BX77: 1 | BZ77: 79 | CA77: 50 | CE77: 0 | CF77: 0 | CG77: 0 | CM77: 0 | CO77: 0 | CP77: =(P77+Q77+S77) -> 37348.32 | CQ77: =AC77*BC77 -> 6801.1021 | CR77: =AD77*BB77 -> 0 | CS77: =AE77*BS77 -> 0 | CT77: =AF77*BA77 -> 0 | CU77: =AG77 -> 0 | CV77: =AH77 -> 0 | CW77: =AI77 -> 0 | CX77: =AJ77 -> 0 | CY77: =(((S77+R77)*AT77)/100) -> 0 | CZ77: =(((S77+R77)*AU77)/100) -> 0 | DN77: 0 | DO77: 0 | DP77: 1 | DQ77: 1 | DU77: 1009 | DV77: т | DW77: т | DX77: 1000 | EE77: 27029106 | EF77: 6 | EG77: Ремонтно-строительные работы | EH77: 0 | EJ77: 1 | EK77: 61001 | EL77: Штукатрурные работы | EM77: рФЕР-61 | EQ77: 0 | ER77: 1113.11 | ES77: 1113.11 | ET77: 0 | EU77: 0 | EV77: 0 | EW77: 0 | EX77: 0 | FQ77: 0 | FR77: =ROUND(IF(AND(BH77=3,BI77=3),P77,0),2) -> 0 | FS77: 0 | FX77: 79 | FY77: 50 | GD77: 0 | GF77: -2099882780 | GG77: 1 | GH77: 1 | GI77: 4 | GJ77: 0 | GK77: =ROUND(R77*(R12)/100,2) -> 0 | GL77: =ROUND(IF(AND(BH77=3,BI77=3,FS77<>0),P77,0),2) -> 0 | GM77: =ROUND(O77+X77+Y77+GK77,2)+GX77 -> 37348.32 | GN77: =IF(OR(BI77=0,BI77=1),ROUND(O77+X77+Y77+GK77,2),0) -> 37348.32 | GO77: =IF(BI77=2,ROUND(O77+X77+Y77+GK77,2),0) -> 0 | GP77: =IF(BI77=4,ROUND(O77+X77+Y77+GK77,2)+GX77,0) -> 0 | GR77: 0 | GS77: 3 | GT77: 0 | GV77: =ROUND((GT77),2) -> 0 | GW77: 1 | GX77: =ROUND(HC77*I77,2) -> 0 | HA77: 0 | HB77: 0 | HC77: =GV77*GW77 -> 0 | IK77: 0
A78: 18 | B78: 1 | C78: 184 | E78: 28,2 | F78: 14.3.01.02-0103 | G78: Грунтовка воднодисперсионная CERESIT CT 17 | H78: л | I78: =I76*J78 -> 83.9878 | J78: 13 | O78: =ROUND(CP78,2) -> 4690.33 | P78: =ROUND(CQ78*I78,2) -> 4690.33 | Q78: =ROUND(CR78*I78,2) -> 0 | R78: =ROUND(CS78*I78,2) -> 0 | S78: =ROUND(CT78*I78,2) -> 0 | T78: =ROUND(CU78*I78,2) -> 0 | U78: =CV78*I78 -> 0 | V78: =CW78*I78 -> 0 | W78: =ROUND(CX78*I78,2) -> 0 | X78: =ROUND(CY78,2) -> 0 | Y78: =ROUND(CZ78,2) -> 0 | AA78: 27906248 | AB78: =ROUND((AC78+AD78+AF78),2) -> 9.14 | AC78: =ROUND((ES78),2) -> 9.14 | AD78: =ROUND((((ET78)-(EU78))+AE78),2) -> 0 | AE78: =ROUND((EU78),2) -> 0 | AF78: =ROUND((EV78),2) -> 0 | AG78: =ROUND((AP78),2) -> 0 | AH78: =(EW78) -> 0 | AI78: =(EX78) -> 0 | AJ78: =(AS78) -> 0 | AK78: 9.14 | AL78: 9.14 | AM78: 0 | AN78: 0 | AO78: 0 | AP78: 0 | AQ78: 0 | AR78: 0 | AS78: 0 | AT78: 79 | AU78: 50 | AV78: 1 | AW78: 1 | AZ78: 6.11 | BA78: 1 | BB78: 1 | BC78: 6.11 | BH78: 3 | BI78: 1 | BJ78: ФССЦ-2001, 14.3.01.02-0103, приказ Минстроя России №1039/пр от 30.12.2016г. | BM78: 61001 | BN78: 0 | BP78: 0 | BQ78: 6 | BR78: 0 | BS78: 1 | BT78: 1 | BU78: 1 | BV78: 1 | BW78: 1 | BX78: 1 | BZ78: 79 | CA78: 50 | CE78: 0 | CF78: 0 | CG78: 0 | CM78: 0 | CO78: 0 | CP78: =(P78+Q78+S78) -> 4690.33 | CQ78: =AC78*BC78 -> 55.8454 | CR78: =AD78*BB78 -> 0 | CS78: =AE78*BS78 -> 0 | CT78: =AF78*BA78 -> 0 | CU78: =AG78 -> 0 | CV78: =AH78 -> 0 | CW78: =AI78 -> 0 | CX78: =AJ78 -> 0 | CY78: =(((S78+R78)*AT78)/100) -> 0 | CZ78: =(((S78+R78)*AU78)/100) -> 0 | DN78: 0 | DO78: 0 | DP78: 1 | DQ78: 1 | DU78: 1002 | DV78: л | DW78: л | DX78: 1 | EE78: 27029106 | EF78: 6 | EG78: Ремонтно-строительные работы | EH78: 0 | EJ78: 1 | EK78: 61001 | EL78: Штукатрурные работы | EM78: рФЕР-61 | EQ78: 0 | ER78: 9.14 | ES78: 9.14 | ET78: 0 | EU78: 0 | EV78: 0 | EW78: 0 | EX78: 0 | FQ78: 0 | FR78: =ROUND(IF(AND(BH78=3,BI78=3),P78,0),2) -> 0 | FS78: 0 | FX78: 79 | FY78: 50 | GD78: 0 | GF78: -972933126 | GG78: 1 | GH78: 1 | GI78: 4 | GJ78: 0 | GK78: =ROUND(R78*(R12)/100,2) -> 0 | GL78: =ROUND(IF(AND(BH78=3,BI78=3,FS78<>0),P78,0),2) -> 0 | GM78: =ROUND(O78+X78+Y78+GK78,2)+GX78 -> 4690.33 | GN78: =IF(OR(BI78=0,BI78=1),ROUND(O78+X78+Y78+GK78,2),0) -> 4690.33 | GO78: =IF(BI78=2,ROUND(O78+X78+Y78+GK78,2),0) -> 0 | GP78: =IF(BI78=4,ROUND(O78+X78+Y78+GK78,2)+GX78,0) -> 0 | GR78: 0 | GS78: 3 | GT78: 0 | GV78: =ROUND((GT78),2) -> 0 | GW78: 1 | GX78: =ROUND(HC78*I78,2) -> 0 | HA78: 0 | HB78: 0 | HC78: =GV78*GW78 -> 0 | IK78: 0
A79: 17 | B79: 1 | C79: =ROW(SmtRes!A191) -> 191 | D79: =ROW(EtalonRes!A199) -> 199 | E79: 29 | F79: 15-02-019-07 | G79: Сплошное выравнивание внутренних поверхностей (однослойное оштукатуривание) из сухих растворных смесей на каждый 1 мм изменения толщины слоя добавлять или исключать к расценке 15-02-019-03 | H79: 100 м2 | I79: =ROUND(I76,9) -> 6.4606 | J79: 0 | O79: =ROUND(CP79,2) -> 25757.75 | P79: =ROUND(CQ79*I79,2) -> 94.74 | Q79: =ROUND(CR79*I79,2) -> 1657.92 | R79: =ROUND(CS79*I79,2) -> 976.99 | S79: =ROUND(CT79*I79,2) -> 24005.09 | T79: =ROUND(CU79*I79,2) -> 0 | U79: =CV79*I79 -> 460.64078 | V79: =CW79*I79 -> 14.53635 | W79: =ROUND(CX79*I79,2) -> 0 | X79: =ROUND(CY79,2) -> 23732.98 | Y79: =ROUND(CZ79,2) -> 11741.58 | AA79: 27906248 | AB79: =ROUND((AC79+AD79+AF79),2) -> 652.52 | AC79: =ROUND(((ES79*20)),2) -> 2.4 | AD79: =ROUND(((((ET79*1.25*20))-((EU79*1.25*20)))+AE79),2) -> 42 | AE79: =ROUND(((EU79*1.25*20)),2) -> 24.75 | AF79: =ROUND(((EV79*1.15*20)),2) -> 608.12 | AG79: =ROUND((AP79),2) -> 0 | AH79: =((EW79*1.15*20)) -> 71.3 | AI79: =((EX79*1.25*20)) -> 2.25 | AJ79: =(AS79) -> 0 | AK79: 28.24 | AL79: 0.12 | AM79: 1.68 | AN79: 0.99 | AO79: 26.44 | AP79: 0 | AQ79: 3.1 | AR79: 0.09 | AS79: 0 | AT79: 95 | AU79: 47 | AV79: 1 | AW79: 1 | AZ79: 6.11 | BA79: 6.11 | BB79: 6.11 | BC79: 6.11 | BH79: 0 | BI79: 1 | BJ79: ФЕР-2001, 15-02-019-07, приказ Минстроя России №886/пр от 15.06.2017 | BM79: 15001 | BN79: 0 | BP79: 0 | BQ79: 2 | BR79: 0 | BS79: 6.11 | BT79: 1 | BU79: 1 | BV79: 1 | BW79: 1 | BX79: 1 | BZ79: 105 | CA79: 55 | CE79: 0 | CF79: 0 | CG79: 0 | CM79: 0 | CN79: Поправка: МДС 81-35.2004, п.4.7 Наименование: Работы, выполняемые при реконструкции зданий и сооружений работы, аналогичные технологическим процессам в новом строительстве (в том числе возведение новых конструктивных элементов) стоимость которых определена по соответствующим сборникам ФЕР, кроме сборника № 46 «Работы при реконструкции зданий и сооружений» | CO79: 0 | CP79: =(P79+Q79+S79) -> 25757.75 | CQ79: =AC79*BC79 -> 14.664 | CR79: =AD79*BB79 -> 256.62 | CS79: =AE79*BS79 -> 151.2225 | CT79: =AF79*BA79 -> 3715.6132 | CU79: =AG79 -> 0 | CV79: =AH79 -> 71.3 | CW79: =AI79 -> 2.25 | CX79: =AJ79 -> 0 | CY79: =(((S79+R79)*AT79)/100) -> 23732.976 | CZ79: =(((S79+R79)*AU79)/100) -> 11741.578 | DD79: *20 | DE79: )*1,25*20 | DF79: )*1,25*20 | DG79: )*1,15*20 | DI79: )*1,15*20 | DJ79: )*1,25*20 | DN79: 0 | DO79: 0 | DP79: 1 | DQ79: 1 | DU79: 1005 | DV79: 100 м2 | DW79: 100 м2 | DX79: 100 | EE79: 27029049 | EF79: 2 | EG79: Общестроительные работы | EH79: 0 | EJ79: 1 | EK79: 15001 | EL79: Отделочные работы | EM79: ФЕР-15 | EO79: Поправка: МДС 81-35.2004, п.4.7 | EQ79: 0 | ER79: 28.24 | ES79: 0.12 | ET79: 1.68 | EU79: 0.99 | EV79: 26.44 | EW79: 3.1 | EX79: 0.09 | EY79: 0 | FQ79: 0 | FR79: =ROUND(IF(AND(BH79=3,BI79=3),P79,0),2) -> 0 | FS79: 0 | FT79: *0,9 | FU79: *0,85 | FX79: 94.5 | FY79: 46.75 | GD79: 0 | GF79: -1315765899 | GG79: 1 | GH79: 1 | GI79: 4 | GJ79: 0 | GK79: =ROUND(R79*(R12)/100,2) -> 0 | GL79: =ROUND(IF(AND(BH79=3,BI79=3,FS79<>0),P79,0),2) -> 0 | GM79: =ROUND(O79+X79+Y79+GK79,2)+GX79 -> 61232.31 | GN79: =IF(OR(BI79=0,BI79=1),ROUND(O79+X79+Y79+GK79,2),0) -> 61232.31 | GO79: =IF(BI79=2,ROUND(O79+X79+Y79+GK79,2),0) -> 0 | GP79: =IF(BI79=4,ROUND(O79+X79+Y79+GK79,2)+GX79,0) -> 0 | GR79: 0 | GS79: 3 | GT79: 0 | GV79: =ROUND((GT79),2) -> 0 | GW79: 1 | GX79: =ROUND(HC79*I79,2) -> 0 | HA79: 0 | HB79: 0 | HC79: =GV79*GW79 -> 0 | IK79: 0
A80: 18 | B80: 1 | C80: 191 | E80: 29,1 | F80: 04.3.02.12-0006 | G80: Смесь штукатурная "БИРСС 22" (марка М100) | H80: т | I80: =I79*J80 -> 10.98302 | J80: 1.7 | O80: =ROUND(CP80,2) -> 74696.64 | P80: =ROUND(CQ80*I80,2) -> 74696.64 | Q80: =ROUND(CR80*I80,2) -> 0 | R80: =ROUND(CS80*I80,2) -> 0 | S80: =ROUND(CT80*I80,2) -> 0 | T80: =ROUND(CU80*I80,2) -> 0 | U80: =CV80*I80 -> 0 | V80: =CW80*I80 -> 0 | W80: =ROUND(CX80*I80,2) -> 0 | X80: =ROUND(CY80,2) -> 0 | Y80: =ROUND(CZ80,2) -> 0 | AA80: 27906248 | AB80: =ROUND((AC80+AD80+AF80),2) -> 1113.11 | AC80: =ROUND((ES80),2) -> 1113.11 | AD80: =ROUND((((ET80)-(EU80))+AE80),2) -> 0 | AE80: =ROUND((EU80),2) -> 0 | AF80: =ROUND((EV80),2) -> 0 | AG80: =ROUND((AP80),2) -> 0 | AH80: =(EW80) -> 0 | AI80: =(EX80) -> 0 | AJ80: =(AS80) -> 0 | AK80: 1113.11 | AL80: 1113.11 | AM80: 0 | AN80: 0 | AO80: 0 | AP80: 0 | AQ80: 0 | AR80: 0 | AS80: 0 | AT80: 79 | AU80: 50 | AV80: 1 | AW80: 1 | AZ80: 6.11 | BA80: 1 | BB80: 1 | BC80: 6.11 | BH80: 3 | BI80: 1 | BJ80: ФССЦ-2001, 04.3.02.12-0006, приказ Минстроя России №1039/пр от 30.12.2016г. | BM80: 61001 | BN80: 0 | BP80: 0 | BQ80: 6 | BR80: 0 | BS80: 1 | BT80: 1 | BU80: 1 | BV80: 1 | BW80: 1 | BX80: 1 | BZ80: 79 | CA80: 50 | CE80: 0 | CF80: 0 | CG80: 0 | CM80: 0 | CN80: Поправка: МДС 81-35.2004, п.4.7 Наименование: Работы, выполняемые при реконструкции зданий и сооружений работы, аналогичные технологическим процессам в новом строительстве (в том числе возведение новых конструктивных элементов) стоимость которых определена по соответствующим сборникам ФЕР, кроме сборника № 46 «Работы при реконструкции зданий и сооружений» | CO80: 0 | CP80: =(P80+Q80+S80) -> 74696.64 | CQ80: =AC80*BC80 -> 6801.1021 | CR80: =AD80*BB80 -> 0 | CS80: =AE80*BS80 -> 0 | CT80: =AF80*BA80 -> 0 | CU80: =AG80 -> 0 | CV80: =AH80 -> 0 | CW80: =AI80 -> 0 | CX80: =AJ80 -> 0 | CY80: =(((S80+R80)*AT80)/100) -> 0 | CZ80: =(((S80+R80)*AU80)/100) -> 0 | DN80: 0 | DO80: 0 | DP80: 1 | DQ80: 1 | DU80: 1009 | DV80: т | DW80: т | DX80: 1000 | EE80: 27029106 | EF80: 6 | EG80: Ремонтно-строительные работы | EH80: 0 | EJ80: 1 | EK80: 61001 | EL80: Штукатрурные работы | EM80: рФЕР-61 | EO80: Поправка: МДС 81-35.2004, п.4.7 | EQ80: 0 | ER80: 1113.11 | ES80: 1113.11 | ET80: 0 | EU80: 0 | EV80: 0 | EW80: 0 | EX80: 0 | FQ80: 0 | FR80: =ROUND(IF(AND(BH80=3,BI80=3),P80,0),2) -> 0 | FS80: 0 | FX80: 79 | FY80: 50 | GD80: 0 | GF80: -2099882780 | GG80: 1 | GH80: 1 | GI80: 4 | GJ80: 0 | GK80: =ROUND(R80*(R12)/100,2) -> 0 | GL80: =ROUND(IF(AND(BH80=3,BI80=3,FS80<>0),P80,0),2) -> 0 | GM80: =ROUND(O80+X80+Y80+GK80,2)+GX80 -> 74696.64 | GN80: =IF(OR(BI80=0,BI80=1),ROUND(O80+X80+Y80+GK80,2),0) -> 74696.64 | GO80: =IF(BI80=2,ROUND(O80+X80+Y80+GK80,2),0) -> 0 | GP80: =IF(BI80=4,ROUND(O80+X80+Y80+GK80,2)+GX80,0) -> 0 | GR80: 0 | GS80: 3 | GT80: 0 | GV80: =ROUND((GT80),2) -> 0 | GW80: 1 | GX80: =ROUND(HC80*I80,2) -> 0 | HA80: 0 | HB80: 0 | HC80: =GV80*GW80 -> 0 | IK80: 0
A81: 17 | B81: 1 | C81: =ROW(SmtRes!A197) -> 197 | D81: =ROW(EtalonRes!A205) -> 205 | E81: 30 | F81: 15-04-006-03 | G81: Покрытие поверхностей грунтовкой глубокого проникновения за 1 раз стен,откосов | H81: 100 м2 | I81: =ROUND((42.53+326.46+319.6+5.88)/100,9) -> 6.9447 | J81: 0 | O81: =ROUND(CP81,2) -> 3134.04 | P81: =ROUND(CQ81*I81,2) -> 7.64 | Q81: =ROUND(CR81*I81,2) -> 51.77 | R81: =ROUND(CS81*I81,2) -> 14 | S81: =ROUND(CT81*I81,2) -> 3074.63 | T81: =ROUND(CU81*I81,2) -> 0 | U81: =CV81*I81 -> 52.310953 | V81: =CW81*I81 -> 0.1736175 | W81: =ROUND(CX81*I81,2) -> 0 | X81: =ROUND(CY81,2) -> 2934.2 | Y81: =ROUND(CZ81,2) -> 1451.66 | AA81: 27906248 | AB81: =ROUND((AC81+AD81+AF81),2) -> 73.86 | AC81: =ROUND((ES81),2) -> 0.18 | AD81: =ROUND(((((ET81*1.25))-((EU81*1.25)))+AE81),2) -> 1.22 | AE81: =ROUND(((EU81*1.25)),2) -> 0.33 | AF81: =ROUND(((EV81*1.15)),2) -> 72.46 | AG81: =ROUND((AP81),2) -> 0 | AH81: =((EW81*1.15)) -> 7.5325 | AI81: =((EX81*1.25)) -> 0.025 | AJ81: =(AS81) -> 0 | AK81: 64.16 | AL81: 0.18 | AM81: 0.97 | AN81: 0.26 | AO81: 63.01 | AP81: 0 | AQ81: 6.55 | AR81: 0.02 | AS81: 0 | AT81: 95 | AU81: 47 | AV81: 1 | AW81: 1 | AZ81: 6.11 | BA81: 6.11 | BB81: 6.11 | BC81: 6.11 | BH81: 0 | BI81: 1 | BJ81: ФЕР-2001, 15-04-006-03, приказ Минстроя России №1039/пр от 30.12.2016г. | BM81: 15001 | BN81: 0 | BP81: 0 | BQ81: 2 | BR81: 0 | BS81: 6.11 | BT81: 1 | BU81: 1 | BV81: 1 | BW81: 1 | BX81: 1 | BZ81: 105 | CA81: 55 | CE81: 0 | CF81: 0 | CG81: 0 | CM81: 0 | CN81: Поправка: МДС 81-35.2004, п.4.7 Наименование: Работы, выполняемые при реконструкции зданий и сооружений работы, аналогичные технологическим процессам в новом строительстве (в том числе возведение новых конструктивных элементов) стоимость которых определена по соответствующим сборникам ФЕР, кроме сборника № 46 «Работы при реконструкции зданий и сооружений» | CO81: 0 | CP81: =(P81+Q81+S81) -> 3134.04 | CQ81: =AC81*BC81 -> 1.0998 | CR81: =AD81*BB81 -> 7.4542 | CS81: =AE81*BS81 -> 2.0163 | CT81: =AF81*BA81 -> 442.7306 | CU81: =AG81 -> 0 | CV81: =AH81 -> 7.5325 | CW81: =AI81 -> 0.025 | CX81: =AJ81 -> 0 | CY81: =(((S81+R81)*AT81)/100) -> 2934.1985 | CZ81: =(((S81+R81)*AU81)/100) -> 1451.6561 | DE81: )*1,25 | DF81: )*1,25 | DG81: )*1,15 | DI81: )*1,15 | DJ81: )*1,25 | DN81: 0 | DO81: 0 | DP81: 1 | DQ81: 1 | DU81: 1005 | DV81: 100 м2 | DW81: 100 м2 | DX81: 100 | EE81: 27029049 | EF81: 2 | EG81: Общестроительные работы | EH81: 0 | EJ81: 1 | EK81: 15001 | EL81: Отделочные работы | EM81: ФЕР-15 | EO81: Поправка: МДС 81-35.2004, п.4.7 | EQ81: 131072 | ER81: 64.16 | ES81: 0.18 | ET81: 0.97 | EU81: 0.26 | EV81: 63.01 | EW81: 6.55 | EX81: 0.02 | EY81: 0 | FQ81: 0 | FR81: =ROUND(IF(AND(BH81=3,BI81=3),P81,0),2) -> 0 | FS81: 0 | FT81: *0,9 | FU81: *0,85 | FX81: 94.5 | FY81: 46.75 | GD81: 0 | GF81: -284579556 | GG81: 1 | GH81: 1 | GI81: 4 | GJ81: 0 | GK81: =ROUND(R81*(R12)/100,2) -> 0 | GL81: =ROUND(IF(AND(BH81=3,BI81=3,FS81<>0),P81,0),2) -> 0 | GM81: =ROUND(O81+X81+Y81+GK81,2)+GX81 -> 7519.9 | GN81: =IF(OR(BI81=0,BI81=1),ROUND(O81+X81+Y81+GK81,2),0) -> 7519.9 | GO81: =IF(BI81=2,ROUND(O81+X81+Y81+GK81,2),0) -> 0 | GP81: =IF(BI81=4,ROUND(O81+X81+Y81+GK81,2)+GX81,0) -> 0 | GR81: 0 | GS81: 3 | GT81: 0 | GV81: =ROUND((GT81),2) -> 0 | GW81: 1 | GX81: =ROUND(HC81*I81,2) -> 0 | HA81: 0 | HB81: 0 | HC81: =GV81*GW81 -> 0 | IK81: 0
A82: 18 | B82: 1 | C82: 197 | E82: 30,1 | F82: 14.3.01.02-0103 | G82: Грунтовка воднодисперсионная CERESIT CT 17 | H82: л | I82: =I81*J82 -> 90.2811 | J82: 13 | O82: =ROUND(CP82,2) -> 5041.78 | P82: =ROUND(CQ82*I82,2) -> 5041.78 | Q82: =ROUND(CR82*I82,2) -> 0 | R82: =ROUND(CS82*I82,2) -> 0 | S82: =ROUND(CT82*I82,2) -> 0 | T82: =ROUND(CU82*I82,2) -> 0 | U82: =CV82*I82 -> 0 | V82: =CW82*I82 -> 0 | W82: =ROUND(CX82*I82,2) -> 0 | X82: =ROUND(CY82,2) -> 0 | Y82: =ROUND(CZ82,2) -> 0 | AA82: 27906248 | AB82: =ROUND((AC82+AD82+AF82),2) -> 9.14 | AC82: =ROUND((ES82),2) -> 9.14 | AD82: =ROUND((((ET82)-(EU82))+AE82),2) -> 0 | AE82: =ROUND((EU82),2) -> 0 | AF82: =ROUND((EV82),2) -> 0 | AG82: =ROUND((AP82),2) -> 0 | AH82: =(EW82) -> 0 | AI82: =(EX82) -> 0 | AJ82: =(AS82) -> 0 | AK82: 9.14 | AL82: 9.14 | AM82: 0 | AN82: 0 | AO82: 0 | AP82: 0 | AQ82: 0 | AR82: 0 | AS82: 0 | AT82: 79 | AU82: 50 | AV82: 1 | AW82: 1 | AZ82: 6.11 | BA82: 1 | BB82: 1 | BC82: 6.11 | BH82: 3 | BI82: 1 | BJ82: ФССЦ-2001, 14.3.01.02-0103, приказ Минстроя России №1039/пр от 30.12.2016г. | BM82: 61001 | BN82: 0 | BP82: 0 | BQ82: 6 | BR82: 0 | BS82: 1 | BT82: 1 | BU82: 1 | BV82: 1 | BW82: 1 | BX82: 1 | BZ82: 79 | CA82: 50 | CE82: 0 | CF82: 0 | CG82: 0 | CM82: 0 | CO82: 0 | CP82: =(P82+Q82+S82) -> 5041.78 | CQ82: =AC82*BC82 -> 55.8454 | CR82: =AD82*BB82 -> 0 | CS82: =AE82*BS82 -> 0 | CT82: =AF82*BA82 -> 0 | CU82: =AG82 -> 0 | CV82: =AH82 -> 0 | CW82: =AI82 -> 0 | CX82: =AJ82 -> 0 | CY82: =(((S82+R82)*AT82)/100) -> 0 | CZ82: =(((S82+R82)*AU82)/100) -> 0 | DN82: 0 | DO82: 0 | DP82: 1 | DQ82: 1 | DU82: 1002 | DV82: л | DW82: л | DX82: 1 | EE82: 27029106 | EF82: 6 | EG82: Ремонтно-строительные работы | EH82: 0 | EJ82: 1 | EK82: 61001 | EL82: Штукатрурные работы | EM82: рФЕР-61 | EQ82: 0 | ER82: 9.14 | ES82: 9.14 | ET82: 0 | EU82: 0 | EV82: 0 | EW82: 0 | EX82: 0 | FQ82: 0 | FR82: =ROUND(IF(AND(BH82=3,BI82=3),P82,0),2) -> 0 | FS82: 0 | FX82: 79 | FY82: 50 | GD82: 0 | GF82: -972933126 | GG82: 1 | GH82: 1 | GI82: 4 | GJ82: 0 | GK82: =ROUND(R82*(R12)/100,2) -> 0 | GL82: =ROUND(IF(AND(BH82=3,BI82=3,FS82<>0),P82,0),2) -> 0 | GM82: =ROUND(O82+X82+Y82+GK82,2)+GX82 -> 5041.78 | GN82: =IF(OR(BI82=0,BI82=1),ROUND(O82+X82+Y82+GK82,2),0) -> 5041.78 | GO82: =IF(BI82=2,ROUND(O82+X82+Y82+GK82,2),0) -> 0 | GP82: =IF(BI82=4,ROUND(O82+X82+Y82+GK82,2)+GX82,0) -> 0 | GR82: 0 | GS82: 3 | GT82: 0 | GV82: =ROUND((GT82),2) -> 0 | GW82: 1 | GX82: =ROUND(HC82*I82,2) -> 0 | HA82: 0 | HB82: 0 | HC82: =GV82*GW82 -> 0 | IK82: 0
A83: 17 | B83: 1 | C83: =ROW(SmtRes!A209) -> 209 | D83: =ROW(EtalonRes!A217) -> 217 | E83: 31 | F83: 62-16-5 | G83: Окрашивание водоэмульсионными составами поверхностей стен, ранее окрашенных масляной краской с расчисткой старой краски более 35% | H83: 100 м2 | I83: =ROUND((326.46+319.6+5.88)/100,9) -> 6.5194 | J83: 0 | O83: =ROUND(CP83,2) -> 31711.48 | P83: =ROUND(CQ83*I83,2) -> 19766.2 | Q83: =ROUND(CR83*I83,2) -> 281.62 | R83: =ROUND(CS83*I83,2) -> 81.66 | S83: =ROUND(CT83*I83,2) -> 11663.66 | T83: =ROUND(CU83*I83,2) -> 0 | U83: =CV83*I83 -> 220.94247 | V83: =CW83*I83 -> 1.043104 | W83: =ROUND(CX83*I83,2) -> 0 | X83: =ROUND(CY83,2) -> 9396.26 | Y83: =ROUND(CZ83,2) -> 5872.66 | AA83: 27906248 | AB83: =ROUND((AC83+AD83+AF83),2) -> 796.1 | AC83: =ROUND((ES83),2) -> 496.22 | AD83: =ROUND((((ET83)-(EU83))+AE83),2) -> 7.07 | AE83: =ROUND((EU83),2) -> 2.05 | AF83: =ROUND((EV83),2) -> 292.81 | AG83: =ROUND((AP83),2) -> 0 | AH83: =(EW83) -> 33.89 | AI83: =(EX83) -> 0.16 | AJ83: =(AS83) -> 0 | AK83: 796.1 | AL83: 496.22 | AM83: 7.07 | AN83: 2.05 | AO83: 292.81 | AP83: 0 | AQ83: 33.89 | AR83: 0.16 | AS83: 0 | AT83: 80 | AU83: 50 | AV83: 1 | AW83: 1 | AZ83: 6.11 | BA83: 6.11 | BB83: 6.11 | BC83: 6.11 | BH83: 0 | BI83: 1 | BJ83: ФЕРр-2001, 62-16-5, приказ Минстроя России №1039/пр от 30.12.2016г. | BM83: 62001 | BN83: 0 | BP83: 0 | BQ83: 6 | BR83: 0 | BS83: 6.11 | BT83: 1 | BU83: 1 | BV83: 1 | BW83: 1 | BX83: 1 | BZ83: 80 | CA83: 50 | CE83: 0 | CF83: 0 | CG83: 0 | CM83: 0 | CO83: 0 | CP83: =(P83+Q83+S83) -> 31711.48 | CQ83: =AC83*BC83 -> 3031.9042 | CR83: =AD83*BB83 -> 43.1977 | CS83: =AE83*BS83 -> 12.5255 | CT83: =AF83*BA83 -> 1789.0691 | CU83: =AG83 -> 0 | CV83: =AH83 -> 33.89 | CW83: =AI83 -> 0.16 | CX83: =AJ83 -> 0 | CY83: =(((S83+R83)*AT83)/100) -> 9396.256 | CZ83: =(((S83+R83)*AU83)/100) -> 5872.66 | DN83: 0 | DO83: 0 | DP83: 1 | DQ83: 1 | DU83: 1005 | DV83: 100 м2 | DW83: 100 м2 | DX83: 100 | EE83: 27029107 | EF83: 6 | EG83: Ремонтно-строительные работы | EH83: 0 | EJ83: 1 | EK83: 62001 | EL83: Малярные работы | EM83: рФЕР-62 | EQ83: 0 | ER83: 796.1 | ES83: 496.22 | ET83: 7.07 | EU83: 2.05 | EV83: 292.81 | EW83: 33.89 | EX83: 0.16 | EY83: 0 | FQ83: 0 | FR83: =ROUND(IF(AND(BH83=3,BI83=3),P83,0),2) -> 0 | FS83: 0 | FX83: 80 | FY83: 50 | GD83: 0 | GF83: 1256979024 | GG83: 1 | GH83: 1 | GI83: 4 | GJ83: 0 | GK83: =ROUND(R83*(R12)/100,2) -> 0 | GL83: =ROUND(IF(AND(BH83=3,BI83=3,FS83<>0),P83,0),2) -> 0 | GM83: =ROUND(O83+X83+Y83+GK83,2)+GX83 -> 46980.4 | GN83: =IF(OR(BI83=0,BI83=1),ROUND(O83+X83+Y83+GK83,2),0) -> 46980.4 | GO83: =IF(BI83=2,ROUND(O83+X83+Y83+GK83,2),0) -> 0 | GP83: =IF(BI83=4,ROUND(O83+X83+Y83+GK83,2)+GX83,0) -> 0 | GR83: 0 | GS83: 3 | GT83: 0 | GV83: =ROUND((GT83),2) -> 0 | GW83: 1 | GX83: =ROUND(HC83*I83,2) -> 0 | HA83: 0 | HB83: 0 | HC83: =GV83*GW83 -> 0 | IK83: 0
A84: 18 | B84: 1 | C84: 208 | E84: 31,1 | F84: 14.3.02.01-0224 | G84: Краска водоэмульсионная для внутренних работ ВАК-25 | H84: т | I84: =I83*J84 -> 0.462877 | J84: 0.070999939 | O84: =ROUND(CP84,2) -> 63590.63 | P84: =ROUND(CQ84*I84,2) -> 63590.63 | Q84: =ROUND(CR84*I84,2) -> 0 | R84: =ROUND(CS84*I84,2) -> 0 | S84: =ROUND(CT84*I84,2) -> 0 | T84: =ROUND(CU84*I84,2) -> 0 | U84: =CV84*I84 -> 0 | V84: =CW84*I84 -> 0 | W84: =ROUND(CX84*I84,2) -> 0 | X84: =ROUND(CY84,2) -> 0 | Y84: =ROUND(CZ84,2) -> 0 | AA84: 27906248 | AB84: =ROUND((AC84+AD84+AF84),2) -> 22484.66 | AC84: =ROUND((ES84),2) -> 22484.66 | AD84: =ROUND((((ET84)-(EU84))+AE84),2) -> 0 | AE84: =ROUND((EU84),2) -> 0 | AF84: =ROUND((EV84),2) -> 0 | AG84: =ROUND((AP84),2) -> 0 | AH84: =(EW84) -> 0 | AI84: =(EX84) -> 0 | AJ84: =(AS84) -> 0 | AK84: 22484.66 | AL84: 22484.66 | AM84: 0 | AN84: 0 | AO84: 0 | AP84: 0 | AQ84: 0 | AR84: 0 | AS84: 0 | AT84: 95 | AU84: 47 | AV84: 1 | AW84: 1 | AZ84: 6.11 | BA84: 1 | BB84: 1 | BC84: 6.11 | BH84: 3 | BI84: 1 | BJ84: ФССЦ-2001, 14.3.02.01-0224, приказ Минстроя России №1039/пр от 30.12.2016г. | BM84: 15001 | BN84: 0 | BP84: 0 | BQ84: 2 | BR84: 0 | BS84: 1 | BT84: 1 | BU84: 1 | BV84: 1 | BW84: 1 | BX84: 1 | BZ84: 105 | CA84: 55 | CE84: 0 | CF84: 0 | CG84: 0 | CM84: 0 | CO84: 0 | CP84: =(P84+Q84+S84) -> 63590.63 | CQ84: =AC84*BC84 -> 137381.27 | CR84: =AD84*BB84 -> 0 | CS84: =AE84*BS84 -> 0 | CT84: =AF84*BA84 -> 0 | CU84: =AG84 -> 0 | CV84: =AH84 -> 0 | CW84: =AI84 -> 0 | CX84: =AJ84 -> 0 | CY84: =(((S84+R84)*AT84)/100) -> 0 | CZ84: =(((S84+R84)*AU84)/100) -> 0 | DN84: 0 | DO84: 0 | DP84: 1 | DQ84: 1 | DU84: 1009 | DV84: т | DW84: т | DX84: 1000 | EE84: 27029049 | EF84: 2 | EG84: Общестроительные работы | EH84: 0 | EJ84: 1 | EK84: 15001 | EL84: Отделочные работы | EM84: ФЕР-15 | EQ84: 0 | ER84: 22484.66 | ES84: 22484.66 | ET84: 0 | EU84: 0 | EV84: 0 | EW84: 0 | EX84: 0 | FQ84: 0 | FR84: =ROUND(IF(AND(BH84=3,BI84=3),P84,0),2) -> 0 | FS84: 0 | FT84: *0,9 | FU84: *0,85 | FX84: 94.5 | FY84: 46.75 | GD84: 0 | GF84: 960802034 | GG84: 1 | GH84: 1 | GI84: 4 | GJ84: 0 | GK84: =ROUND(R84*(R12)/100,2) -> 0 | GL84: =ROUND(IF(AND(BH84=3,BI84=3,FS84<>0),P84,0),2) -> 0 | GM84: =ROUND(O84+X84+Y84+GK84,2)+GX84 -> 63590.63 | GN84: =IF(OR(BI84=0,BI84=1),ROUND(O84+X84+Y84+GK84,2),0) -> 63590.63 | GO84: =IF(BI84=2,ROUND(O84+X84+Y84+GK84,2),0) -> 0 | GP84: =IF(BI84=4,ROUND(O84+X84+Y84+GK84,2)+GX84,0) -> 0 | GR84: 0 | GS84: 3 | GT84: 0 | GV84: =ROUND((GT84),2) -> 0 | GW84: 1 | GX84: =ROUND(HC84*I84,2) -> 0 | HA84: 0 | HB84: 0 | HC84: =GV84*GW84 -> 0 | IK84: 0
A85: 17 | B85: 1 | C85: =ROW(SmtRes!A217) -> 217 | D85: =ROW(EtalonRes!A225) -> 225 | E85: 32 | F85: 15-04-005-03 | G85: Окраска поливинилацетатными водоэмульсионными составами улучшенная по штукатурке откосов | H85: 100 м2 | I85: =ROUND((42.53)/100,9) -> 0.4253 | J85: 0 | O85: =ROUND(CP85,2) -> 1912.4 | P85: =ROUND(CQ85*I85,2) -> 728.38 | Q85: =ROUND(CR85*I85,2) -> 34.07 | R85: =ROUND(CS85*I85,2) -> 6.52 | S85: =ROUND(CT85*I85,2) -> 1149.95 | T85: =ROUND(CU85*I85,2) -> 0 | U85: =CV85*I85 -> 20.982175 | V85: =CW85*I85 -> 0.09037625 | W85: =ROUND(CX85*I85,2) -> 0 | X85: =ROUND(CY85,2) -> 1098.65 | Y85: =ROUND(CZ85,2) -> 543.54 | AA85: 27906248 | AB85: =ROUND((AC85+AD85+AF85),2) -> 735.94 | AC85: =ROUND((ES85),2) -> 280.3 | AD85: =ROUND(((((ET85*1.25))-((EU85*1.25)))+AE85),2) -> 13.11 | AE85: =ROUND(((EU85*1.25)),2) -> 2.51 | AF85: =ROUND(((EV85*1.15)),2) -> 442.53 | AG85: =ROUND((AP85),2) -> 0 | AH85: =((EW85*1.15)) -> 49.335 | AI85: =((EX85*1.25)) -> 0.2125 | AJ85: =(AS85) -> 0 | AK85: 675.6 | AL85: 280.3 | AM85: 10.49 | AN85: 2.01 | AO85: 384.81 | AP85: 0 | AQ85: 42.9 | AR85: 0.17 | AS85: 0 | AT85: 95 | AU85: 47 | AV85: 1 | AW85: 1 | AZ85: 6.11 | BA85: 6.11 | BB85: 6.11 | BC85: 6.11 | BH85: 0 | BI85: 1 | BJ85: ФЕР-2001, 15-04-005-03, приказ Минстроя России №1039/пр от 30.12.2016г. | BM85: 15001 | BN85: 0 | BP85: 0 | BQ85: 2 | BR85: 0 | BS85: 6.11 | BT85: 1 | BU85: 1 | BV85: 1 | BW85: 1 | BX85: 1 | BZ85: 105 | CA85: 55 | CE85: 0 | CF85: 0 | CG85: 0 | CM85: 0 | CN85: Поправка: МДС 81-35.2004, п.4.7 Наименование: Работы, выполняемые при реконструкции зданий и сооружений работы, аналогичные технологическим процессам в новом строительстве (в том числе возведение новых конструктивных элементов) стоимость которых определена по соответствующим сборникам ФЕР, кроме сборника № 46 «Работы при реконструкции зданий и сооружений» | CO85: 0 | CP85: =(P85+Q85+S85) -> 1912.4 | CQ85: =AC85*BC85 -> 1712.633 | CR85: =AD85*BB85 -> 80.1021 | CS85: =AE85*BS85 -> 15.3361 | CT85: =AF85*BA85 -> 2703.8583 | CU85: =AG85 -> 0 | CV85: =AH85 -> 49.335 | CW85: =AI85 -> 0.2125 | CX85: =AJ85 -> 0 | CY85: =(((S85+R85)*AT85)/100) -> 1098.6465 | CZ85: =(((S85+R85)*AU85)/100) -> 543.5409 | DE85: )*1,25 | DF85: )*1,25 | DG85: )*1,15 | DI85: )*1,15 | DJ85: )*1,25 | DN85: 0 | DO85: 0 | DP85: 1 | DQ85: 1 | DU85: 1005 | DV85: 100 м2 | DW85: 100 м2 | DX85: 100 | EE85: 27029049 | EF85: 2 | EG85: Общестроительные работы | EH85: 0 | EJ85: 1 | EK85: 15001 | EL85: Отделочные работы | EM85: ФЕР-15 | EO85: Поправка: МДС 81-35.2004, п.4.7 | EQ85: 131072 | ER85: 675.6 | ES85: 280.3 | ET85: 10.49 | EU85: 2.01 | EV85: 384.81 | EW85: 42.9 | EX85: 0.17 | EY85: 0 | FQ85: 0 | FR85: =ROUND(IF(AND(BH85=3,BI85=3),P85,0),2) -> 0 | FS85: 0 | FT85: *0,9 | FU85: *0,85 | FX85: 94.5 | FY85: 46.75 | GD85: 0 | GF85: 1944878748 | GG85: 1 | GH85: 1 | GI85: 4 | GJ85: 0 | GK85: =ROUND(R85*(R12)/100,2) -> 0 | GL85: =ROUND(IF(AND(BH85=3,BI85=3,FS85<>0),P85,0),2) -> 0 | GM85: =ROUND(O85+X85+Y85+GK85,2)+GX85 -> 3554.59 | GN85: =IF(OR(BI85=0,BI85=1),ROUND(O85+X85+Y85+GK85,2),0) -> 3554.59 | GO85: =IF(BI85=2,ROUND(O85+X85+Y85+GK85,2),0) -> 0 | GP85: =IF(BI85=4,ROUND(O85+X85+Y85+GK85,2)+GX85,0) -> 0 | GR85: 0 | GS85: 3 | GT85: 0 | GV85: =ROUND((GT85),2) -> 0 | GW85: 1 | GX85: =ROUND(HC85*I85,2) -> 0 | HA85: 0 | HB85: 0 | HC85: =GV85*GW85 -> 0 | IK85: 0
A86: 18 | B86: 1 | C86: 216 | E86: 32,1 | F86: 14.3.02.01-0224 | G86: Краска водоэмульсионная для внутренних работ ВАК-25 | H86: т | I86: =I85*J86 -> 0.026794 | J86: 0.063000235 | O86: =ROUND(CP86,2) -> 3680.99 | P86: =ROUND(CQ86*I86,2) -> 3680.99 | Q86: =ROUND(CR86*I86,2) -> 0 | R86: =ROUND(CS86*I86,2) -> 0 | S86: =ROUND(CT86*I86,2) -> 0 | T86: =ROUND(CU86*I86,2) -> 0 | U86: =CV86*I86 -> 0 | V86: =CW86*I86 -> 0 | W86: =ROUND(CX86*I86,2) -> 0 | X86: =ROUND(CY86,2) -> 0 | Y86: =ROUND(CZ86,2) -> 0 | AA86: 27906248 | AB86: =ROUND((AC86+AD86+AF86),2) -> 22484.66 | AC86: =ROUND((ES86),2) -> 22484.66 | AD86: =ROUND((((ET86)-(EU86))+AE86),2) -> 0 | AE86: =ROUND((EU86),2) -> 0 | AF86: =ROUND((EV86),2) -> 0 | AG86: =ROUND((AP86),2) -> 0 | AH86: =(EW86) -> 0 | AI86: =(EX86) -> 0 | AJ86: =(AS86) -> 0 | AK86: 22484.66 | AL86: 22484.66 | AM86: 0 | AN86: 0 | AO86: 0 | AP86: 0 | AQ86: 0 | AR86: 0 | AS86: 0 | AT86: 95 | AU86: 47 | AV86: 1 | AW86: 1 | AZ86: 6.11 | BA86: 1 | BB86: 1 | BC86: 6.11 | BH86: 3 | BI86: 1 | BJ86: ФССЦ-2001, 14.3.02.01-0224, приказ Минстроя России №1039/пр от 30.12.2016г. | BM86: 15001 | BN86: 0 | BP86: 0 | BQ86: 2 | BR86: 0 | BS86: 1 | BT86: 1 | BU86: 1 | BV86: 1 | BW86: 1 | BX86: 1 | BZ86: 105 | CA86: 55 | CE86: 0 | CF86: 0 | CG86: 0 | CM86: 0 | CO86: 0 | CP86: =(P86+Q86+S86) -> 3680.99 | CQ86: =AC86*BC86 -> 137381.27 | CR86: =AD86*BB86 -> 0 | CS86: =AE86*BS86 -> 0 | CT86: =AF86*BA86 -> 0 | CU86: =AG86 -> 0 | CV86: =AH86 -> 0 | CW86: =AI86 -> 0 | CX86: =AJ86 -> 0 | CY86: =(((S86+R86)*AT86)/100) -> 0 | CZ86: =(((S86+R86)*AU86)/100) -> 0 | DN86: 0 | DO86: 0 | DP86: 1 | DQ86: 1 | DU86: 1009 | DV86: т | DW86: т | DX86: 1000 | EE86: 27029049 | EF86: 2 | EG86: Общестроительные работы | EH86: 0 | EJ86: 1 | EK86: 15001 | EL86: Отделочные работы | EM86: ФЕР-15 | EQ86: 0 | ER86: 22484.66 | ES86: 22484.66 | ET86: 0 | EU86: 0 | EV86: 0 | EW86: 0 | EX86: 0 | FQ86: 0 | FR86: =ROUND(IF(AND(BH86=3,BI86=3),P86,0),2) -> 0 | FS86: 0 | FT86: *0,9 | FU86: *0,85 | FX86: 94.5 | FY86: 46.75 | GD86: 0 | GF86: 960802034 | GG86: 1 | GH86: 1 | GI86: 4 | GJ86: 0 | GK86: =ROUND(R86*(R12)/100,2) -> 0 | GL86: =ROUND(IF(AND(BH86=3,BI86=3,FS86<>0),P86,0),2) -> 0 | GM86: =ROUND(O86+X86+Y86+GK86,2)+GX86 -> 3680.99 | GN86: =IF(OR(BI86=0,BI86=1),ROUND(O86+X86+Y86+GK86,2),0) -> 3680.99 | GO86: =IF(BI86=2,ROUND(O86+X86+Y86+GK86,2),0) -> 0 | GP86: =IF(BI86=4,ROUND(O86+X86+Y86+GK86,2)+GX86,0) -> 0 | GR86: 0 | GS86: 3 | GT86: 0 | GV86: =ROUND((GT86),2) -> 0 | GW86: 1 | GX86: =ROUND(HC86*I86,2) -> 0 | HA86: 0 | HB86: 0 | HC86: =GV86*GW86 -> 0 | IK86: 0
A87: 17 | B87: 1 | C87: =ROW(SmtRes!A230) -> 230 | D87: =ROW(EtalonRes!A237) -> 237 | F87: 62-16-5 | G87: Окрашивание водоэмульсионными составами поверхностей стен, откосов ранее окрашенных масляной краской с расчисткой старой краски более 35% | H87: 100 м2 | I87: =ROUND(29.9/100,9) -> 0.299 | J87: 0 | O87: =ROUND(CP87,2) -> 1454.39 | P87: =ROUND(CQ87*I87,2) -> 906.54 | Q87: =ROUND(CR87*I87,2) -> 12.92 | R87: =ROUND(CS87*I87,2) -> 3.75 | S87: =ROUND(CT87*I87,2) -> 534.93 | T87: =ROUND(CU87*I87,2) -> 0 | U87: =CV87*I87 -> 10.13311 | V87: =CW87*I87 -> 0.04784 | W87: =ROUND(CX87*I87,2) -> 0 | X87: =ROUND(CY87,2) -> 430.94 | Y87: =ROUND(CZ87,2) -> 269.34 | AA87: -1 | AB87: =ROUND((AC87+AD87+AF87),2) -> 796.1 | AC87: =ROUND((ES87),2) -> 496.22 | AD87: =ROUND((((ET87)-(EU87))+AE87),2) -> 7.07 | AE87: =ROUND((EU87),2) -> 2.05 | AF87: =ROUND((EV87),2) -> 292.81 | AG87: =ROUND((AP87),2) -> 0 | AH87: =(EW87) -> 33.89 | AI87: =(EX87) -> 0.16 | AJ87: =(AS87) -> 0 | AK87: 796.1 | AL87: 496.22 | AM87: 7.07 | AN87: 2.05 | AO87: 292.81 | AP87: 0 | AQ87: 33.89 | AR87: 0.16 | AS87: 0 | AT87: 80 | AU87: 50 | AV87: 1 | AW87: 1 | AZ87: 6.11 | BA87: 6.11 | BB87: 6.11 | BC87: 6.11 | BH87: 0 | BI87: 1 | BJ87: ФЕРр-2001, 62-16-5, приказ Минстроя России №1039/пр от 30.12.2016г. | BM87: 62001 | BN87: 0 | BP87: 0 | BQ87: 6 | BR87: 0 | BS87: 6.11 | BT87: 1 | BU87: 1 | BV87: 1 | BW87: 1 | BX87: 1 | BZ87: 80 | CA87: 50 | CE87: 0 | CF87: 0 | CG87: 0 | CM87: 0 | CO87: 0 | CP87: =(P87+Q87+S87) -> 1454.39 | CQ87: =AC87*BC87 -> 3031.9042 | CR87: =AD87*BB87 -> 43.1977 | CS87: =AE87*BS87 -> 12.5255 | CT87: =AF87*BA87 -> 1789.0691 | CU87: =AG87 -> 0 | CV87: =AH87 -> 33.89 | CW87: =AI87 -> 0.16 | CX87: =AJ87 -> 0 | CY87: =(((S87+R87)*AT87)/100) -> 430.944 | CZ87: =(((S87+R87)*AU87)/100) -> 269.34 | DN87: 0 | DO87: 0 | DP87: 1 | DQ87: 1 | DU87: 1005 | DV87: 100 м2 | DW87: 100 м2 | DX87: 100 | EE87: 27029107 | EF87: 6 | EG87: Ремонтно-строительные работы | EH87: 0 | EJ87: 1 | EK87: 62001 | EL87: Малярные работы | EM87: рФЕР-62 | EQ87: 132096 | ER87: 796.1 | ES87: 496.22 | ET87: 7.07 | EU87: 2.05 | EV87: 292.81 | EW87: 33.89 | EX87: 0.16 | EY87: 0 | FQ87: 0 | FR87: =ROUND(IF(AND(BH87=3,BI87=3),P87,0),2) -> 0 | FS87: 0 | FX87: 80 | FY87: 50 | GD87: 0 | GF87: 854714365 | GG87: 1 | GH87: 1 | GI87: 4 | GJ87: 0 | GK87: =ROUND(R87*(R12)/100,2) -> 0 | GL87: =ROUND(IF(AND(BH87=3,BI87=3,FS87<>0),P87,0),2) -> 0 | GM87: =ROUND(O87+X87+Y87+GK87,2)+GX87 -> 2154.67 | GN87: =IF(OR(BI87=0,BI87=1),ROUND(O87+X87+Y87+GK87,2),0) -> 2154.67 | GO87: =IF(BI87=2,ROUND(O87+X87+Y87+GK87,2),0) -> 0 | GP87: =IF(BI87=4,ROUND(O87+X87+Y87+GK87,2)+GX87,0) -> 0 | GR87: 0 | GS87: 3 | GT87: 0 | GV87: =ROUND((GT87),2) -> 0 | GW87: 1 | GX87: =ROUND(HC87*I87,2) -> 0 | HA87: 0 | HB87: 0 | HC87: =GV87*GW87 -> 0 | IK87: 0
A88: 18 | B88: 1 | C88: 229 | F88: 14.3.02.01-0224 | G88: Краска водоэмульсионная для внутренних работ ВАК-25 | H88: т | I88: =I87*J88 -> 0.021229 | J88: 0.071 | O88: =ROUND(CP88,2) -> 2916.47 | P88: =ROUND(CQ88*I88,2) -> 2916.47 | Q88: =ROUND(CR88*I88,2) -> 0 | R88: =ROUND(CS88*I88,2) -> 0 | S88: =ROUND(CT88*I88,2) -> 0 | T88: =ROUND(CU88*I88,2) -> 0 | U88: =CV88*I88 -> 0 | V88: =CW88*I88 -> 0 | W88: =ROUND(CX88*I88,2) -> 0 | X88: =ROUND(CY88,2) -> 0 | Y88: =ROUND(CZ88,2) -> 0 | AA88: -1 | AB88: =ROUND((AC88+AD88+AF88),2) -> 22484.66 | AC88: =ROUND((ES88),2) -> 22484.66 | AD88: =ROUND((((ET88)-(EU88))+AE88),2) -> 0 | AE88: =ROUND((EU88),2) -> 0 | AF88: =ROUND((EV88),2) -> 0 | AG88: =ROUND((AP88),2) -> 0 | AH88: =(EW88) -> 0 | AI88: =(EX88) -> 0 | AJ88: =(AS88) -> 0 | AK88: 22484.66 | AL88: 22484.66 | AM88: 0 | AN88: 0 | AO88: 0 | AP88: 0 | AQ88: 0 | AR88: 0 | AS88: 0 | AT88: 95 | AU88: 47 | AV88: 1 | AW88: 1 | AZ88: 6.11 | BA88: 1 | BB88: 1 | BC88: 6.11 | BH88: 3 | BI88: 1 | BJ88: ФССЦ-2001, 14.3.02.01-0224, приказ Минстроя России №1039/пр от 30.12.2016г. | BM88: 15001 | BN88: 0 | BP88: 0 | BQ88: 2 | BR88: 0 | BS88: 1 | BT88: 1 | BU88: 1 | BV88: 1 | BW88: 1 | BX88: 1 | BZ88: 105 | CA88: 55 | CE88: 0 | CF88: 0 | CG88: 0 | CM88: 0 | CO88: 0 | CP88: =(P88+Q88+S88) -> 2916.47 | CQ88: =AC88*BC88 -> 137381.27 | CR88: =AD88*BB88 -> 0 | CS88: =AE88*BS88 -> 0 | CT88: =AF88*BA88 -> 0 | CU88: =AG88 -> 0 | CV88: =AH88 -> 0 | CW88: =AI88 -> 0 | CX88: =AJ88 -> 0 | CY88: =(((S88+R88)*AT88)/100) -> 0 | CZ88: =(((S88+R88)*AU88)/100) -> 0 | DN88: 0 | DO88: 0 | DP88: 1 | DQ88: 1 | DU88: 1009 | DV88: т | DW88: т | DX88: 1000 | EE88: 27029049 | EF88: 2 | EG88: Общестроительные работы | EH88: 0 | EJ88: 1 | EK88: 15001 | EL88: Отделочные работы | EM88: ФЕР-15 | EQ88: 1024 | ER88: 22484.66 | ES88: 22484.66 | ET88: 0 | EU88: 0 | EV88: 0 | EW88: 0 | EX88: 0 | FQ88: 0 | FR88: =ROUND(IF(AND(BH88=3,BI88=3),P88,0),2) -> 0 | FS88: 0 | FT88: *0,9 | FU88: *0,85 | FX88: 94.5 | FY88: 46.75 | GD88: 0 | GF88: 960802034 | GG88: 1 | GH88: 1 | GI88: 4 | GJ88: 0 | GK88: =ROUND(R88*(R12)/100,2) -> 0 | GL88: =ROUND(IF(AND(BH88=3,BI88=3,FS88<>0),P88,0),2) -> 0 | GM88: =ROUND(O88+X88+Y88+GK88,2)+GX88 -> 2916.47 | GN88: =IF(OR(BI88=0,BI88=1),ROUND(O88+X88+Y88+GK88,2),0) -> 2916.47 | GO88: =IF(BI88=2,ROUND(O88+X88+Y88+GK88,2),0) -> 0 | GP88: =IF(BI88=4,ROUND(O88+X88+Y88+GK88,2)+GX88,0) -> 0 | GR88: 0 | GS88: 3 | GT88: 0 | GV88: =ROUND((GT88),2) -> 0 | GW88: 1 | GX88: =ROUND(HC88*I88,2) -> 0 | HA88: 0 | HB88: 0 | HC88: =GV88*GW88 -> 0 | IK88: 0
